Workbook
Name Anios: Auxiliares!$B$3:$B$5
Name Fechas: OFFSET(Auxiliares!$F$3,0,0,COUNT(Auxiliares!$F$3:$F$33))
Name Meses: Auxiliares!$D$3:$D$14

Sheet Auxiliares
B2: AÑO | D2: MES | F2: FECHAS
B3: =B4-1 -> 2024 | D3: =PROPER(TEXT(DATE(YEAR(TODAY()),ROW(A1),1),"mmmm")) -> Enero | F3: =DATE(Plantilla!$L$2,MATCH(Plantilla!$K$2,Meses,0),1) -> 44927
B4: =YEAR(TODAY()) -> 2025 | D4: =PROPER(TEXT(DATE(YEAR(TODAY()),ROW(A2),1),"mmmm")) -> Febrero | F4: =IFERROR(IF(TEXT(F3+1,"mmmm")=Plantilla!$K$2,F3+1,""),"") -> 44928
B5: =B4+1 -> 2026 | D5: =PROPER(TEXT(DATE(YEAR(TODAY()),ROW(A3),1),"mmmm")) -> Marzo | F5: =IFERROR(IF(TEXT(F4+1,"mmmm")=Plantilla!$K$2,F4+1,""),"") -> 44929
D6: =PROPER(TEXT(DATE(YEAR(TODAY()),ROW(A4),1),"mmmm")) -> Abril | F6: =IFERROR(IF(TEXT(F5+1,"mmmm")=Plantilla!$K$2,F5+1,""),"") -> 44930
D7: =PROPER(TEXT(DATE(YEAR(TODAY()),ROW(A5),1),"mmmm")) -> Mayo | F7: =IFERROR(IF(TEXT(F6+1,"mmmm")=Plantilla!$K$2,F6+1,""),"") -> 44931
D8: =PROPER(TEXT(DATE(YEAR(TODAY()),ROW(A6),1),"mmmm")) -> Junio | F8: =IFERROR(IF(TEXT(F7+1,"mmmm")=Plantilla!$K$2,F7+1,""),"") -> 44932
D9: =PROPER(TEXT(DATE(YEAR(TODAY()),ROW(A7),1),"mmmm")) -> Julio | F9: =IFERROR(IF(TEXT(F8+1,"mmmm")=Plantilla!$K$2,F8+1,""),"") -> 44933
D10: =PROPER(TEXT(DATE(YEAR(TODAY()),ROW(A8),1),"mmmm")) -> Agosto | F10: =IFERROR(IF(TEXT(F9+1,"mmmm")=Plantilla!$K$2,F9+1,""),"") -> 44934
D11: =PROPER(TEXT(DATE(YEAR(TODAY()),ROW(A9),1),"mmmm")) -> Septiembre | F11: =IFERROR(IF(TEXT(F10+1,"mmmm")=Plantilla!$K$2,F10+1,""),"") -> 44935
D12: =PROPER(TEXT(DATE(YEAR(TODAY()),ROW(A10),1),"mmmm")) -> Octubre | F12: =IFERROR(IF(TEXT(F11+1,"mmmm")=Plantilla!$K$2,F11+1,""),"") -> 44936
D13: =PROPER(TEXT(DATE(YEAR(TODAY()),ROW(A11),1),"mmmm")) -> Noviembre | F13: =IFERROR(IF(TEXT(F12+1,"mmmm")=Plantilla!$K$2,F12+1,""),"") -> 44937
D14: =PROPER(TEXT(DATE(YEAR(TODAY()),ROW(A12),1),"mmmm")) -> Diciembre | F14: =IFERROR(IF(TEXT(F13+1,"mmmm")=Plantilla!$K$2,F13+1,""),"") -> 44938
F15: =IFERROR(IF(TEXT(F14+1,"mmmm")=Plantilla!$K$2,F14+1,""),"") -> 44939
F16: =IFERROR(IF(TEXT(F15+1,"mmmm")=Plantilla!$K$2,F15+1,""),"") -> 44940
F17: =IFERROR(IF(TEXT(F16+1,"mmmm")=Plantilla!$K$2,F16+1,""),"") -> 44941
F18: =IFERROR(IF(TEXT(F17+1,"mmmm")=Plantilla!$K$2,F17+1,""),"") -> 44942
F19: =IFERROR(IF(TEXT(F18+1,"mmmm")=Plantilla!$K$2,F18+1,""),"") -> 44943
F20: =IFERROR(IF(TEXT(F19+1,"mmmm")=Plantilla!$K$2,F19+1,""),"") -> 44944
F21: =IFERROR(IF(TEXT(F20+1,"mmmm")=Plantilla!$K$2,F20+1,""),"") -> 44945
F22: =IFERROR(IF(TEXT(F21+1,"mmmm")=Plantilla!$K$2,F21+1,""),"") -> 44946
F23: =IFERROR(IF(TEXT(F22+1,"mmmm")=Plantilla!$K$2,F22+1,""),"") -> 44947
F24: =IFERROR(IF(TEXT(F23+1,"mmmm")=Plantilla!$K$2,F23+1,""),"") -> 44948
F25: =IFERROR(IF(TEXT(F24+1,"mmmm")=Plantilla!$K$2,F24+1,""),"") -> 44949
F26: =IFERROR(IF(TEXT(F25+1,"mmmm")=Plantilla!$K$2,F25+1,""),"") -> 44950
... F33: =IFERROR(IF(TEXT(F32+1,"mmmm")=Plantilla!$K$2,F32+1,""),"") -> 44957

Sheet Colaboradores
B2: TABLA DE COLABORADORES
B4: Código | C4: Apellidos y Nombres | D4: Área | E4: Cargo | F4: Sueldo Básico
B5: 8676 | C5: Cuñat Ramírez, María | D5: Administración y Finanzas | E5: Analista Administrativo Financiero | F5: 7500
B6: 4020 | C6: Núñez Torres, Luis | D6: Administración y Finanzas | E6: Contador General | F6: 4700
B7: 4717 | C7: Vélez Pérez, Juan | D7: Administración y Finanzas | E7: Asistente Administrativo Financiero | F7: 7300
B8: 2180 | C8: Zuzunaga Fernández, José | D8: Administración y Finanzas | E8: Analista de Tesoreria y Contabilidad | F8: 9200
B9: 4761 | C9: Acosta Vega, Verónica | D9: Comercial | E9: Jefe de Compras | F9: 7600
B10: 7085 | C10: Ramírez Medina, Sergio | D10: Comercial | E10: Jefe de Ventas | F10: 7700
B11: 2338 | C11: Salazar Castillo, Martín | D11: Comercial | E11: Gerente Comercial | F11: 9700
B12: 1742 | C12: Gómez Martínez, Jesús | D12: Comunicaciones | E12: Especialista de Comunicaciones | F12: 4200
B13: 0631 | C13: Pérez González, Francisco | D13: Comunicaciones | E13: Analista de Comunicaciones | F13: 5600
B14: 7960 | C14: Fernández Gómez, Javier | D14: Direccion | E14: Director | F14: 5000
B15: 8170 | C15: González García, Rosa | D15: Operaciones | E15: Gerente de Operaciones | F15: 4800
B16: 7764 | C16: Ortiz Díaz, Jorge | D16: Operaciones | E16: Oficial de Logística | F16: 3400
... B34: 1371 | C34: Reyes Castro, Laura | D34: Tecnologías de la Información | E34: Gerente de TI | F34: 9700

Sheet Horarios
B2: TABLA DE HORARIOS Y TURNOS | K2: TIPOS DE ASISTENCIA
B4: TOLERANCIA DE ENTRADA | D4: 0.0069444444 | K4: Código | L4: Tipos de Asistencia
K5: A | L5: Asistió
K6: F | L6: Falta
B7: Código Horario | C7: Entrada | D7: Entrada refrigerio | E7: Salida refrigerio | F7: Horas de refrigerio | G7: Salida | H7: Horario | I7: Horas de trabajo
B8: ="HOR-"&TEXT(ROW(A1),"00") -> HOR-01 | C8: 0.33333333 | D8: 0.54166667 | E8: 0.58333333 | F8: =E8-D8 -> 0.041666667 | G8: 0.70833333 | H8: =TEXT(C8,"hh:mm")&" - "&TEXT(G8,"hh:mm") -> 08:00 - 17:00 | I8: =IF(Tabla_Horario[[#This Row],[Salida]]<Tabla_Horario[[#This Row],[Entrada]],Tabla_Horario[[#This Row],[Salida]]+1-Tabla_Horario[[#This Row],[Entrada]],Tabla_Horario[[#This Row],[Salida]]-Tabla_Horario[[#This Row],[Entrada]])-Tabla_Horario[[#This Row],[Horas de refrigerio]] -> 0.33333333 | K8: Código | L8: Tipos de Falta
B9: ="HOR-"&TEXT(ROW(A2),"00") -> HOR-02 | C9: 0.58333333 | D9: 0.75 | E9: 0.77083333 | F9: =E9-D9 -> 0.020833333 | G9: 0.9375 | H9: =TEXT(C9,"hh:mm")&" - "&TEXT(G9,"hh:mm") -> 14:00 - 22:30 | I9: =IF(Tabla_Horario[[#This Row],[Salida]]<Tabla_Horario[[#This Row],[Entrada]],Tabla_Horario[[#This Row],[Salida]]+1-Tabla_Horario[[#This Row],[Entrada]],Tabla_Horario[[#This Row],[Salida]]-Tabla_Horario[[#This Row],[Entrada]])-Tabla_Horario[[#This Row],[Horas de refrigerio]] -> 0.33333333 | K9: FI | L9: Falta injustificada
B10: ="HOR-"&TEXT(ROW(A3),"00") -> HOR-03 | C10: 0.25 | F10: =E10-D10 -> 0 | G10: 0.58333333 | H10: =TEXT(C10,"hh:mm")&" - "&TEXT(G10,"hh:mm") -> 06:00 - 14:00 | I10: =IF(Tabla_Horario[[#This Row],[Salida]]<Tabla_Horario[[#This Row],[Entrada]],Tabla_Horario[[#This Row],[Salida]]+1-Tabla_Horario[[#This Row],[Entrada]],Tabla_Horario[[#This Row],[Salida]]-Tabla_Horario[[#This Row],[Entrada]])-Tabla_Horario[[#This Row],[Horas de refrigerio]] -> 0.33333333 | K10: FJ | L10: Falta justificada
B11: ="HOR-"&TEXT(ROW(A4),"00") -> HOR-04 | C11: 0.58333333 | F11: =E11-D11 -> 0 | G11: 0.91666667 | H11: =TEXT(C11,"hh:mm")&" - "&TEXT(G11,"hh:mm") -> 14:00 - 22:00 | I11: =IF(Tabla_Horario[[#This Row],[Salida]]<Tabla_Horario[[#This Row],[Entrada]],Tabla_Horario[[#This Row],[Salida]]+1-Tabla_Horario[[#This Row],[Entrada]],Tabla_Horario[[#This Row],[Salida]]-Tabla_Horario[[#This Row],[Entrada]])-Tabla_Horario[[#This Row],[Horas de refrigerio]] -> 0.33333333 | K11: FM | L11: Descanso Médico
B12: ="HOR-"&TEXT(ROW(A5),"00") -> HOR-05 | C12: 0.91666667 | F12: =E12-D12 -> 0 | G12: 0.25 | H12: =TEXT(C12,"hh:mm")&" - "&TEXT(G12,"hh:mm") -> 22:00 - 06:00 | I12: =IF(Tabla_Horario[[#This Row],[Salida]]<Tabla_Horario[[#This Row],[Entrada]],Tabla_Horario[[#This Row],[Salida]]+1-Tabla_Horario[[#This Row],[Entrada]],Tabla_Horario[[#This Row],[Salida]]-Tabla_Horario[[#This Row],[Entrada]])-Tabla_Horario[[#This Row],[Horas de refrigerio]] -> 0.33333333 | K12: FV | L12: Vacaciones
B13: ="HOR-"&TEXT(ROW(A6),"00") -> HOR-06 | C13: 0.29166667 | D13: 0.5 | E13: 0.54166667 | F13: =E13-D13 -> 0.041666667 | G13: 0.66666667 | H13: =TEXT(C13,"hh:mm")&" - "&TEXT(G13,"hh:mm") -> 07:00 - 16:00 | I13: =IF(Tabla_Horario[[#This Row],[Salida]]<Tabla_Horario[[#This Row],[Entrada]],Tabla_Horario[[#This Row],[Salida]]+1-Tabla_Horario[[#This Row],[Entrada]],Tabla_Horario[[#This Row],[Salida]]-Tabla_Horario[[#This Row],[Entrada]])-Tabla_Horario[[#This Row],[Horas de refrigerio]] -> 0.33333333 | K13: FC | L13: Cita Médica
B14: ="HOR-"&TEXT(ROW(A7),"00") -> HOR-07 | C14: =C13-1/24 -> 0.25 | D14: 0.5 | E14: 0.54166667 | F14: =E14-D14 -> 0.041666667 | G14: 0.625 | H14: =TEXT(C14,"hh:mm")&" - "&TEXT(G14,"hh:mm") -> 06:00 - 15:00 | I14: =IF(Tabla_Horario[[#This Row],[Salida]]<Tabla_Horario[[#This Row],[Entrada]],Tabla_Horario[[#This Row],[Salida]]+1-Tabla_Horario[[#This Row],[Entrada]],Tabla_Horario[[#This Row],[Salida]]-Tabla_Horario[[#This Row],[Entrada]])-Tabla_Horario[[#This Row],[Horas de refrigerio]] -> 0.33333333 | K14: FD | L14: Duelo
B15: ="HOR-"&TEXT(ROW(A8),"00") -> HOR-08 | F15: =E15-D15 -> 0 | H15: =TEXT(C15,"hh:mm")&" - "&TEXT(G15,"hh:mm") -> 00:00 - 00:00 | I15: =IF(Tabla_Horario[[#This Row],[Salida]]<Tabla_Horario[[#This Row],[Entrada]],Tabla_Horario[[#This Row],[Salida]]+1-Tabla_Horario[[#This Row],[Entrada]],Tabla_Horario[[#This Row],[Salida]]-Tabla_Horario[[#This Row],[Entrada]])-Tabla_Horario[[#This Row],[Horas de refrigerio]] -> 0 | K15: FE | L15: No marcó entrada
B16: ="HOR-"&TEXT(ROW(A9),"00") -> HOR-09 | F16: =E16-D16 -> 0 | H16: =TEXT(C16,"hh:mm")&" - "&TEXT(G16,"hh:mm") -> 00:00 - 00:00 | I16: =IF(Tabla_Horario[[#This Row],[Salida]]<Tabla_Horario[[#This Row],[Entrada]],Tabla_Horario[[#This Row],[Salida]]+1-Tabla_Horario[[#This Row],[Entrada]],Tabla_Horario[[#This Row],[Salida]]-Tabla_Horario[[#This Row],[Entrada]])-Tabla_Horario[[#This Row],[Horas de refrigerio]] -> 0 | K16: FS | L16: No marcó salida
B20: TABLA DE DESCUENTOS POR TARDANZA INJUSTIFICADA | K20: TIPOS DE PUNTUALIDAD
B22: Tarde de | C22: Tarde a | D22: Descuento | F22: Observaciones | K22: Código | L22: Tipo de Puntualidad
B23: 1.1574074e-05 | C23: 0.0034722222 | D23: 1 | E23: 1.- | F23: Se considera tarde después del tiempo de tolerancia. | K23: P | L23: Puntual
B24: =C23+1/24/60 -> 0.0041666667 | C24: 0.0069444444 | D24: 3 | E24: 2.- | F24: El descuento es por cada día que se llega tarde. | K24: T | L24: Tardanza
B25: =C24+1/24/60 -> 0.0076388889 | C25: 0.010416667 | D25: 5 | E25: 3.- | F25: El descuento se aplica para tardanzas injustificadas (TI)
B26: =C25+1/24/60 -> 0.011111111 | C26: a más | D26: 10 | E26: 4.- | F26: Colocar la moneda según corresponda | K26: Código | L26: Tipo de Tardanza
E27: 5.- | F27: No marcar entrada o salida se considera como falta y | K27: TI | L27: Tardanza injustificada
F28: se descuenta según tabla de descuentos. | K28: TJ | L28: Tardanza justificada
B31: CÁLCULO DE HORAS EXTRAS
B33: Desde (h) | C33: Hasta (h) | D33: % de pago | F33: Observaciones
B34: 0 | C34: 2 | D34: 0 | E34: 1.- | F34: Las horas extras se calculan en base al pago diario.
B35: 2 | C35: 3 | D35: 0.25 | E35: 2.- | F35: Los valores de la tabla se pueden modificar según ley de
B36: 3 | C36: más | D36: 0.35 | F36: cada país.

Sheet Resumen Asist Diario
B2: RESUMEN DIARIO DE ASISTENCIA Y PUNTUALIDAD
B4: FECHA | C4: NRO | D4: A | E4: F | F4: FI | G4: FJ | H4: FM | I4: FV | J4: FC | K4: FD | L4: FE | M4: FS | N4: P | O4: T | P4: TI | Q4: TJ
B5: =Auxiliares!F3 -> 44927 | C5: =IFERROR(D5+E5,"") | D5: {=IFERROR(INDIRECT(ADDRESS(4,COLUMN(N$1),4,1,TEXT($B5,"dd-mm-yy"))),"")} | E5: {=IFERROR(INDIRECT(ADDRESS(4,COLUMN(O$1),4,1,TEXT($B5,"dd-mm-yy"))),"")} | F5: {=IFERROR(INDIRECT(ADDRESS(4,COLUMN(P$1),4,1,TEXT($B5,"dd-mm-yy"))),"")} | G5: {=IFERROR(INDIRECT(ADDRESS(4,COLUMN(Q$1),4,1,TEXT($B5,"dd-mm-yy"))),"")} | H5: {=IFERROR(INDIRECT(ADDRESS(4,COLUMN(R$1),4,1,TEXT($B5,"dd-mm-yy"))),"")} | I5: {=IFERROR(INDIRECT(ADDRESS(4,COLUMN(S$1),4,1,TEXT($B5,"dd-mm-yy"))),"")} | J5: {=IFERROR(INDIRECT(ADDRESS(4,COLUMN(T$1),4,1,TEXT($B5,"dd-mm-yy"))),"")} | K5: {=IFERROR(INDIRECT(ADDRESS(4,COLUMN(U$1),4,1,TEXT($B5,"dd-mm-yy"))),"")} | ... Q5: {=IFERROR(INDIRECT(ADDRESS(4,COLUMN(AA$1),4,1,TEXT($B5,"dd-mm-yy"))),"")}
B6: =Auxiliares!F4 -> 44928 | C6: =IFERROR(D6+E6,"") | D6: {=IFERROR(INDIRECT(ADDRESS(4,COLUMN(N$1),4,1,TEXT($B6,"dd-mm-yy"))),"")} | E6: {=IFERROR(INDIRECT(ADDRESS(4,COLUMN(O$1),4,1,TEXT($B6,"dd-mm-yy"))),"")} | F6: {=IFERROR(INDIRECT(ADDRESS(4,COLUMN(P$1),4,1,TEXT($B6,"dd-mm-yy"))),"")} | G6: {=IFERROR(INDIRECT(ADDRESS(4,COLUMN(Q$1),4,1,TEXT($B6,"dd-mm-yy"))),"")} | H6: {=IFERROR(INDIRECT(ADDRESS(4,COLUMN(R$1),4,1,TEXT($B6,"dd-mm-yy"))),"")} | I6: {=IFERROR(INDIRECT(ADDRESS(4,COLUMN(S$1),4,1,TEXT($B6,"dd-mm-yy"))),"")} | J6: {=IFERROR(INDIRECT(ADDRESS(4,COLUMN(T$1),4,1,TEXT($B6,"dd-mm-yy"))),"")} | K6: {=IFERROR(INDIRECT(ADDRESS(4,COLUMN(U$1),4,1,TEXT($B6,"dd-mm-yy"))),"")} | ... Q6: {=IFERROR(INDIRECT(ADDRESS(4,COLUMN(AA$1),4,1,TEXT($B6,"dd-mm-yy"))),"")}
B7: =Auxiliares!F5 -> 44929 | C7: =IFERROR(D7+E7,"") | D7: {=IFERROR(INDIRECT(ADDRESS(4,COLUMN(N$1),4,1,TEXT($B7,"dd-mm-yy"))),"")} | E7: {=IFERROR(INDIRECT(ADDRESS(4,COLUMN(O$1),4,1,TEXT($B7,"dd-mm-yy"))),"")} | F7: {=IFERROR(INDIRECT(ADDRESS(4,COLUMN(P$1),4,1,TEXT($B7,"dd-mm-yy"))),"")} | G7: {=IFERROR(INDIRECT(ADDRESS(4,COLUMN(Q$1),4,1,TEXT($B7,"dd-mm-yy"))),"")} | H7: {=IFERROR(INDIRECT(ADDRESS(4,COLUMN(R$1),4,1,TEXT($B7,"dd-mm-yy"))),"")} | I7: {=IFERROR(INDIRECT(ADDRESS(4,COLUMN(S$1),4,1,TEXT($B7,"dd-mm-yy"))),"")} | J7: {=IFERROR(INDIRECT(ADDRESS(4,COLUMN(T$1),4,1,TEXT($B7,"dd-mm-yy"))),"")} | K7: {=IFERROR(INDIRECT(ADDRESS(4,COLUMN(U$1),4,1,TEXT($B7,"dd-mm-yy"))),"")} | ... Q7: {=IFERROR(INDIRECT(ADDRESS(4,COLUMN(AA$1),4,1,TEXT($B7,"dd-mm-yy"))),"")}
B8: =Auxiliares!F6 -> 44930 | C8: =IFERROR(D8+E8,"") | D8: {=IFERROR(INDIRECT(ADDRESS(4,COLUMN(N$1),4,1,TEXT($B8,"dd-mm-yy"))),"")} | E8: {=IFERROR(INDIRECT(ADDRESS(4,COLUMN(O$1),4,1,TEXT($B8,"dd-mm-yy"))),"")} | F8: {=IFERROR(INDIRECT(ADDRESS(4,COLUMN(P$1),4,1,TEXT($B8,"dd-mm-yy"))),"")} | G8: {=IFERROR(INDIRECT(ADDRESS(4,COLUMN(Q$1),4,1,TEXT($B8,"dd-mm-yy"))),"")} | H8: {=IFERROR(INDIRECT(ADDRESS(4,COLUMN(R$1),4,1,TEXT($B8,"dd-mm-yy"))),"")} | I8: {=IFERROR(INDIRECT(ADDRESS(4,COLUMN(S$1),4,1,TEXT($B8,"dd-mm-yy"))),"")} | J8: {=IFERROR(INDIRECT(ADDRESS(4,COLUMN(T$1),4,1,TEXT($B8,"dd-mm-yy"))),"")} | K8: {=IFERROR(INDIRECT(ADDRESS(4,COLUMN(U$1),4,1,TEXT($B8,"dd-mm-yy"))),"")} | ... Q8: {=IFERROR(INDIRECT(ADDRESS(4,COLUMN(AA$1),4,1,TEXT($B8,"dd-mm-yy"))),"")}
B9: =Auxiliares!F7 -> 44931 | C9: =IFERROR(D9+E9,"") | D9: {=IFERROR(INDIRECT(ADDRESS(4,COLUMN(N$1),4,1,TEXT($B9,"dd-mm-yy"))),"")} | E9: {=IFERROR(INDIRECT(ADDRESS(4,COLUMN(O$1),4,1,TEXT($B9,"dd-mm-yy"))),"")} | F9: {=IFERROR(INDIRECT(ADDRESS(4,COLUMN(P$1),4,1,TEXT($B9,"dd-mm-yy"))),"")} | G9: {=IFERROR(INDIRECT(ADDRESS(4,COLUMN(Q$1),4,1,TEXT($B9,"dd-mm-yy"))),"")} | H9: {=IFERROR(INDIRECT(ADDRESS(4,COLUMN(R$1),4,1,TEXT($B9,"dd-mm-yy"))),"")} | I9: {=IFERROR(INDIRECT(ADDRESS(4,COLUMN(S$1),4,1,TEXT($B9,"dd-mm-yy"))),"")} | J9: {=IFERROR(INDIRECT(ADDRESS(4,COLUMN(T$1),4,1,TEXT($B9,"dd-mm-yy"))),"")} | K9: {=IFERROR(INDIRECT(ADDRESS(4,COLUMN(U$1),4,1,TEXT($B9,"dd-mm-yy"))),"")} | ... Q9: {=IFERROR(INDIRECT(ADDRESS(4,COLUMN(AA$1),4,1,TEXT($B9,"dd-mm-yy"))),"")}
B10: =Auxiliares!F8 -> 44932 | C10: =IFERROR(D10+E10,"") | D10: {=IFERROR(INDIRECT(ADDRESS(4,COLUMN(N$1),4,1,TEXT($B10,"dd-mm-yy"))),"")} | E10: {=IFERROR(INDIRECT(ADDRESS(4,COLUMN(O$1),4,1,TEXT($B10,"dd-mm-yy"))),"")} | F10: {=IFERROR(INDIRECT(ADDRESS(4,COLUMN(P$1),4,1,TEXT($B10,"dd-mm-yy"))),"")} | G10: {=IFERROR(INDIRECT(ADDRESS(4,COLUMN(Q$1),4,1,TEXT($B10,"dd-mm-yy"))),"")} | H10: {=IFERROR(INDIRECT(ADDRESS(4,COLUMN(R$1),4,1,TEXT($B10,"dd-mm-yy"))),"")} | I10: {=IFERROR(INDIRECT(ADDRESS(4,COLUMN(S$1),4,1,TEXT($B10,"dd-mm-yy"))),"")} | J10: {=IFERROR(INDIRECT(ADDRESS(4,COLUMN(T$1),4,1,TEXT($B10,"dd-mm-yy"))),"")} | K10: {=IFERROR(INDIRECT(ADDRESS(4,COLUMN(U$1),4,1,TEXT($B10,"dd-mm-yy"))),"")} | ... Q10: {=IFERROR(INDIRECT(ADDRESS(4,COLUMN(AA$1),4,1,TEXT($B10,"dd-mm-yy"))),"")}
B11: =Auxiliares!F9 -> 44933 | C11: =IFERROR(D11+E11,"") | D11: {=IFERROR(INDIRECT(ADDRESS(4,COLUMN(N$1),4,1,TEXT($B11,"dd-mm-yy"))),"")} | E11: {=IFERROR(INDIRECT(ADDRESS(4,COLUMN(O$1),4,1,TEXT($B11,"dd-mm-yy"))),"")} | F11: {=IFERROR(INDIRECT(ADDRESS(4,COLUMN(P$1),4,1,TEXT($B11,"dd-mm-yy"))),"")} | G11: {=IFERROR(INDIRECT(ADDRESS(4,COLUMN(Q$1),4,1,TEXT($B11,"dd-mm-yy"))),"")} | H11: {=IFERROR(INDIRECT(ADDRESS(4,COLUMN(R$1),4,1,TEXT($B11,"dd-mm-yy"))),"")} | I11: {=IFERROR(INDIRECT(ADDRESS(4,COLUMN(S$1),4,1,TEXT($B11,"dd-mm-yy"))),"")} | J11: {=IFERROR(INDIRECT(ADDRESS(4,COLUMN(T$1),4,1,TEXT($B11,"dd-mm-yy"))),"")} | K11: {=IFERROR(INDIRECT(ADDRESS(4,COLUMN(U$1),4,1,TEXT($B11,"dd-mm-yy"))),"")} | ... Q11: {=IFERROR(INDIRECT(ADDRESS(4,COLUMN(AA$1),4,1,TEXT($B11,"dd-mm-yy"))),"")}
B12: =Auxiliares!F10 -> 44934 | C12: =IFERROR(D12+E12,"") | D12: {=IFERROR(INDIRECT(ADDRESS(4,COLUMN(N$1),4,1,TEXT($B12,"dd-mm-yy"))),"")} | E12: {=IFERROR(INDIRECT(ADDRESS(4,COLUMN(O$1),4,1,TEXT($B12,"dd-mm-yy"))),"")} | F12: {=IFERROR(INDIRECT(ADDRESS(4,COLUMN(P$1),4,1,TEXT($B12,"dd-mm-yy"))),"")} | G12: {=IFERROR(INDIRECT(ADDRESS(4,COLUMN(Q$1),4,1,TEXT($B12,"dd-mm-yy"))),"")} | H12: {=IFERROR(INDIRECT(ADDRESS(4,COLUMN(R$1),4,1,TEXT($B12,"dd-mm-yy"))),"")} | I12: {=IFERROR(INDIRECT(ADDRESS(4,COLUMN(S$1),4,1,TEXT($B12,"dd-mm-yy"))),"")} | J12: {=IFERROR(INDIRECT(ADDRESS(4,COLUMN(T$1),4,1,TEXT($B12,"dd-mm-yy"))),"")} | K12: {=IFERROR(INDIRECT(ADDRESS(4,COLUMN(U$1),4,1,TEXT($B12,"dd-mm-yy"))),"")} | ... Q12: {=IFERROR(INDIRECT(ADDRESS(4,COLUMN(AA$1),4,1,TEXT($B12,"dd-mm-yy"))),"")}
B13: =Auxiliares!F11 -> 44935 | C13: =IFERROR(D13+E13,"") | D13: {=IFERROR(INDIRECT(ADDRESS(4,COLUMN(N$1),4,1,TEXT($B13,"dd-mm-yy"))),"")} | E13: {=IFERROR(INDIRECT(ADDRESS(4,COLUMN(O$1),4,1,TEXT($B13,"dd-mm-yy"))),"")} | F13: {=IFERROR(INDIRECT(ADDRESS(4,COLUMN(P$1),4,1,TEXT($B13,"dd-mm-yy"))),"")} | G13: {=IFERROR(INDIRECT(ADDRESS(4,COLUMN(Q$1),4,1,TEXT($B13,"dd-mm-yy"))),"")} | H13: {=IFERROR(INDIRECT(ADDRESS(4,COLUMN(R$1),4,1,TEXT($B13,"dd-mm-yy"))),"")} | I13: {=IFERROR(INDIRECT(ADDRESS(4,COLUMN(S$1),4,1,TEXT($B13,"dd-mm-yy"))),"")} | J13: {=IFERROR(INDIRECT(ADDRESS(4,COLUMN(T$1),4,1,TEXT($B13,"dd-mm-yy"))),"")} | K13: {=IFERROR(INDIRECT(ADDRESS(4,COLUMN(U$1),4,1,TEXT($B13,"dd-mm-yy"))),"")} | ... Q13: {=IFERROR(INDIRECT(ADDRESS(4,COLUMN(AA$1),4,1,TEXT($B13,"dd-mm-yy"))),"")}
B14: =Auxiliares!F12 -> 44936 | C14: =IFERROR(D14+E14,"") | D14: {=IFERROR(INDIRECT(ADDRESS(4,COLUMN(N$1),4,1,TEXT($B14,"dd-mm-yy"))),"")} | E14: {=IFERROR(INDIRECT(ADDRESS(4,COLUMN(O$1),4,1,TEXT($B14,"dd-mm-yy"))),"")} | F14: {=IFERROR(INDIRECT(ADDRESS(4,COLUMN(P$1),4,1,TEXT($B14,"dd-mm-yy"))),"")} | G14: {=IFERROR(INDIRECT(ADDRESS(4,COLUMN(Q$1),4,1,TEXT($B14,"dd-mm-yy"))),"")} | H14: {=IFERROR(INDIRECT(ADDRESS(4,COLUMN(R$1),4,1,TEXT($B14,"dd-mm-yy"))),"")} | I14: {=IFERROR(INDIRECT(ADDRESS(4,COLUMN(S$1),4,1,TEXT($B14,"dd-mm-yy"))),"")} | J14: {=IFERROR(INDIRECT(ADDRESS(4,COLUMN(T$1),4,1,TEXT($B14,"dd-mm-yy"))),"")} | K14: {=IFERROR(INDIRECT(ADDRESS(4,COLUMN(U$1),4,1,TEXT($B14,"dd-mm-yy"))),"")} | ... Q14: {=IFERROR(INDIRECT(ADDRESS(4,COLUMN(AA$1),4,1,TEXT($B14,"dd-mm-yy"))),"")}
B15: =Auxiliares!F13 -> 44937 | C15: =IFERROR(D15+E15,"") | D15: {=IFERROR(INDIRECT(ADDRESS(4,COLUMN(N$1),4,1,TEXT($B15,"dd-mm-yy"))),"")} | E15: {=IFERROR(INDIRECT(ADDRESS(4,COLUMN(O$1),4,1,TEXT($B15,"dd-mm-yy"))),"")} | F15: {=IFERROR(INDIRECT(ADDRESS(4,COLUMN(P$1),4,1,TEXT($B15,"dd-mm-yy"))),"")} | G15: {=IFERROR(INDIRECT(ADDRESS(4,COLUMN(Q$1),4,1,TEXT($B15,"dd-mm-yy"))),"")} | H15: {=IFERROR(INDIRECT(ADDRESS(4,COLUMN(R$1),4,1,TEXT($B15,"dd-mm-yy"))),"")} | I15: {=IFERROR(INDIRECT(ADDRESS(4,COLUMN(S$1),4,1,TEXT($B15,"dd-mm-yy"))),"")} | J15: {=IFERROR(INDIRECT(ADDRESS(4,COLUMN(T$1),4,1,TEXT($B15,"dd-mm-yy"))),"")} | K15: {=IFERROR(INDIRECT(ADDRESS(4,COLUMN(U$1),4,1,TEXT($B15,"dd-mm-yy"))),"")} | ... Q15: {=IFERROR(INDIRECT(ADDRESS(4,COLUMN(AA$1),4,1,TEXT($B15,"dd-mm-yy"))),"")}
B16: =Auxiliares!F14 -> 44938 | C16: =IFERROR(D16+E16,"") | D16: {=IFERROR(INDIRECT(ADDRESS(4,COLUMN(N$1),4,1,TEXT($B16,"dd-mm-yy"))),"")} | E16: {=IFERROR(INDIRECT(ADDRESS(4,COLUMN(O$1),4,1,TEXT($B16,"dd-mm-yy"))),"")} | F16: {=IFERROR(INDIRECT(ADDRESS(4,COLUMN(P$1),4,1,TEXT($B16,"dd-mm-yy"))),"")} | G16: {=IFERROR(INDIRECT(ADDRESS(4,COLUMN(Q$1),4,1,TEXT($B16,"dd-mm-yy"))),"")} | H16: {=IFERROR(INDIRECT(ADDRESS(4,COLUMN(R$1),4,1,TEXT($B16,"dd-mm-yy"))),"")} | I16: {=IFERROR(INDIRECT(ADDRESS(4,COLUMN(S$1),4,1,TEXT($B16,"dd-mm-yy"))),"")} | J16: {=IFERROR(INDIRECT(ADDRESS(4,COLUMN(T$1),4,1,TEXT($B16,"dd-mm-yy"))),"")} | K16: {=IFERROR(INDIRECT(ADDRESS(4,COLUMN(U$1),4,1,TEXT($B16,"dd-mm-yy"))),"")} | ... Q16: {=IFERROR(INDIRECT(ADDRESS(4,COLUMN(AA$1),4,1,TEXT($B16,"dd-mm-yy"))),"")}
... B35: =Auxiliares!F33 -> 44957 | C35: =IFERROR(D35+E35,"") | D35: {=IFERROR(INDIRECT(ADDRESS(4,COLUMN(N$1),4,1,TEXT($B35,"dd-mm-yy"))),"")} | E35: {=IFERROR(INDIRECT(ADDRESS(4,COLUMN(O$1),4,1,TEXT($B35,"dd-mm-yy"))),"")} | F35: {=IFERROR(INDIRECT(ADDRESS(4,COLUMN(P$1),4,1,TEXT($B35,"dd-mm-yy"))),"")} | G35: {=IFERROR(INDIRECT(ADDRESS(4,COLUMN(Q$1),4,1,TEXT($B35,"dd-mm-yy"))),"")} | H35: {=IFERROR(INDIRECT(ADDRESS(4,COLUMN(R$1),4,1,TEXT($B35,"dd-mm-yy"))),"")} | I35: {=IFERROR(INDIRECT(ADDRESS(4,COLUMN(S$1),4,1,TEXT($B35,"dd-mm-yy"))),"")} | J35: {=IFERROR(INDIRECT(ADDRESS(4,COLUMN(T$1),4,1,TEXT($B35,"dd-mm-yy"))),"")} | K35: {=IFERROR(INDIRECT(ADDRESS(4,COLUMN(U$1),4,1,TEXT($B35,"dd-mm-yy"))),"")} | ... Q35: {=IFERROR(INDIRECT(ADDRESS(4,COLUMN(AA$1),4,1,TEXT($B35,"dd-mm-yy"))),"")}

Sheet Resumen Asist Colab
B2: RESUMEN DE ASISTENCIA Y PUNTUALIDAD
C4: DÍAS LABORABLES DEL MES | D4: =NETWORKDAYS(Auxiliares!F3,EOMONTH(Auxiliares!F3,0)) -> 22 | T4: A | U4: F | V4: FI | W4: FJ | X4: FM | Y4: FV | Z4: FC | AA4: FD | AB4: FE | AC4: FS | AD4: P | AE4: T | AF4: TI | AG4: TJ | AH4: A | AI4: F | AJ4: FI | AK4: FJ | AL4: FM | AM4: FV | AN4: FC | AO4: FD | AP4: FE | AQ4: FS | AR4: P | AS4: T | AT4: TI | AU4: TJ | AV4: A | AW4: F | AX4: FI | AY4: FJ | AZ4: FM | BA4: FV | BB4: FC | BC4: FD | BD4: FE | BE4: FS | BF4: P | BG4: T | BH4: TI | BI4: TJ | BJ4: A | BK4: F | BL4: FI | BM4: FJ | BN4: FM | BO4: FV | BP4: FC | BQ4: FD | BR4: FE | BS4: FS | BT4: P | BU4: T | BV4: TI | BW4: TJ | BX4: A | BY4: F | BZ4: FI | CA4: FJ | CB4: FM | CC4: FV | CD4: FC | CE4: FD | CF4: FE | CG4: FS | CH4: P | CI4: T | CJ4: TI | CK4: TJ | CL4: A | CM4: F | CN4: FI | CO4: FJ | CP4: FM | CQ4: FV | CR4: FC | CS4: FD | CT4: FE | CU4: FS | CV4: P | CW4: T | CX4: TI | CY4: TJ | CZ4: A | DA4: F | DB4: FI | DC4: FJ | DD4: FM | DE4: FV | DF4: FC | DG4: FD | DH4: FE | DI4: FS | DJ4: P | DK4: T | DL4: TI | DM4: TJ | DN4: A | DO4: F | DP4: FI | DQ4: FJ | DR4: FM | DS4: FV | DT4: FC | DU4: FD | DV4: FE | DW4: FS | DX4: P | DY4: T | DZ4: TI | EA4: TJ | EB4: A | EC4: F | ED4: FI | EE4: FJ | EF4: FM | EG4: FV | EH4: FC | EI4: FD | EJ4: FE | EK4: FS | EL4: P | EM4: T | EN4: TI | EO4: TJ | EP4: A | EQ4: F | ER4: FI | ES4: FJ | ET4: FM | EU4: FV | EV4: FC | EW4: FD | EX4: FE | EY4: FS | EZ4: P | FA4: T | FB4: TI | FC4: TJ | FD4: A | FE4: F | FF4: FI | FG4: FJ | FH4: FM | FI4: FV | FJ4: FC | FK4: FD | FL4: FE | FM4: FS | FN4: P | FO4: T | FP4: TI | FQ4: TJ | FR4: A | FS4: F | FT4: FI | FU4: FJ | FV4: FM | FW4: FV | FX4: FC | FY4: FD | FZ4: FE | GA4: FS | GB4: P | GC4: T | GD4: TI | GE4: TJ | GF4: A | GG4: F | GH4: FI | GI4: FJ | GJ4: FM | GK4: FV | GL4: FC | GM4: FD | GN4: FE | GO4: FS | GP4: P | GQ4: T | GR4: TI | GS4: TJ | GT4: A | GU4: F | GV4: FI | GW4: FJ | GX4: FM | GY4: FV | GZ4: FC | HA4: FD | HB4: FE | HC4: FS | HD4: P | HE4: T | HF4: TI | HG4: TJ | HH4: A | HI4: F | HJ4: FI | HK4: FJ | HL4: FM | HM4: FV | HN4: FC | HO4: FD | HP4: FE | HQ4: FS | HR4: P | HS4: T | HT4: TI | HU4: TJ | HV4: A | HW4: F | HX4: FI | HY4: FJ | HZ4: FM | IA4: FV | IB4: FC | IC4: FD | ID4: FE | IE4: FS | IF4: P | IG4: T | IH4: TI | II4: TJ | IJ4: A | IK4: F | IL4: FI | IM4: FJ | IN4: FM | IO4: FV | IP4: FC | IQ4: FD | IR4: FE | IS4: FS | IT4: P | IU4: T | IV4: TI | IW4: TJ | IX4: A | IY4: F | IZ4: FI | JA4: FJ | JB4: FM | JC4: FV | JD4: FC | JE4: FD | JF4: FE | JG4: FS | JH4: P | JI4: T | JJ4: TI | JK4: TJ | JL4: A | JM4: F | JN4: FI | JO4: FJ | JP4: FM | JQ4: FV | JR4: FC | JS4: FD | JT4: FE | JU4: FS | JV4: P | JW4: T | JX4: TI | JY4: TJ | JZ4: A | KA4: F | KB4: FI | KC4: FJ | KD4: FM | KE4: FV | KF4: FC | KG4: FD | KH4: FE | KI4: FS | KJ4: P | KK4: T | KL4: TI | KM4: TJ | KN4: A | KO4: F | KP4: FI | KQ4: FJ | KR4: FM | KS4: FV | KT4: FC | KU4: FD | KV4: FE | KW4: FS | KX4: P | KY4: T | KZ4: TI | LA4: TJ | LB4: A | LC4: F | LD4: FI | LE4: FJ | LF4: FM | LG4: FV | LH4: FC | LI4: FD | LJ4: FE | LK4: FS | LL4: P | LM4: T | LN4: TI | LO4: TJ | LP4: A | LQ4: F | LR4: FI | LS4: FJ | LT4: FM | LU4: FV | LV4: FC | LW4: FD | LX4: FE | LY4: FS | LZ4: P | MA4: T | MB4: TI | MC4: TJ | MD4: A | ME4: F | MF4: FI | MG4: FJ | MH4: FM | MI4: FV | MJ4: FC | MK4: FD | ML4: FE | MM4: FS | MN4: P | MO4: T | MP4: TI | MQ4: TJ | MR4: A | MS4: F | MT4: FI | MU4: FJ | MV4: FM | MW4: FV | MX4: FC | MY4: FD | MZ4: FE | NA4: FS | NB4: P | NC4: T | ND4: TI | NE4: TJ | NF4: A | NG4: F | NH4: FI | NI4: FJ | NJ4: FM | NK4: FV | NL4: FC | NM4: FD | NN4: FE | NO4: FS | NP4: P | NQ4: T | NR4: TI | NS4: TJ | NT4: A | NU4: F | NV4: FI | NW4: FJ | NX4: FM | NY4: FV | NZ4: FC | OA4: FD | OB4: FE | OC4: FS | OD4: P | OE4: T | OF4: TI | OG4: TJ | OH4: A | OI4: F | OJ4: FI | OK4: FJ | OL4: FM | OM4: FV | ON4: FC | OO4: FD | OP4: FE | OQ4: FS | OR4: P | OS4: T | OT4: TI | OU4: TJ | OV4: A | OW4: F | OX4: FI | OY4: FJ | OZ4: FM | PA4: FV | PB4: FC | PC4: FD | PD4: FE | PE4: FS | PF4: P | PG4: T | PH4: TI | PI4: TJ | PJ4: A | PK4: F | PL4: FI | PM4: FJ | PN4: FM | PO4: FV | PP4: FC | PQ4: FD | PR4: FE | PS4: FS | PT4: P | PU4: T | PV4: TI | PW4: TJ | PX4: A | PY4: F | PZ4: FI | QA4: FJ | QB4: FM | QC4: FV | QD4: FC | QE4: FD | QF4: FE | QG4: FS | QH4: P | QI4: T | QJ4: TI | QK4: TJ
F5: RESUMEN MENSUAL | T5: =OFFSET(Auxiliares!$F$2,(COLUMN(A1)-1)/14+1,0) -> 44927 | AH5: =OFFSET(Auxiliares!$F$2,(COLUMN(Q1)-1)/14+1,0) -> 44928 | AV5: =OFFSET(Auxiliares!$F$2,(COLUMN(AE1)-1)/14+1,0) -> 44929 | BJ5: =OFFSET(Auxiliares!$F$2,(COLUMN(AS1)-1)/14+1,0) -> 44930 | BX5: =OFFSET(Auxiliares!$F$2,(COLUMN(BG1)-1)/14+1,0) -> 44931 | CL5: =OFFSET(Auxiliares!$F$2,(COLUMN(BU1)-1)/14+1,0) -> 44932 | CZ5: =OFFSET(Auxiliares!$F$2,(COLUMN(CI1)-1)/14+1,0) -> 44933 | DN5: =OFFSET(Auxiliares!$F$2,(COLUMN(CW1)-1)/14+1,0) -> 44934 | EB5: =OFFSET(Auxiliares!$F$2,(COLUMN(DK1)-1)/14+1,0) -> 44935 | EP5: =OFFSET(Auxiliares!$F$2,(COLUMN(DY1)-1)/14+1,0) -> 44936 | FD5: =OFFSET(Auxiliares!$F$2,(COLUMN(EM1)-1)/14+1,0) -> 44937 | FR5: =OFFSET(Auxiliares!$F$2,(COLUMN(FA1)-1)/14+1,0) -> 44938 | GF5: =OFFSET(Auxiliares!$F$2,(COLUMN(FO1)-1)/14+1,0) -> 44939 | GT5: =OFFSET(Auxiliares!$F$2,(COLUMN(GC1)-1)/14+1,0) -> 44940 | HH5: =OFFSET(Auxiliares!$F$2,(COLUMN(GQ1)-1)/14+1,0) -> 44941 | HV5: =OFFSET(Auxiliares!$F$2,(COLUMN(HE1)-1)/14+1,0) -> 44942 | IJ5: =OFFSET(Auxiliares!$F$2,(COLUMN(HS1)-1)/14+1,0) -> 44943 | IX5: =OFFSET(Auxiliares!$F$2,(COLUMN(IG1)-1)/14+1,0) -> 44944 | JL5: =OFFSET(Auxiliares!$F$2,(COLUMN(IU1)-1)/14+1,0) -> 44945 | JZ5: =OFFSET(Auxiliares!$F$2,(COLUMN(JI1)-1)/14+1,0) -> 44946 | KN5: =OFFSET(Auxiliares!$F$2,(COLUMN(JW1)-1)/14+1,0) -> 44947 | LB5: =OFFSET(Auxiliares!$F$2,(COLUMN(KK1)-1)/14+1,0) -> 44948 | LP5: =OFFSET(Auxiliares!$F$2,(COLUMN(KY1)-1)/14+1,0) -> 44949 | MD5: =OFFSET(Auxiliares!$F$2,(COLUMN(LM1)-1)/14+1,0) -> 44950 | MR5: =OFFSET(Auxiliares!$F$2,(COLUMN(MA1)-1)/14+1,0) -> 44951 | NF5: =OFFSET(Auxiliares!$F$2,(COLUMN(MO1)-1)/14+1,0) -> 44952 | NT5: =OFFSET(Auxiliares!$F$2,(COLUMN(NC1)-1)/14+1,0) -> 44953 | OH5: =OFFSET(Auxiliares!$F$2,(COLUMN(NQ1)-1)/14+1,0) -> 44954 | OV5: =OFFSET(Auxiliares!$F$2,(COLUMN(OE1)-1)/14+1,0) -> 44955 | PJ5: =OFFSET(Auxiliares!$F$2,(COLUMN(OS1)-1)/14+1,0) -> 44956 | PX5: =OFFSET(Auxiliares!$F$2,(COLUMN(PG1)-1)/14+1,0) -> 44957
B6: CÓDIGO | C6: COLABORADOR | D6: %A | E6: %P | F6: A | G6: F | H6: FI | I6: FJ | J6: FM | K6: FV | L6: FC | M6: FD | N6: FE | O6: FS | P6: P | Q6: T | R6: TI | S6: TJ | T6: A01 | U6: F01 | V6: FI01 | W6: FJ01 | X6: FM01 | Y6: FV01 | Z6: FC01 | AA6: FD01 | AB6: FE01 | AC6: FS01 | AD6: P01 | AE6: T01 | AF6: TI01 | AG6: TJ01 | AH6: A02 | AI6: F02 | AJ6: FI02 | AK6: FJ02 | AL6: FM02 | AM6: FV02 | AN6: FC02 | AO6: FD02 | AP6: FE02 | AQ6: FS02 | AR6: P02 | AS6: T02 | AT6: TI02 | AU6: TJ02 | AV6: A03 | AW6: F03 | AX6: FI03 | AY6: FJ03 | AZ6: FM03 | BA6: FV03 | BB6: FC03 | BC6: FD03 | BD6: FE03 | BE6: FS03 | BF6: P03 | BG6: T03 | BH6: TI03 | BI6: TJ03 | BJ6: A04 | BK6: F04 | BL6: FI04 | BM6: FJ04 | BN6: FM04 | BO6: FV04 | BP6: FC04 | BQ6: FD04 | BR6: FE04 | BS6: FS04 | BT6: P04 | BU6: T04 | BV6: TI04 | BW6: TJ04 | BX6: A05 | BY6: F05 | BZ6: FI05 | CA6: FJ05 | CB6: FM05 | CC6: FV05 | CD6: FC05 | CE6: FD05 | CF6: FE05 | CG6: FS05 | CH6: P05 | CI6: T05 | CJ6: TI05 | CK6: TJ05 | CL6: A06 | CM6: F06 | CN6: FI06 | CO6: FJ06 | CP6: FM06 | CQ6: FV06 | CR6: FC06 | CS6: FD06 | CT6: FE06 | CU6: FS06 | CV6: P06 | CW6: T06 | CX6: TI06 | CY6: TJ06 | CZ6: A07 | DA6: F07 | DB6: FI07 | DC6: FJ07 | DD6: FM07 | DE6: FV07 | DF6: FC07 | DG6: FD07 | DH6: FE07 | DI6: FS07 | DJ6: P07 | DK6: T07 | DL6: TI07 | DM6: TJ07 | DN6: A08 | DO6: F08 | DP6: FI08 | DQ6: FJ08 | DR6: FM08 | DS6: FV08 | DT6: FC08 | DU6: FD08 | DV6: FE08 | DW6: FS08 | DX6: P08 | DY6: T08 | DZ6: TI08 | EA6: TJ08 | EB6: A09 | EC6: F09 | ED6: FI09 | EE6: FJ09 | EF6: FM09 | EG6: FV09 | EH6: FC09 | EI6: FD09 | EJ6: FE09 | EK6: FS09 | EL6: P09 | EM6: T09 | EN6: TI09 | EO6: TJ09 | EP6: A10 | EQ6: F10 | ER6: FI10 | ES6: FJ10 | ET6: FM10 | EU6: FV10 | EV6: FC10 | EW6: FD10 | EX6: FE10 | EY6: FS10 | EZ6: P10 | FA6: T10 | FB6: TI10 | FC6: TJ10 | FD6: A11 | FE6: F11 | FF6: FI11 | FG6: FJ11 | FH6: FM11 | FI6: FV11 | FJ6: FC11 | FK6: FD11 | FL6: FE11 | FM6: FS11 | FN6: P11 | FO6: T11 | FP6: TI11 | FQ6: TJ11 | FR6: A12 | FS6: F12 | FT6: FI12 | FU6: FJ12 | FV6: FM12 | FW6: FV12 | FX6: FC12 | FY6: FD12 | FZ6: FE12 | GA6: FS12 | GB6: P12 | GC6: T12 | GD6: TI12 | GE6: TJ12 | GF6: A13 | GG6: F13 | GH6: FI13 | GI6: FJ13 | GJ6: FM13 | GK6: FV13 | GL6: FC13 | GM6: FD13 | GN6: FE13 | GO6: FS13 | GP6: P13 | GQ6: T13 | GR6: TI13 | GS6: TJ13 | GT6: A14 | GU6: F14 | GV6: FI14 | GW6: FJ14 | GX6: FM14 | GY6: FV14 | GZ6: FC14 | HA6: FD14 | HB6: FE14 | HC6: FS14 | HD6: P14 | HE6: T14 | HF6: TI14 | HG6: TJ14 | HH6: A15 | HI6: F15 | HJ6: FI15 | HK6: FJ15 | HL6: FM15 | HM6: FV15 | HN6: FC15 | HO6: FD15 | HP6: FE15 | HQ6: FS15 | HR6: P15 | HS6: T15 | HT6: TI15 | HU6: TJ15 | HV6: A16 | HW6: F16 | HX6: FI16 | HY6: FJ16 | HZ6: FM16 | IA6: FV16 | IB6: FC16 | IC6: FD16 | ID6: FE16 | IE6: FS16 | IF6: P16 | IG6: T16 | IH6: TI16 | II6: TJ16 | IJ6: A17 | IK6: F17 | IL6: FI17 | IM6: FJ17 | IN6: FM17 | IO6: FV17 | IP6: FC17 | IQ6: FD17 | IR6: FE17 | IS6: FS17 | IT6: P17 | IU6: T17 | IV6: TI17 | IW6: TJ17 | IX6: A18 | IY6: F18 | IZ6: FI18 | JA6: FJ18 | JB6: FM18 | JC6: FV18 | JD6: FC18 | JE6: FD18 | JF6: FE18 | JG6: FS18 | JH6: P18 | JI6: T18 | JJ6: TI18 | JK6: TJ18 | JL6: A19 | JM6: F19 | JN6: FI19 | JO6: FJ19 | JP6: FM19 | JQ6: FV19 | JR6: FC19 | JS6: FD19 | JT6: FE19 | JU6: FS19 | JV6: P19 | JW6: T19 | JX6: TI19 | JY6: TJ19 | JZ6: A20 | KA6: F20 | KB6: FI20 | KC6: FJ20 | KD6: FM20 | KE6: FV20 | KF6: FC20 | KG6: FD20 | KH6: FE20 | KI6: FS20 | KJ6: P20 | KK6: T20 | KL6: TI20 | KM6: TJ20 | KN6: A21 | KO6: F21 | KP6: FI21 | KQ6: FJ21 | KR6: FM21 | KS6: FV21 | KT6: FC21 | KU6: FD21 | KV6: FE21 | KW6: FS21 | KX6: P21 | KY6: T21 | KZ6: TI21 | LA6: TJ21 | LB6: A22 | LC6: F22 | LD6: FI22 | LE6: FJ22 | LF6: FM22 | LG6: FV22 | LH6: FC22 | LI6: FD22 | LJ6: FE22 | LK6: FS22 | LL6: P22 | LM6: T22 | LN6: TI22 | LO6: TJ22 | LP6: A23 | LQ6: F23 | LR6: FI23 | LS6: FJ23 | LT6: FM23 | LU6: FV23 | LV6: FC23 | LW6: FD23 | LX6: FE23 | LY6: FS23 | LZ6: P23 | MA6: T23 | MB6: TI23 | MC6: TJ23 | MD6: A24 | ME6: F24 | MF6: FI24 | MG6: FJ24 | MH6: FM24 | MI6: FV24 | MJ6: FC24 | MK6: FD24 | ML6: FE24 | MM6: FS24 | MN6: P24 | MO6: T24 | MP6: TI24 | MQ6: TJ24 | MR6: A25 | MS6: F25 | MT6: FI25 | MU6: FJ25 | MV6: FM25 | MW6: FV25 | MX6: FC25 | MY6: FD25 | MZ6: FE25 | NA6: FS25 | NB6: P25 | NC6: T25 | ND6: TI25 | NE6: TJ25 | NF6: A26 | NG6: F26 | NH6: FI26 | NI6: FJ26 | NJ6: FM26 | NK6: FV26 | NL6: FC26 | NM6: FD26 | NN6: FE26 | NO6: FS26 | NP6: P26 | NQ6: T26 | NR6: TI26 | NS6: TJ26 | NT6: A27 | NU6: F27 | NV6: FI27 | NW6: FJ27 | NX6: FM27 | NY6: FV27 | NZ6: FC27 | OA6: FD27 | OB6: FE27 | OC6: FS27 | OD6: P27 | OE6: T27 | OF6: TI27 | OG6: TJ27 | OH6: A28 | OI6: F28 | OJ6: FI28 | OK6: FJ28 | OL6: FM28 | OM6: FV28 | ON6: FC28 | OO6: FD28 | OP6: FE28 | OQ6: FS28 | OR6: P28 | OS6: T28 | OT6: TI28 | OU6: TJ28 | OV6: A29 | OW6: F29 | OX6: FI29 | OY6: FJ29 | OZ6: FM29 | PA6: FV29 | PB6: FC29 | PC6: FD29 | PD6: FE29 | PE6: FS29 | PF6: P29 | PG6: T29 | PH6: TI29 | PI6: TJ29 | PJ6: A30 | PK6: F30 | PL6: FI30 | PM6: FJ30 | PN6: FM30 | PO6: FV30 | PP6: FC30 | PQ6: FD30 | PR6: FE30 | PS6: FS30 | PT6: P30 | PU6: T30 | PV6: TI30 | PW6: TJ30 | PX6: A31 | PY6: F31 | PZ6: FI31 | QA6: FJ31 | QB6: FM31 | QC6: FV31 | QD6: FC31 | QE6: FD31 | QF6: FE31 | QG6: FS31 | QH6: P31 | QI6: T31 | QJ6: TI31 | QK6: TJ31
B7: =Colaboradores!B5 -> 8676 | C7: =Colaboradores!C5 -> Cuñat Ramírez, María | D7: =IFERROR(F7/$D$4,0) -> 0 | E7: =IFERROR(P7/$D$4,0) -> 0 | F7: =IF(SUMIF($T$4:$AAB$4,F$6,$T7:$AAB7)=0,"",SUMIF($T$4:$AAB$4,F$6,$T7:$AAB7)) | G7: =IF(SUMIF($T$4:$AAB$4,G$6,$T7:$AAB7)=0,"",SUMIF($T$4:$AAB$4,G$6,$T7:$AAB7)) | H7: =IF(SUMIF($T$4:$AAB$4,H$6,$T7:$AAB7)=0,"",SUMIF($T$4:$AAB$4,H$6,$T7:$AAB7)) | I7: =IF(SUMIF($T$4:$AAB$4,I$6,$T7:$AAB7)=0,"",SUMIF($T$4:$AAB$4,I$6,$T7:$AAB7)) | J7: =IF(SUMIF($T$4:$AAB$4,J$6,$T7:$AAB7)=0,"",SUMIF($T$4:$AAB$4,J$6,$T7:$AAB7)) | K7: =IF(SUMIF($T$4:$AAB$4,K$6,$T7:$AAB7)=0,"",SUMIF($T$4:$AAB$4,K$6,$T7:$AAB7)) | L7: =IF(SUMIF($T$4:$AAB$4,L$6,$T7:$AAB7)=0,"",SUMIF($T$4:$AAB$4,L$6,$T7:$AAB7)) | M7: =IF(SUMIF($T$4:$AAB$4,M$6,$T7:$AAB7)=0,"",SUMIF($T$4:$AAB$4,M$6,$T7:$AAB7)) | ... S7: =IF(SUMIF($T$4:$AAB$4,S$6,$T7:$AAB7)=0,"",SUMIF($T$4:$AAB$4,S$6,$T7:$AAB7)) | T7: =IFERROR((VLOOKUP($B7,INDIRECT("'"&TEXT(T$5,"dd-mm-yy")&"'!$B$8:$AI$1000"),13,0)=$F$6)*1,"") | U7: =IFERROR((VLOOKUP($B7,INDIRECT("'"&TEXT(T$5,"dd-mm-yy")&"'!$B$8:$AI$1000"),13,0)=$G$6)*1,"") | V7: =IFERROR((VLOOKUP($B7,INDIRECT("'"&TEXT(T$5,"dd-mm-yy")&"'!$B$8:$AI$1000"),14,0)=$H$6)*1,"") | W7: =IFERROR((VLOOKUP($B7,INDIRECT("'"&TEXT(T$5,"dd-mm-yy")&"'!$B$8:$AI$1000"),14,0)=$I$6)*1,"") | X7: =IFERROR((VLOOKUP($B7,INDIRECT("'"&TEXT(T$5,"dd-mm-yy")&"'!$B$8:$AI$1000"),14,0)=$J$6)*1,"") | Y7: =IFERROR((VLOOKUP($B7,INDIRECT("'"&TEXT(T$5,"dd-mm-yy")&"'!$B$8:$AI$1000"),14,0)=$K$6)*1,"") | Z7: =IFERROR((VLOOKUP($B7,INDIRECT("'"&TEXT(T$5,"dd-mm-yy")&"'!$B$8:$AI$1000"),14,0)=$L$6)*1,"") | AA7: =IFERROR((VLOOKUP($B7,INDIRECT("'"&TEXT(T$5,"dd-mm-yy")&"'!$B$8:$AI$1000"),14,0)=$M$6)*1,"") | AB7: =IFERROR((VLOOKUP($B7,INDIRECT("'"&TEXT(T$5,"dd-mm-yy")&"'!$B$8:$AI$1000"),14,0)=$N$6)*1,"") | AC7: =IFERROR((VLOOKUP($B7,INDIRECT("'"&TEXT(T$5,"dd-mm-yy")&"'!$B$8:$AI$1000"),14,0)=$O$6)*1,"") | AD7: =IFERROR((VLOOKUP($B7,INDIRECT("'"&TEXT(T$5,"dd-mm-yy")&"'!$B$8:$AI$1000"),16,0)=$P$6)*1,"") | AE7: =IFERROR((VLOOKUP($B7,INDIRECT("'"&TEXT(T$5,"dd-mm-yy")&"'!$B$8:$AI$1000"),16,0)=$Q$6)*1,"") | AF7: =IFERROR((VLOOKUP($B7,INDIRECT("'"&TEXT(T$5,"dd-mm-yy")&"'!$B$8:$AI$1000"),17,0)=$R$6)*1,"") | AG7: =IFERROR((VLOOKUP($B7,INDIRECT("'"&TEXT(T$5,"dd-mm-yy")&"'!$B$8:$AI$1000"),17,0)=$S$6)*1,"") | AH7: =IFERROR((VLOOKUP($B7,INDIRECT("'"&TEXT(AH$5,"dd-mm-yy")&"'!$B$8:$AI$1000"),13,0)=$F$6)*1,"") | AI7: =IFERROR((VLOOKUP($B7,INDIRECT("'"&TEXT(AH$5,"dd-mm-yy")&"'!$B$8:$AI$1000"),13,0)=$G$6)*1,"") | AJ7: =IFERROR((VLOOKUP($B7,INDIRECT("'"&TEXT(AH$5,"dd-mm-yy")&"'!$B$8:$AI$1000"),14,0)=$H$6)*1,"") | AK7: =IFERROR((VLOOKUP($B7,INDIRECT("'"&TEXT(AH$5,"dd-mm-yy")&"'!$B$8:$AI$1000"),14,0)=$I$6)*1,"") | AL7: =IFERROR((VLOOKUP($B7,INDIRECT("'"&TEXT(AH$5,"dd-mm-yy")&"'!$B$8:$AI$1000"),14,0)=$J$6)*1,"") | AM7: =IFERROR((VLOOKUP($B7,INDIRECT("'"&TEXT(AH$5,"dd-mm-yy")&"'!$B$8:$AI$1000"),14,0)=$K$6)*1,"") | AN7: =IFERROR((VLOOKUP($B7,INDIRECT("'"&TEXT(AH$5,"dd-mm-yy")&"'!$B$8:$AI$1000"),14,0)=$L$6)*1,"") | AO7: =IFERROR((VLOOKUP($B7,INDIRECT("'"&TEXT(AH$5,"dd-mm-yy")&"'!$B$8:$AI$1000"),14,0)=$M$6)*1,"") | AP7: =IFERROR((VLOOKUP($B7,INDIRECT("'"&TEXT(AH$5,"dd-mm-yy")&"'!$B$8:$AI$1000"),14,0)=$N$6)*1,"") | AQ7: =IFERROR((VLOOKUP($B7,INDIRECT("'"&TEXT(AH$5,"dd-mm-yy")&"'!$B$8:$AI$1000"),14,0)=$O$6)*1,"") | AR7: =IFERROR((VLOOKUP($B7,INDIRECT("'"&TEXT(AH$5,"dd-mm-yy")&"'!$B$8:$AI$1000"),16,0)=$P$6)*1,"") | AS7: =IFERROR((VLOOKUP($B7,INDIRECT("'"&TEXT(AH$5,"dd-mm-yy")&"'!$B$8:$AI$1000"),16,0)=$Q$6)*1,"") | AT7: =IFERROR((VLOOKUP($B7,INDIRECT("'"&TEXT(AH$5,"dd-mm-yy")&"'!$B$8:$AI$1000"),17,0)=$R$6)*1,"") | AU7: =IFERROR((VLOOKUP($B7,INDIRECT("'"&TEXT(AH$5,"dd-mm-yy")&"'!$B$8:$AI$1000"),17,0)=$S$6)*1,"") | AV7: =IFERROR((VLOOKUP($B7,INDIRECT("'"&TEXT(AV$5,"dd-mm-yy")&"'!$B$8:$AI$1000"),13,0)=$F$6)*1,"") | AW7: =IFERROR((VLOOKUP($B7,INDIRECT("'"&TEXT(AV$5,"dd-mm-yy")&"'!$B$8:$AI$1000"),13,0)=$G$6)*1,"") | AX7: =IFERROR((VLOOKUP($B7,INDIRECT("'"&TEXT(AV$5,"dd-mm-yy")&"'!$B$8:$AI$1000"),14,0)=$H$6)*1,"") | AY7: =IFERROR((VLOOKUP($B7,INDIRECT("'"&TEXT(AV$5,"dd-mm-yy")&"'!$B$8:$AI$1000"),14,0)=$I$6)*1,"") | AZ7: =IFERROR((VLOOKUP($B7,INDIRECT("'"&TEXT(AV$5,"dd-mm-yy")&"'!$B$8:$AI$1000"),14,0)=$J$6)*1,"") | BA7: =IFERROR((VLOOKUP($B7,INDIRECT("'"&TEXT(AV$5,"dd-mm-yy")&"'!$B$8:$AI$1000"),14,0)=$K$6)*1,"") | BB7: =IFERROR((VLOOKUP($B7,INDIRECT("'"&TEXT(AV$5,"dd-mm-yy")&"'!$B$8:$AI$1000"),14,0)=$L$6)*1,"") | BC7: =IFERROR((VLOOKUP($B7,INDIRECT("'"&TEXT(AV$5,"dd-mm-yy")&"'!$B$8:$AI$1000"),14,0)=$M$6)*1,"") | BD7: =IFERROR((VLOOKUP($B7,INDIRECT("'"&TEXT(AV$5,"dd-mm-yy")&"'!$B$8:$AI$1000"),14,0)=$N$6)*1,"") | BE7: =IFERROR((VLOOKUP($B7,INDIRECT("'"&TEXT(AV$5,"dd-mm-yy")&"'!$B$8:$AI$1000"),14,0)=$O$6)*1,"") | BF7: =IFERROR((VLOOKUP($B7,INDIRECT("'"&TEXT(AV$5,"dd-mm-yy")&"'!$B$8:$AI$1000"),16,0)=$P$6)*1,"") | BG7: =IFERROR((VLOOKUP($B7,INDIRECT("'"&TEXT(AV$5,"dd-mm-yy")&"'!$B$8:$AI$1000"),16,0)=$Q$6)*1,"") | BH7: =IFERROR((VLOOKUP($B7,INDIRECT("'"&TEXT(AV$5,"dd-mm-yy")&"'!$B$8:$AI$1000"),17,0)=$R$6)*1,"") | BI7: =IFERROR((VLOOKUP($B7,INDIRECT("'"&TEXT(AV$5,"dd-mm-yy")&"'!$B$8:$AI$1000"),17,0)=$S$6)*1,"") | BJ7: =IFERROR((VLOOKUP($B7,INDIRECT("'"&TEXT(BJ$5,"dd-mm-yy")&"'!$B$8:$AI$1000"),13,0)=$F$6)*1,"") | BK7: =IFERROR((VLOOKUP($B7,INDIRECT("'"&TEXT(BJ$5,"dd-mm-yy")&"'!$B$8:$AI$1000"),13,0)=$G$6)*1,"") | BL7: =IFERROR((VLOOKUP($B7,INDIRECT("'"&TEXT(BJ$5,"dd-mm-yy")&"'!$B$8:$AI$1000"),14,0)=$H$6)*1,"") | BM7: =IFERROR((VLOOKUP($B7,INDIRECT("'"&TEXT(BJ$5,"dd-mm-yy")&"'!$B$8:$AI$1000"),14,0)=$I$6)*1,"") | BN7: =IFERROR((VLOOKUP($B7,INDIRECT("'"&TEXT(BJ$5,"dd-mm-yy")&"'!$B$8:$AI$1000"),14,0)=$J$6)*1,"") | BO7: =IFERROR((VLOOKUP($B7,INDIRECT("'"&TEXT(BJ$5,"dd-mm-yy")&"'!$B$8:$AI$1000"),14,0)=$K$6)*1,"") | BP7: =IFERROR((VLOOKUP($B7,INDIRECT("'"&TEXT(BJ$5,"dd-mm-yy")&"'!$B$8:$AI$1000"),14,0)=$L$6)*1,"") | BQ7: =IFERROR((VLOOKUP($B7,INDIRECT("'"&TEXT(BJ$5,"dd-mm-yy")&"'!$B$8:$AI$1000"),14,0)=$M$6)*1,"") | BR7: =IFERROR((VLOOKUP($B7,INDIRECT("'"&TEXT(BJ$5,"dd-mm-yy")&"'!$B$8:$AI$1000"),14,0)=$N$6)*1,"") | BS7: =IFERROR((VLOOKUP($B7,INDIRECT("'"&TEXT(BJ$5,"dd-mm-yy")&"'!$B$8:$AI$1000"),14,0)=$O$6)*1,"") | BT7: =IFERROR((VLOOKUP($B7,INDIRECT("'"&TEXT(BJ$5,"dd-mm-yy")&"'!$B$8:$AI$1000"),16,0)=$P$6)*1,"") | BU7: =IFERROR((VLOOKUP($B7,INDIRECT("'"&TEXT(BJ$5,"dd-mm-yy")&"'!$B$8:$AI$1000"),16,0)=$Q$6)*1,"") | BV7: =IFERROR((VLOOKUP($B7,INDIRECT("'"&TEXT(BJ$5,"dd-mm-yy")&"'!$B$8:$AI$1000"),17,0)=$R$6)*1,"") | BW7: =IFERROR((VLOOKUP($B7,INDIRECT("'"&TEXT(BJ$5,"dd-mm-yy")&"'!$B$8:$AI$1000"),17,0)=$S$6)*1,"") | BX7: =IFERROR((VLOOKUP($B7,INDIRECT("'"&TEXT(BX$5,"dd-mm-yy")&"'!$B$8:$AI$1000"),13,0)=$F$6)*1,"") | BY7: =IFERROR((VLOOKUP($B7,INDIRECT("'"&TEXT(BX$5,"dd-mm-yy")&"'!$B$8:$AI$1000"),13,0)=$G$6)*1,"") | BZ7: =IFERROR((VLOOKUP($B7,INDIRECT("'"&TEXT(BX$5,"dd-mm-yy")&"'!$B$8:$AI$1000"),14,0)=$H$6)*1,"") | CA7: =IFERROR((VLOOKUP($B7,INDIRECT("'"&TEXT(BX$5,"dd-mm-yy")&"'!$B$8:$AI$1000"),14,0)=$I$6)*1,"") | CB7: =IFERROR((VLOOKUP($B7,INDIRECT("'"&TEXT(BX$5,"dd-mm-yy")&"'!$B$8:$AI$1000"),14,0)=$J$6)*1,"") | CC7: =IFERROR((VLOOKUP($B7,INDIRECT("'"&TEXT(BX$5,"dd-mm-yy")&"'!$B$8:$AI$1000"),14,0)=$K$6)*1,"") | CD7: =IFERROR((VLOOKUP($B7,INDIRECT("'"&TEXT(BX$5,"dd-mm-yy")&"'!$B$8:$AI$1000"),14,0)=$L$6)*1,"") | CE7: =IFERROR((VLOOKUP($B7,INDIRECT("'"&TEXT(BX$5,"dd-mm-yy")&"'!$B$8:$AI$1000"),14,0)=$M$6)*1,"") | CF7: =IFERROR((VLOOKUP($B7,INDIRECT("'"&TEXT(BX$5,"dd-mm-yy")&"'!$B$8:$AI$1000"),14,0)=$N$6)*1,"") | CG7: =IFERROR((VLOOKUP($B7,INDIRECT("'"&TEXT(BX$5,"dd-mm-yy")&"'!$B$8:$AI$1000"),14,0)=$O$6)*1,"") | CH7: =IFERROR((VLOOKUP($B7,INDIRECT("'"&TEXT(BX$5,"dd-mm-yy")&"'!$B$8:$AI$1000"),16,0)=$P$6)*1,"") | CI7: =IFERROR((VLOOKUP($B7,INDIRECT("'"&TEXT(BX$5,"dd-mm-yy")&"'!$B$8:$AI$1000"),16,0)=$Q$6)*1,"") | CJ7: =IFERROR((VLOOKUP($B7,INDIRECT("'"&TEXT(BX$5,"dd-mm-yy")&"'!$B$8:$AI$1000"),17,0)=$R$6)*1,"") | CK7: =IFERROR((VLOOKUP($B7,INDIRECT("'"&TEXT(BX$5,"dd-mm-yy")&"'!$B$8:$AI$1000"),17,0)=$S$6)*1,"") | CL7: =IFERROR((VLOOKUP($B7,INDIRECT("'"&TEXT(CL$5,"dd-mm-yy")&"'!$B$8:$AI$1000"),13,0)=$F$6)*1,"") | CM7: =IFERROR((VLOOKUP($B7,INDIRECT("'"&TEXT(CL$5,"dd-mm-yy")&"'!$B$8:$AI$1000"),13,0)=$G$6)*1,"") | CN7: =IFERROR((VLOOKUP($B7,INDIRECT("'"&TEXT(CL$5,"dd-mm-yy")&"'!$B$8:$AI$1000"),14,0)=$H$6)*1,"") | CO7: =IFERROR((VLOOKUP($B7,INDIRECT("'"&TEXT(CL$5,"dd-mm-yy")&"'!$B$8:$AI$1000"),14,0)=$I$6)*1,"") | CP7: =IFERROR((VLOOKUP($B7,INDIRECT("'"&TEXT(CL$5,"dd-mm-yy")&"'!$B$8:$AI$1000"),14,0)=$J$6)*1,"") | CQ7: =IFERROR((VLOOKUP($B7,INDIRECT("'"&TEXT(CL$5,"dd-mm-yy")&"'!$B$8:$AI$1000"),14,0)=$K$6)*1,"") | CR7: =IFERROR((VLOOKUP($B7,INDIRECT("'"&TEXT(CL$5,"dd-mm-yy")&"'!$B$8:$AI$1000"),14,0)=$L$6)*1,"") | CS7: =IFERROR((VLOOKUP($B7,INDIRECT("'"&TEXT(CL$5,"dd-mm-yy")&"'!$B$8:$AI$1000"),14,0)=$M$6)*1,"") | CT7: =IFERROR((VLOOKUP($B7,INDIRECT("'"&TEXT(CL$5,"dd-mm-yy")&"'!$B$8:$AI$1000"),14,0)=$N$6)*1,"") | CU7: =IFERROR((VLOOKUP($B7,INDIRECT("'"&TEXT(CL$5,"dd-mm-yy")&"'!$B$8:$AI$1000"),14,0)=$O$6)*1,"") | CV7: =IFERROR((VLOOKUP($B7,INDIRECT("'"&TEXT(CL$5,"dd-mm-yy")&"'!$B$8:$AI$1000"),16,0)=$P$6)*1,"") | CW7: =IFERROR((VLOOKUP($B7,INDIRECT("'"&TEXT(CL$5,"dd-mm-yy")&"'!$B$8:$AI$1000"),16,0)=$Q$6)*1,"") | CX7: =IFERROR((VLOOKUP($B7,INDIRECT("'"&TEXT(CL$5,"dd-mm-yy")&"'!$B$8:$AI$1000"),17,0)=$R$6)*1,"") | CY7: =IFERROR((VLOOKUP($B7,INDIRECT("'"&TEXT(CL$5,"dd-mm-yy")&"'!$B$8:$AI$1000"),17,0)=$S$6)*1,"") | CZ7: =IFERROR((VLOOKUP($B7,INDIRECT("'"&TEXT(CZ$5,"dd-mm-yy")&"'!$B$8:$AI$1000"),13,0)=$F$6)*1,"") | DA7: =IFERROR((VLOOKUP($B7,INDIRECT("'"&TEXT(CZ$5,"dd-mm-yy")&"'!$B$8:$AI$1000"),13,0)=$G$6)*1,"") | DB7: =IFERROR((VLOOKUP($B7,INDIRECT("'"&TEXT(CZ$5,"dd-mm-yy")&"'!$B$8:$AI$1000"),14,0)=$H$6)*1,"") | DC7: =IFERROR((VLOOKUP($B7,INDIRECT("'"&TEXT(CZ$5,"dd-mm-yy")&"'!$B$8:$AI$1000"),14,0)=$I$6)*1,"") | DD7: =IFERROR((VLOOKUP($B7,INDIRECT("'"&TEXT(CZ$5,"dd-mm-yy")&"'!$B$8:$AI$1000"),14,0)=$J$6)*1,"") | DE7: =IFERROR((VLOOKUP($B7,INDIRECT("'"&TEXT(CZ$5,"dd-mm-yy")&"'!$B$8:$AI$1000"),14,0)=$K$6)*1,"") | DF7: =IFERROR((VLOOKUP($B7,INDIRECT("'"&TEXT(CZ$5,"dd-mm-yy")&"'!$B$8:$AI$1000"),14,0)=$L$6)*1,"") | DG7: =IFERROR((VLOOKUP($B7,INDIRECT("'"&TEXT(CZ$5,"dd-mm-yy")&"'!$B$8:$AI$1000"),14,0)=$M$6)*1,"") | DH7: =IFERROR((VLOOKUP($B7,INDIRECT("'"&TEXT(CZ$5,"dd-mm-yy")&"'!$B$8:$AI$1000"),14,0)=$N$6)*1,"") | DI7: =IFERROR((VLOOKUP($B7,INDIRECT("'"&TEXT(CZ$5,"dd-mm-yy")&"'!$B$8:$AI$1000"),14,0)=$O$6)*1,"") | DJ7: =IFERROR((VLOOKUP($B7,INDIRECT("'"&TEXT(CZ$5,"dd-mm-yy")&"'!$B$8:$AI$1000"),16,0)=$P$6)*1,"") | DK7: =IFERROR((VLOOKUP($B7,INDIRECT("'"&TEXT(CZ$5,"dd-mm-yy")&"'!$B$8:$AI$1000"),16,0)=$Q$6)*1,"") | DL7: =IFERROR((VLOOKUP($B7,INDIRECT("'"&TEXT(CZ$5,"dd-mm-yy")&"'!$B$8:$AI$1000"),17,0)=$R$6)*1,"") | DM7: =IFERROR((VLOOKUP($B7,INDIRECT("'"&TEXT(CZ$5,"dd-mm-yy")&"'!$B$8:$AI$1000"),17,0)=$S$6)*1,"") | DN7: =IFERROR((VLOOKUP($B7,INDIRECT("'"&TEXT(DN$5,"dd-mm-yy")&"'!$B$8:$AI$1000"),13,0)=$F$6)*1,"") | DO7: =IFERROR((VLOOKUP($B7,INDIRECT("'"&TEXT(DN$5,"dd-mm-yy")&"'!$B$8:$AI$1000"),13,0)=$G$6)*1,"") | DP7: =IFERROR((VLOOKUP($B7,INDIRECT("'"&TEXT(DN$5,"dd-mm-yy")&"'!$B$8:$AI$1000"),14,0)=$H$6)*1,"") | DQ7: =IFERROR((VLOOKUP($B7,INDIRECT("'"&TEXT(DN$5,"dd-mm-yy")&"'!$B$8:$AI$1000"),14,0)=$I$6)*1,"") | DR7: =IFERROR((VLOOKUP($B7,INDIRECT("'"&TEXT(DN$5,"dd-mm-yy")&"'!$B$8:$AI$1000"),14,0)=$J$6)*1,"") | DS7: =IFERROR((VLOOKUP($B7,INDIRECT("'"&TEXT(DN$5,"dd-mm-yy")&"'!$B$8:$AI$1000"),14,0)=$K$6)*1,"") | DT7: =IFERROR((VLOOKUP($B7,INDIRECT("'"&TEXT(DN$5,"dd-mm-yy")&"'!$B$8:$AI$1000"),14,0)=$L$6)*1,"") | DU7: =IFERROR((VLOOKUP($B7,INDIRECT("'"&TEXT(DN$5,"dd-mm-yy")&"'!$B$8:$AI$1000"),14,0)=$M$6)*1,"") | DV7: =IFERROR((VLOOKUP($B7,INDIRECT("'"&TEXT(DN$5,"dd-mm-yy")&"'!$B$8:$AI$1000"),14,0)=$N$6)*1,"") | DW7: =IFERROR((VLOOKUP($B7,INDIRECT("'"&TEXT(DN$5,"dd-mm-yy")&"'!$B$8:$AI$1000"),14,0)=$O$6)*1,"") | DX7: =IFERROR((VLOOKUP($B7,INDIRECT("'"&TEXT(DN$5,"dd-mm-yy")&"'!$B$8:$AI$1000"),16,0)=$P$6)*1,"") | DY7: =IFERROR((VLOOKUP($B7,INDIRECT("'"&TEXT(DN$5,"dd-mm-yy")&"'!$B$8:$AI$1000"),16,0)=$Q$6)*1,"") | DZ7: =IFERROR((VLOOKUP($B7,INDIRECT("'"&TEXT(DN$5,"dd-mm-yy")&"'!$B$8:$AI$1000"),17,0)=$R$6)*1,"") | EA7: =IFERROR((VLOOKUP($B7,INDIRECT("'"&TEXT(DN$5,"dd-mm-yy")&"'!$B$8:$AI$1000"),17,0)=$S$6)*1,"") | EB7: =IFERROR((VLOOKUP($B7,INDIRECT("'"&TEXT(EB$5,"dd-mm-yy")&"'!$B$8:$AI$1000"),13,0)=$F$6)*1,"") | EC7: =IFERROR((VLOOKUP($B7,INDIRECT("'"&TEXT(EB$5,"dd-mm-yy")&"'!$B$8:$AI$1000"),13,0)=$G$6)*1,"") | ED7: =IFERROR((VLOOKUP($B7,INDIRECT("'"&TEXT(EB$5,"dd-mm-yy")&"'!$B$8:$AI$1000"),14,0)=$H$6)*1,"") | EE7: =IFERROR((VLOOKUP($B7,INDIRECT("'"&TEXT(EB$5,"dd-mm-yy")&"'!$B$8:$AI$1000"),14,0)=$I$6)*1,"") | EF7: =IFERROR((VLOOKUP($B7,INDIRECT("'"&TEXT(EB$5,"dd-mm-yy")&"'!$B$8:$AI$1000"),14,0)=$J$6)*1,"") | EG7: =IFERROR((VLOOKUP($B7,INDIRECT("'"&TEXT(EB$5,"dd-mm-yy")&"'!$B$8:$AI$1000"),14,0)=$K$6)*1,"") | EH7: =IFERROR((VLOOKUP($B7,INDIRECT("'"&TEXT(EB$5,"dd-mm-yy")&"'!$B$8:$AI$1000"),14,0)=$L$6)*1,"") | EI7: =IFERROR((VLOOKUP($B7,INDIRECT("'"&TEXT(EB$5,"dd-mm-yy")&"'!$B$8:$AI$1000"),14,0)=$M$6)*1,"") | EJ7: =IFERROR((VLOOKUP($B7,INDIRECT("'"&TEXT(EB$5,"dd-mm-yy")&"'!$B$8:$AI$1000"),14,0)=$N$6)*1,"") | EK7: =IFERROR((VLOOKUP($B7,INDIRECT("'"&TEXT(EB$5,"dd-mm-yy")&"'!$B$8:$AI$1000"),14,0)=$O$6)*1,"") | EL7: =IFERROR((VLOOKUP($B7,INDIRECT("'"&TEXT(EB$5,"dd-mm-yy")&"'!$B$8:$AI$1000"),16,0)=$P$6)*1,"") | EM7: =IFERROR((VLOOKUP($B7,INDIRECT("'"&TEXT(EB$5,"dd-mm-yy")&"'!$B$8:$AI$1000"),16,0)=$Q$6)*1,"") | EN7: =IFERROR((VLOOKUP($B7,INDIRECT("'"&TEXT(EB$5,"dd-mm-yy")&"'!$B$8:$AI$1000"),17,0)=$R$6)*1,"") | EO7: =IFERROR((VLOOKUP($B7,INDIRECT("'"&TEXT(EB$5,"dd-mm-yy")&"'!$B$8:$AI$1000"),17,0)=$S$6)*1,"") | EP7: =IFERROR((VLOOKUP($B7,INDIRECT("'"&TEXT(EP$5,"dd-mm-yy")&"'!$B$8:$AI$1000"),13,0)=$F$6)*1,"") | EQ7: =IFERROR((VLOOKUP($B7,INDIRECT("'"&TEXT(EP$5,"dd-mm-yy")&"'!$B$8:$AI$1000"),13,0)=$G$6)*1,"") | ER7: =IFERROR((VLOOKUP($B7,INDIRECT("'"&TEXT(EP$5,"dd-mm-yy")&"'!$B$8:$AI$1000"),14,0)=$H$6)*1,"") | ES7: =IFERROR((VLOOKUP($B7,INDIRECT("'"&TEXT(EP$5,"dd-mm-yy")&"'!$B$8:$AI$1000"),14,0)=$I$6)*1,"") | ET7: =IFERROR((VLOOKUP($B7,INDIRECT("'"&TEXT(EP$5,"dd-mm-yy")&"'!$B$8:$AI$1000"),14,0)=$J$6)*1,"") | EU7: =IFERROR((VLOOKUP($B7,INDIRECT("'"&TEXT(EP$5,"dd-mm-yy")&"'!$B$8:$AI$1000"),14,0)=$K$6)*1,"") | EV7: =IFERROR((VLOOKUP($B7,INDIRECT("'"&TEXT(EP$5,"dd-mm-yy")&"'!$B$8:$AI$1000"),14,0)=$L$6)*1,"") | EW7: =IFERROR((VLOOKUP($B7,INDIRECT("'"&TEXT(EP$5,"dd-mm-yy")&"'!$B$8:$AI$1000"),14,0)=$M$6)*1,"") | EX7: =IFERROR((VLOOKUP($B7,INDIRECT("'"&TEXT(EP$5,"dd-mm-yy")&"'!$B$8:$AI$1000"),14,0)=$N$6)*1,"") | EY7: =IFERROR((VLOOKUP($B7,INDIRECT("'"&TEXT(EP$5,"dd-mm-yy")&"'!$B$8:$AI$1000"),14,0)=$O$6)*1,"") | EZ7: =IFERROR((VLOOKUP($B7,INDIRECT("'"&TEXT(EP$5,"dd-mm-yy")&"'!$B$8:$AI$1000"),16,0)=$P$6)*1,"") | FA7: =IFERROR((VLOOKUP($B7,INDIRECT("'"&TEXT(EP$5,"dd-mm-yy")&"'!$B$8:$AI$1000"),16,0)=$Q$6)*1,"") | FB7: =IFERROR((VLOOKUP($B7,INDIRECT("'"&TEXT(EP$5,"dd-mm-yy")&"'!$B$8:$AI$1000"),17,0)=$R$6)*1,"") | FC7: =IFERROR((VLOOKUP($B7,INDIRECT("'"&TEXT(EP$5,"dd-mm-yy")&"'!$B$8:$AI$1000"),17,0)=$S$6)*1,"") | FD7: =IFERROR((VLOOKUP($B7,INDIRECT("'"&TEXT(FD$5,"dd-mm-yy")&"'!$B$8:$AI$1000"),13,0)=$F$6)*1,"") | FE7: =IFERROR((VLOOKUP($B7,INDIRECT("'"&TEXT(FD$5,"dd-mm-yy")&"'!$B$8:$AI$1000"),13,0)=$G$6)*1,"") | FF7: =IFERROR((VLOOKUP($B7,INDIRECT("'"&TEXT(FD$5,"dd-mm-yy")&"'!$B$8:$AI$1000"),14,0)=$H$6)*1,"") | FG7: =IFERROR((VLOOKUP($B7,INDIRECT("'"&TEXT(FD$5,"dd-mm-yy")&"'!$B$8:$AI$1000"),14,0)=$I$6)*1,"") | FH7: =IFERROR((VLOOKUP($B7,INDIRECT("'"&TEXT(FD$5,"dd-mm-yy")&"'!$B$8:$AI$1000"),14,0)=$J$6)*1,"") | FI7: =IFERROR((VLOOKUP($B7,INDIRECT("'"&TEXT(FD$5,"dd-mm-yy")&"'!$B$8:$AI$1000"),14,0)=$K$6)*1,"") | FJ7: =IFERROR((VLOOKUP($B7,INDIRECT("'"&TEXT(FD$5,"dd-mm-yy")&"'!$B$8:$AI$1000"),14,0)=$L$6)*1,"") | FK7: =IFERROR((VLOOKUP($B7,INDIRECT("'"&TEXT(FD$5,"dd-mm-yy")&"'!$B$8:$AI$1000"),14,0)=$M$6)*1,"") | FL7: =IFERROR((VLOOKUP($B7,INDIRECT("'"&TEXT(FD$5,"dd-mm-yy")&"'!$B$8:$AI$1000"),14,0)=$N$6)*1,"") | FM7: =IFERROR((VLOOKUP($B7,INDIRECT("'"&TEXT(FD$5,"dd-mm-yy")&"'!$B$8:$AI$1000"),14,0)=$O$6)*1,"") | FN7: =IFERROR((VLOOKUP($B7,INDIRECT("'"&TEXT(FD$5,"dd-mm-yy")&"'!$B$8:$AI$1000"),16,0)=$P$6)*1,"") | FO7: =IFERROR((VLOOKUP($B7,INDIRECT("'"&TEXT(FD$5,"dd-mm-yy")&"'!$B$8:$AI$1000"),16,0)=$Q$6)*1,"") | FP7: =IFERROR((VLOOKUP($B7,INDIRECT("'"&TEXT(FD$5,"dd-mm-yy")&"'!$B$8:$AI$1000"),17,0)=$R$6)*1,"") | FQ7: =IFERROR((VLOOKUP($B7,INDIRECT("'"&TEXT(FD$5,"dd-mm-yy")&"'!$B$8:$AI$1000"),17,0)=$S$6)*1,"") | FR7: =IFERROR((VLOOKUP($B7,INDIRECT("'"&TEXT(FR$5,"dd-mm-yy")&"'!$B$8:$AI$1000"),13,0)=$F$6)*1,"") | FS7: =IFERROR((VLOOKUP($B7,INDIRECT("'"&TEXT(FR$5,"dd-mm-yy")&"'!$B$8:$AI$1000"),13,0)=$G$6)*1,"") | FT7: =IFERROR((VLOOKUP($B7,INDIRECT("'"&TEXT(FR$5,"dd-mm-yy")&"'!$B$8:$AI$1000"),14,0)=$H$6)*1,"") | FU7: =IFERROR((VLOOKUP($B7,INDIRECT("'"&TEXT(FR$5,"dd-mm-yy")&"'!$B$8:$AI$1000"),14,0)=$I$6)*1,"") | FV7: =IFERROR((VLOOKUP($B7,INDIRECT("'"&TEXT(FR$5,"dd-mm-yy")&"'!$B$8:$AI$1000"),14,0)=$J$6)*1,"") | FW7: =IFERROR((VLOOKUP($B7,INDIRECT("'"&TEXT(FR$5,"dd-mm-yy")&"'!$B$8:$AI$1000"),14,0)=$K$6)*1,"") | FX7: =IFERROR((VLOOKUP($B7,INDIRECT("'"&TEXT(FR$5,"dd-mm-yy")&"'!$B$8:$AI$1000"),14,0)=$L$6)*1,"") | FY7: =IFERROR((VLOOKUP($B7,INDIRECT("'"&TEXT(FR$5,"dd-mm-yy")&"'!$B$8:$AI$1000"),14,0)=$M$6)*1,"") | FZ7: =IFERROR((VLOOKUP($B7,INDIRECT("'"&TEXT(FR$5,"dd-mm-yy")&"'!$B$8:$AI$1000"),14,0)=$N$6)*1,"") | GA7: =IFERROR((VLOOKUP($B7,INDIRECT("'"&TEXT(FR$5,"dd-mm-yy")&"'!$B$8:$AI$1000"),14,0)=$O$6)*1,"") | GB7: =IFERROR((VLOOKUP($B7,INDIRECT("'"&TEXT(FR$5,"dd-mm-yy")&"'!$B$8:$AI$1000"),16,0)=$P$6)*1,"") | GC7: =IFERROR((VLOOKUP($B7,INDIRECT("'"&TEXT(FR$5,"dd-mm-yy")&"'!$B$8:$AI$1000"),16,0)=$Q$6)*1,"") | GD7: =IFERROR((VLOOKUP($B7,INDIRECT("'"&TEXT(FR$5,"dd-mm-yy")&"'!$B$8:$AI$1000"),17,0)=$R$6)*1,"") | GE7: =IFERROR((VLOOKUP($B7,INDIRECT("'"&TEXT(FR$5,"dd-mm-yy")&"'!$B$8:$AI$1000"),17,0)=$S$6)*1,"") | GF7: =IFERROR((VLOOKUP($B7,INDIRECT("'"&TEXT(GF$5,"dd-mm-yy")&"'!$B$8:$AI$1000"),13,0)=$F$6)*1,"") | GG7: =IFERROR((VLOOKUP($B7,INDIRECT("'"&TEXT(GF$5,"dd-mm-yy")&"'!$B$8:$AI$1000"),13,0)=$G$6)*1,"") | GH7: =IFERROR((VLOOKUP($B7,INDIRECT("'"&TEXT(GF$5,"dd-mm-yy")&"'!$B$8:$AI$1000"),14,0)=$H$6)*1,"") | GI7: =IFERROR((VLOOKUP($B7,INDIRECT("'"&TEXT(GF$5,"dd-mm-yy")&"'!$B$8:$AI$1000"),14,0)=$I$6)*1,"") | GJ7: =IFERROR((VLOOKUP($B7,INDIRECT("'"&TEXT(GF$5,"dd-mm-yy")&"'!$B$8:$AI$1000"),14,0)=$J$6)*1,"") | GK7: =IFERROR((VLOOKUP($B7,INDIRECT("'"&TEXT(GF$5,"dd-mm-yy")&"'!$B$8:$AI$1000"),14,0)=$K$6)*1,"") | GL7: =IFERROR((VLOOKUP($B7,INDIRECT("'"&TEXT(GF$5,"dd-mm-yy")&"'!$B$8:$AI$1000"),14,0)=$L$6)*1,"") | GM7: =IFERROR((VLOOKUP($B7,INDIRECT("'"&TEXT(GF$5,"dd-mm-yy")&"'!$B$8:$AI$1000"),14,0)=$M$6)*1,"") | GN7: =IFERROR((VLOOKUP($B7,INDIRECT("'"&TEXT(GF$5,"dd-mm-yy")&"'!$B$8:$AI$1000"),14,0)=$N$6)*1,"") | GO7: =IFERROR((VLOOKUP($B7,INDIRECT("'"&TEXT(GF$5,"dd-mm-yy")&"'!$B$8:$AI$1000"),14,0)=$O$6)*1,"") | GP7: =IFERROR((VLOOKUP($B7,INDIRECT("'"&TEXT(GF$5,"dd-mm-yy")&"'!$B$8:$AI$1000"),16,0)=$P$6)*1,"") | GQ7: =IFERROR((VLOOKUP($B7,INDIRECT("'"&TEXT(GF$5,"dd-mm-yy")&"'!$B$8:$AI$1000"),16,0)=$Q$6)*1,"") | GR7: =IFERROR((VLOOKUP($B7,INDIRECT("'"&TEXT(GF$5,"dd-mm-yy")&"'!$B$8:$AI$1000"),17,0)=$R$6)*1,"") | GS7: =IFERROR((VLOOKUP($B7,INDIRECT("'"&TEXT(GF$5,"dd-mm-yy")&"'!$B$8:$AI$1000"),17,0)=$S$6)*1,"") | GT7: =IFERROR((VLOOKUP($B7,INDIRECT("'"&TEXT(GT$5,"dd-mm-yy")&"'!$B$8:$AI$1000"),13,0)=$F$6)*1,"") | GU7: =IFERROR((VLOOKUP($B7,INDIRECT("'"&TEXT(GT$5,"dd-mm-yy")&"'!$B$8:$AI$1000"),13,0)=$G$6)*1,"") | GV7: =IFERROR((VLOOKUP($B7,INDIRECT("'"&TEXT(GT$5,"dd-mm-yy")&"'!$B$8:$AI$1000"),14,0)=$H$6)*1,"") | GW7: =IFERROR((VLOOKUP($B7,INDIRECT("'"&TEXT(GT$5,"dd-mm-yy")&"'!$B$8:$AI$1000"),14,0)=$I$6)*1,"") | GX7: =IFERROR((VLOOKUP($B7,INDIRECT("'"&TEXT(GT$5,"dd-mm-yy")&"'!$B$8:$AI$1000"),14,0)=$J$6)*1,"") | GY7: =IFERROR((VLOOKUP($B7,INDIRECT("'"&TEXT(GT$5,"dd-mm-yy")&"'!$B$8:$AI$1000"),14,0)=$K$6)*1,"") | GZ7: =IFERROR((VLOOKUP($B7,INDIRECT("'"&TEXT(GT$5,"dd-mm-yy")&"'!$B$8:$AI$1000"),14,0)=$L$6)*1,"") | HA7: =IFERROR((VLOOKUP($B7,INDIRECT("'"&TEXT(GT$5,"dd-mm-yy")&"'!$B$8:$AI$1000"),14,0)=$M$6)*1,"") | HB7: =IFERROR((VLOOKUP($B7,INDIRECT("'"&TEXT(GT$5,"dd-mm-yy")&"'!$B$8:$AI$1000"),14,0)=$N$6)*1,"") | HC7: =IFERROR((VLOOKUP($B7,INDIRECT("'"&TEXT(GT$5,"dd-mm-yy")&"'!$B$8:$AI$1000"),14,0)=$O$6)*1,"") | HD7: =IFERROR((VLOOKUP($B7,INDIRECT("'"&TEXT(GT$5,"dd-mm-yy")&"'!$B$8:$AI$1000"),16,0)=$P$6)*1,"") | HE7: =IFERROR((VLOOKUP($B7,INDIRECT("'"&TEXT(GT$5,"dd-mm-yy")&"'!$B$8:$AI$1000"),16,0)=$Q$6)*1,"") | HF7: =IFERROR((VLOOKUP($B7,INDIRECT("'"&TEXT(GT$5,"dd-mm-yy")&"'!$B$8:$AI$1000"),17,0)=$R$6)*1,"") | HG7: =IFERROR((VLOOKUP($B7,INDIRECT("'"&TEXT(GT$5,"dd-mm-yy")&"'!$B$8:$AI$1000"),17,0)=$S$6)*1,"") | HH7: =IFERROR((VLOOKUP($B7,INDIRECT("'"&TEXT(HH$5,"dd-mm-yy")&"'!$B$8:$AI$1000"),13,0)=$F$6)*1,"") | HI7: =IFERROR((VLOOKUP($B7,INDIRECT("'"&TEXT(HH$5,"dd-mm-yy")&"'!$B$8:$AI$1000"),13,0)=$G$6)*1,"") | HJ7: =IFERROR((VLOOKUP($B7,INDIRECT("'"&TEXT(HH$5,"dd-mm-yy")&"'!$B$8:$AI$1000"),14,0)=$H$6)*1,"") | HK7: =IFERROR((VLOOKUP($B7,INDIRECT("'"&TEXT(HH$5,"dd-mm-yy")&"'!$B$8:$AI$1000"),14,0)=$I$6)*1,"") | HL7: =IFERROR((VLOOKUP($B7,INDIRECT("'"&TEXT(HH$5,"dd-mm-yy")&"'!$B$8:$AI$1000"),14,0)=$J$6)*1,"") | HM7: =IFERROR((VLOOKUP($B7,INDIRECT("'"&TEXT(HH$5,"dd-mm-yy")&"'!$B$8:$AI$1000"),14,0)=$K$6)*1,"") | HN7: =IFERROR((VLOOKUP($B7,INDIRECT("'"&TEXT(HH$5,"dd-mm-yy")&"'!$B$8:$AI$1000"),14,0)=$L$6)*1,"") | HO7: =IFERROR((VLOOKUP($B7,INDIRECT("'"&TEXT(HH$5,"dd-mm-yy")&"'!$B$8:$AI$1000"),14,0)=$M$6)*1,"") | HP7: =IFERROR((VLOOKUP($B7,INDIRECT("'"&TEXT(HH$5,"dd-mm-yy")&"'!$B$8:$AI$1000"),14,0)=$N$6)*1,"") | HQ7: =IFERROR((VLOOKUP($B7,INDIRECT("'"&TEXT(HH$5,"dd-mm-yy")&"'!$B$8:$AI$1000"),14,0)=$O$6)*1,"") | HR7: =IFERROR((VLOOKUP($B7,INDIRECT("'"&TEXT(HH$5,"dd-mm-yy")&"'!$B$8:$AI$1000"),16,0)=$P$6)*1,"") | HS7: =IFERROR((VLOOKUP($B7,INDIRECT("'"&TEXT(HH$5,"dd-mm-yy")&"'!$B$8:$AI$1000"),16,0)=$Q$6)*1,"") | HT7: =IFERROR((VLOOKUP($B7,INDIRECT("'"&TEXT(HH$5,"dd-mm-yy")&"'!$B$8:$AI$1000"),17,0)=$R$6)*1,"") | HU7: =IFERROR((VLOOKUP($B7,INDIRECT("'"&TEXT(HH$5,"dd-mm-yy")&"'!$B$8:$AI$1000"),17,0)=$S$6)*1,"") | HV7: =IFERROR((VLOOKUP($B7,INDIRECT("'"&TEXT(HV$5,"dd-mm-yy")&"'!$B$8:$AI$1000"),13,0)=$F$6)*1,"") | HW7: =IFERROR((VLOOKUP($B7,INDIRECT("'"&TEXT(HV$5,"dd-mm-yy")&"'!$B$8:$AI$1000"),13,0)=$G$6)*1,"") | HX7: =IFERROR((VLOOKUP($B7,INDIRECT("'"&TEXT(HV$5,"dd-mm-yy")&"'!$B$8:$AI$1000"),14,0)=$H$6)*1,"") | HY7: =IFERROR((VLOOKUP($B7,INDIRECT("'"&TEXT(HV$5,"dd-mm-yy")&"'!$B$8:$AI$1000"),14,0)=$I$6)*1,"") | HZ7: =IFERROR((VLOOKUP($B7,INDIRECT("'"&TEXT(HV$5,"dd-mm-yy")&"'!$B$8:$AI$1000"),14,0)=$J$6)*1,"") | IA7: =IFERROR((VLOOKUP($B7,INDIRECT("'"&TEXT(HV$5,"dd-mm-yy")&"'!$B$8:$AI$1000"),14,0)=$K$6)*1,"") | IB7: =IFERROR((VLOOKUP($B7,INDIRECT("'"&TEXT(HV$5,"dd-mm-yy")&"'!$B$8:$AI$1000"),14,0)=$L$6)*1,"") | IC7: =IFERROR((VLOOKUP($B7,INDIRECT("'"&TEXT(HV$5,"dd-mm-yy")&"'!$B$8:$AI$1000"),14,0)=$M$6)*1,"") | ID7: =IFERROR((VLOOKUP($B7,INDIRECT("'"&TEXT(HV$5,"dd-mm-yy")&"'!$B$8:$AI$1000"),14,0)=$N$6)*1,"") | IE7: =IFERROR((VLOOKUP($B7,INDIRECT("'"&TEXT(HV$5,"dd-mm-yy")&"'!$B$8:$AI$1000"),14,0)=$O$6)*1,"") | IF7: =IFERROR((VLOOKUP($B7,INDIRECT("'"&TEXT(HV$5,"dd-mm-yy")&"'!$B$8:$AI$1000"),16,0)=$P$6)*1,"") | IG7: =IFERROR((VLOOKUP($B7,INDIRECT("'"&TEXT(HV$5,"dd-mm-yy")&"'!$B$8:$AI$1000"),16,0)=$Q$6)*1,"") | IH7: =IFERROR((VLOOKUP($B7,INDIRECT("'"&TEXT(HV$5,"dd-mm-yy")&"'!$B$8:$AI$1000"),17,0)=$R$6)*1,"") | II7: =IFERROR((VLOOKUP($B7,INDIRECT("'"&TEXT(HV$5,"dd-mm-yy")&"'!$B$8:$AI$1000"),17,0)=$S$6)*1,"") | IJ7: =IFERROR((VLOOKUP($B7,INDIRECT("'"&TEXT(IJ$5,"dd-mm-yy")&"'!$B$8:$AI$1000"),13,0)=$F$6)*1,"") | IK7: =IFERROR((VLOOKUP($B7,INDIRECT("'"&TEXT(IJ$5,"dd-mm-yy")&"'!$B$8:$AI$1000"),13,0)=$G$6)*1,"") | IL7: =IFERROR((VLOOKUP($B7,INDIRECT("'"&TEXT(IJ$5,"dd-mm-yy")&"'!$B$8:$AI$1000"),14,0)=$H$6)*1,"") | IM7: =IFERROR((VLOOKUP($B7,INDIRECT("'"&TEXT(IJ$5,"dd-mm-yy")&"'!$B$8:$AI$1000"),14,0)=$I$6)*1,"") | IN7: =IFERROR((VLOOKUP($B7,INDIRECT("'"&TEXT(IJ$5,"dd-mm-yy")&"'!$B$8:$AI$1000"),14,0)=$J$6)*1,"") | IO7: =IFERROR((VLOOKUP($B7,INDIRECT("'"&TEXT(IJ$5,"dd-mm-yy")&"'!$B$8:$AI$1000"),14,0)=$K$6)*1,"") | IP7: =IFERROR((VLOOKUP($B7,INDIRECT("'"&TEXT(IJ$5,"dd-mm-yy")&"'!$B$8:$AI$1000"),14,0)=$L$6)*1,"") | IQ7: =IFERROR((VLOOKUP($B7,INDIRECT("'"&TEXT(IJ$5,"dd-mm-yy")&"'!$B$8:$AI$1000"),14,0)=$M$6)*1,"") | IR7: =IFERROR((VLOOKUP($B7,INDIRECT("'"&TEXT(IJ$5,"dd-mm-yy")&"'!$B$8:$AI$1000"),14,0)=$N$6)*1,"") | IS7: =IFERROR((VLOOKUP($B7,INDIRECT("'"&TEXT(IJ$5,"dd-mm-yy")&"'!$B$8:$AI$1000"),14,0)=$O$6)*1,"") | IT7: =IFERROR((VLOOKUP($B7,INDIRECT("'"&TEXT(IJ$5,"dd-mm-yy")&"'!$B$8:$AI$1000"),16,0)=$P$6)*1,"") | IU7: =IFERROR((VLOOKUP($B7,INDIRECT("'"&TEXT(IJ$5,"dd-mm-yy")&"'!$B$8:$AI$1000"),16,0)=$Q$6)*1,"") | IV7: =IFERROR((VLOOKUP($B7,INDIRECT("'"&TEXT(IJ$5,"dd-mm-yy")&"'!$B$8:$AI$1000"),17,0)=$R$6)*1,"") | IW7: =IFERROR((VLOOKUP($B7,INDIRECT("'"&TEXT(IJ$5,"dd-mm-yy")&"'!$B$8:$AI$1000"),17,0)=$S$6)*1,"") | IX7: =IFERROR((VLOOKUP($B7,INDIRECT("'"&TEXT(IX$5,"dd-mm-yy")&"'!$B$8:$AI$1000"),13,0)=$F$6)*1,"") | IY7: =IFERROR((VLOOKUP($B7,INDIRECT("'"&TEXT(IX$5,"dd-mm-yy")&"'!$B$8:$AI$1000"),13,0)=$G$6)*1,"") | IZ7: =IFERROR((VLOOKUP($B7,INDIRECT("'"&TEXT(IX$5,"dd-mm-yy")&"'!$B$8:$AI$1000"),14,0)=$H$6)*1,"") | JA7: =IFERROR((VLOOKUP($B7,INDIRECT("'"&TEXT(IX$5,"dd-mm-yy")&"'!$B$8:$AI$1000"),14,0)=$I$6)*1,"") | JB7: =IFERROR((VLOOKUP($B7,INDIRECT("'"&TEXT(IX$5,"dd-mm-yy")&"'!$B$8:$AI$1000"),14,0)=$J$6)*1,"") | JC7: =IFERROR((VLOOKUP($B7,INDIRECT("'"&TEXT(IX$5,"dd-mm-yy")&"'!$B$8:$AI$1000"),14,0)=$K$6)*1,"") | JD7: =IFERROR((VLOOKUP($B7,INDIRECT("'"&TEXT(IX$5,"dd-mm-yy")&"'!$B$8:$AI$1000"),14,0)=$L$6)*1,"") | JE7: =IFERROR((VLOOKUP($B7,INDIRECT("'"&TEXT(IX$5,"dd-mm-yy")&"'!$B$8:$AI$1000"),14,0)=$M$6)*1,"") | JF7: =IFERROR((VLOOKUP($B7,INDIRECT("'"&TEXT(IX$5,"dd-mm-yy")&"'!$B$8:$AI$1000"),14,0)=$N$6)*1,"") | JG7: =IFERROR((VLOOKUP($B7,INDIRECT("'"&TEXT(IX$5,"dd-mm-yy")&"'!$B$8:$AI$1000"),14,0)=$O$6)*1,"") | JH7: =IFERROR((VLOOKUP($B7,INDIRECT("'"&TEXT(IX$5,"dd-mm-yy")&"'!$B$8:$AI$1000"),16,0)=$P$6)*1,"") | JI7: =IFERROR((VLOOKUP($B7,INDIRECT("'"&TEXT(IX$5,"dd-mm-yy")&"'!$B$8:$AI$1000"),16,0)=$Q$6)*1,"") | JJ7: =IFERROR((VLOOKUP($B7,INDIRECT("'"&TEXT(IX$5,"dd-mm-yy")&"'!$B$8:$AI$1000"),17,0)=$R$6)*1,"") | JK7: =IFERROR((VLOOKUP($B7,INDIRECT("'"&TEXT(IX$5,"dd-mm-yy")&"'!$B$8:$AI$1000"),17,0)=$S$6)*1,"") | JL7: =IFERROR((VLOOKUP($B7,INDIRECT("'"&TEXT(JL$5,"dd-mm-yy")&"'!$B$8:$AI$1000"),13,0)=$F$6)*1,"") | JM7: =IFERROR((VLOOKUP($B7,INDIRECT("'"&TEXT(JL$5,"dd-mm-yy")&"'!$B$8:$AI$1000"),13,0)=$G$6)*1,"") | JN7: =IFERROR((VLOOKUP($B7,INDIRECT("'"&TEXT(JL$5,"dd-mm-yy")&"'!$B$8:$AI$1000"),14,0)=$H$6)*1,"") | JO7: =IFERROR((VLOOKUP($B7,INDIRECT("'"&TEXT(JL$5,"dd-mm-yy")&"'!$B$8:$AI$1000"),14,0)=$I$6)*1,"") | JP7: =IFERROR((VLOOKUP($B7,INDIRECT("'"&TEXT(JL$5,"dd-mm-yy")&"'!$B$8:$AI$1000"),14,0)=$J$6)*1,"") | JQ7: =IFERROR((VLOOKUP($B7,INDIRECT("'"&TEXT(JL$5,"dd-mm-yy")&"'!$B$8:$AI$1000"),14,0)=$K$6)*1,"") | JR7: =IFERROR((VLOOKUP($B7,INDIRECT("'"&TEXT(JL$5,"dd-mm-yy")&"'!$B$8:$AI$1000"),14,0)=$L$6)*1,"") | JS7: =IFERROR((VLOOKUP($B7,INDIRECT("'"&TEXT(JL$5,"dd-mm-yy")&"'!$B$8:$AI$1000"),14,0)=$M$6)*1,"") | JT7: =IFERROR((VLOOKUP($B7,INDIRECT("'"&TEXT(JL$5,"dd-mm-yy")&"'!$B$8:$AI$1000"),14,0)=$N$6)*1,"") | JU7: =IFERROR((VLOOKUP($B7,INDIRECT("'"&TEXT(JL$5,"dd-mm-yy")&"'!$B$8:$AI$1000"),14,0)=$O$6)*1,"") | JV7: =IFERROR((VLOOKUP($B7,INDIRECT("'"&TEXT(JL$5,"dd-mm-yy")&"'!$B$8:$AI$1000"),16,0)=$P$6)*1,"") | JW7: =IFERROR((VLOOKUP($B7,INDIRECT("'"&TEXT(JL$5,"dd-mm-yy")&"'!$B$8:$AI$1000"),16,0)=$Q$6)*1,"") | JX7: =IFERROR((VLOOKUP($B7,INDIRECT("'"&TEXT(JL$5,"dd-mm-yy")&"'!$B$8:$AI$1000"),17,0)=$R$6)*1,"") | JY7: =IFERROR((VLOOKUP($B7,INDIRECT("'"&TEXT(JL$5,"dd-mm-yy")&"'!$B$8:$AI$1000"),17,0)=$S$6)*1,"") | JZ7: =IFERROR((VLOOKUP($B7,INDIRECT("'"&TEXT(JZ$5,"dd-mm-yy")&"'!$B$8:$AI$1000"),13,0)=$F$6)*1,"") | KA7: =IFERROR((VLOOKUP($B7,INDIRECT("'"&TEXT(JZ$5,"dd-mm-yy")&"'!$B$8:$AI$1000"),13,0)=$G$6)*1,"") | KB7: =IFERROR((VLOOKUP($B7,INDIRECT("'"&TEXT(JZ$5,"dd-mm-yy")&"'!$B$8:$AI$1000"),14,0)=$H$6)*1,"") | KC7: =IFERROR((VLOOKUP($B7,INDIRECT("'"&TEXT(JZ$5,"dd-mm-yy")&"'!$B$8:$AI$1000"),14,0)=$I$6)*1,"") | KD7: =IFERROR((VLOOKUP($B7,INDIRECT("'"&TEXT(JZ$5,"dd-mm-yy")&"'!$B$8:$AI$1000"),14,0)=$J$6)*1,"") | KE7: =IFERROR((VLOOKUP($B7,INDIRECT("'"&TEXT(JZ$5,"dd-mm-yy")&"'!$B$8:$AI$1000"),14,0)=$K$6)*1,"") | KF7: =IFERROR((VLOOKUP($B7,INDIRECT("'"&TEXT(JZ$5,"dd-mm-yy")&"'!$B$8:$AI$1000"),14,0)=$L$6)*1,"") | KG7: =IFERROR((VLOOKUP($B7,INDIRECT("'"&TEXT(JZ$5,"dd-mm-yy")&"'!$B$8:$AI$1000"),14,0)=$M$6)*1,"") | KH7: =IFERROR((VLOOKUP($B7,INDIRECT("'"&TEXT(JZ$5,"dd-mm-yy")&"'!$B$8:$AI$1000"),14,0)=$N$6)*1,"") | KI7: =IFERROR((VLOOKUP($B7,INDIRECT("'"&TEXT(JZ$5,"dd-mm-yy")&"'!$B$8:$AI$1000"),14,0)=$O$6)*1,"") | KJ7: =IFERROR((VLOOKUP($B7,INDIRECT("'"&TEXT(JZ$5,"dd-mm-yy")&"'!$B$8:$AI$1000"),16,0)=$P$6)*1,"") | KK7: =IFERROR((VLOOKUP($B7,INDIRECT("'"&TEXT(JZ$5,"dd-mm-yy")&"'!$B$8:$AI$1000"),16,0)=$Q$6)*1,"") | KL7: =IFERROR((VLOOKUP($B7,INDIRECT("'"&TEXT(JZ$5,"dd-mm-yy")&"'!$B$8:$AI$1000"),17,0)=$R$6)*1,"") | KM7: =IFERROR((VLOOKUP($B7,INDIRECT("'"&TEXT(JZ$5,"dd-mm-yy")&"'!$B$8:$AI$1000"),17,0)=$S$6)*1,"") | KN7: =IFERROR((VLOOKUP($B7,INDIRECT("'"&TEXT(KN$5,"dd-mm-yy")&"'!$B$8:$AI$1000"),13,0)=$F$6)*1,"") | KO7: =IFERROR((VLOOKUP($B7,INDIRECT("'"&TEXT(KN$5,"dd-mm-yy")&"'!$B$8:$AI$1000"),13,0)=$G$6)*1,"") | KP7: =IFERROR((VLOOKUP($B7,INDIRECT("'"&TEXT(KN$5,"dd-mm-yy")&"'!$B$8:$AI$1000"),14,0)=$H$6)*1,"") | KQ7: =IFERROR((VLOOKUP($B7,INDIRECT("'"&TEXT(KN$5,"dd-mm-yy")&"'!$B$8:$AI$1000"),14,0)=$I$6)*1,"") | KR7: =IFERROR((VLOOKUP($B7,INDIRECT("'"&TEXT(KN$5,"dd-mm-yy")&"'!$B$8:$AI$1000"),14,0)=$J$6)*1,"") | KS7: =IFERROR((VLOOKUP($B7,INDIRECT("'"&TEXT(KN$5,"dd-mm-yy")&"'!$B$8:$AI$1000"),14,0)=$K$6)*1,"") | KT7: =IFERROR((VLOOKUP($B7,INDIRECT("'"&TEXT(KN$5,"dd-mm-yy")&"'!$B$8:$AI$1000"),14,0)=$L$6)*1,"") | KU7: =IFERROR((VLOOKUP($B7,INDIRECT("'"&TEXT(KN$5,"dd-mm-yy")&"'!$B$8:$AI$1000"),14,0)=$M$6)*1,"") | KV7: =IFERROR((VLOOKUP($B7,INDIRECT("'"&TEXT(KN$5,"dd-mm-yy")&"'!$B$8:$AI$1000"),14,0)=$N$6)*1,"") | KW7: =IFERROR((VLOOKUP($B7,INDIRECT("'"&TEXT(KN$5,"dd-mm-yy")&"'!$B$8:$AI$1000"),14,0)=$O$6)*1,"") | KX7: =IFERROR((VLOOKUP($B7,INDIRECT("'"&TEXT(KN$5,"dd-mm-yy")&"'!$B$8:$AI$1000"),16,0)=$P$6)*1,"") | KY7: =IFERROR((VLOOKUP($B7,INDIRECT("'"&TEXT(KN$5,"dd-mm-yy")&"'!$B$8:$AI$1000"),16,0)=$Q$6)*1,"") | KZ7: =IFERROR((VLOOKUP($B7,INDIRECT("'"&TEXT(KN$5,"dd-mm-yy")&"'!$B$8:$AI$1000"),17,0)=$R$6)*1,"") | LA7: =IFERROR((VLOOKUP($B7,INDIRECT("'"&TEXT(KN$5,"dd-mm-yy")&"'!$B$8:$AI$1000"),17,0)=$S$6)*1,"") | LB7: =IFERROR((VLOOKUP($B7,INDIRECT("'"&TEXT(LB$5,"dd-mm-yy")&"'!$B$8:$AI$1000"),13,0)=$F$6)*1,"") | LC7: =IFERROR((VLOOKUP($B7,INDIRECT("'"&TEXT(LB$5,"dd-mm-yy")&"'!$B$8:$AI$1000"),13,0)=$G$6)*1,"") | LD7: =IFERROR((VLOOKUP($B7,INDIRECT("'"&TEXT(LB$5,"dd-mm-yy")&"'!$B$8:$AI$1000"),14,0)=$H$6)*1,"") | LE7: =IFERROR((VLOOKUP($B7,INDIRECT("'"&TEXT(LB$5,"dd-mm-yy")&"'!$B$8:$AI$1000"),14,0)=$I$6)*1,"") | LF7: =IFERROR((VLOOKUP($B7,INDIRECT("'"&TEXT(LB$5,"dd-mm-yy")&"'!$B$8:$AI$1000"),14,0)=$J$6)*1,"") | LG7: =IFERROR((VLOOKUP($B7,INDIRECT("'"&TEXT(LB$5,"dd-mm-yy")&"'!$B$8:$AI$1000"),14,0)=$K$6)*1,"") | LH7: =IFERROR((VLOOKUP($B7,INDIRECT("'"&TEXT(LB$5,"dd-mm-yy")&"'!$B$8:$AI$1000"),14,0)=$L$6)*1,"") | LI7: =IFERROR((VLOOKUP($B7,INDIRECT("'"&TEXT(LB$5,"dd-mm-yy")&"'!$B$8:$AI$1000"),14,0)=$M$6)*1,"") | LJ7: =IFERROR((VLOOKUP($B7,INDIRECT("'"&TEXT(LB$5,"dd-mm-yy")&"'!$B$8:$AI$1000"),14,0)=$N$6)*1,"") | LK7: =IFERROR((VLOOKUP($B7,INDIRECT("'"&TEXT(LB$5,"dd-mm-yy")&"'!$B$8:$AI$1000"),14,0)=$O$6)*1,"") | LL7: =IFERROR((VLOOKUP($B7,INDIRECT("'"&TEXT(LB$5,"dd-mm-yy")&"'!$B$8:$AI$1000"),16,0)=$P$6)*1,"") | LM7: =IFERROR((VLOOKUP($B7,INDIRECT("'"&TEXT(LB$5,"dd-mm-yy")&"'!$B$8:$AI$1000"),16,0)=$Q$6)*1,"") | LN7: =IFERROR((VLOOKUP($B7,INDIRECT("'"&TEXT(LB$5,"dd-mm-yy")&"'!$B$8:$AI$1000"),17,0)=$R$6)*1,"") | LO7: =IFERROR((VLOOKUP($B7,INDIRECT("'"&TEXT(LB$5,"dd-mm-yy")&"'!$B$8:$AI$1000"),17,0)=$S$6)*1,"") | LP7: =IFERROR((VLOOKUP($B7,INDIRECT("'"&TEXT(LP$5,"dd-mm-yy")&"'!$B$8:$AI$1000"),13,0)=$F$6)*1,"") | LQ7: =IFERROR((VLOOKUP($B7,INDIRECT("'"&TEXT(LP$5,"dd-mm-yy")&"'!$B$8:$AI$1000"),13,0)=$G$6)*1,"") | LR7: =IFERROR((VLOOKUP($B7,INDIRECT("'"&TEXT(LP$5,"dd-mm-yy")&"'!$B$8:$AI$1000"),14,0)=$H$6)*1,"") | LS7: =IFERROR((VLOOKUP($B7,INDIRECT("'"&TEXT(LP$5,"dd-mm-yy")&"'!$B$8:$AI$1000"),14,0)=$I$6)*1,"") | LT7: =IFERROR((VLOOKUP($B7,INDIRECT("'"&TEXT(LP$5,"dd-mm-yy")&"'!$B$8:$AI$1000"),14,0)=$J$6)*1,"") | LU7: =IFERROR((VLOOKUP($B7,INDIRECT("'"&TEXT(LP$5,"dd-mm-yy")&"'!$B$8:$AI$1000"),14,0)=$K$6)*1,"") | LV7: =IFERROR((VLOOKUP($B7,INDIRECT("'"&TEXT(LP$5,"dd-mm-yy")&"'!$B$8:$AI$1000"),14,0)=$L$6)*1,"") | LW7: =IFERROR((VLOOKUP($B7,INDIRECT("'"&TEXT(LP$5,"dd-mm-yy")&"'!$B$8:$AI$1000"),14,0)=$M$6)*1,"") | LX7: =IFERROR((VLOOKUP($B7,INDIRECT("'"&TEXT(LP$5,"dd-mm-yy")&"'!$B$8:$AI$1000"),14,0)=$N$6)*1,"") | LY7: =IFERROR((VLOOKUP($B7,INDIRECT("'"&TEXT(LP$5,"dd-mm-yy")&"'!$B$8:$AI$1000"),14,0)=$O$6)*1,"") | LZ7: =IFERROR((VLOOKUP($B7,INDIRECT("'"&TEXT(LP$5,"dd-mm-yy")&"'!$B$8:$AI$1000"),16,0)=$P$6)*1,"") | MA7: =IFERROR((VLOOKUP($B7,INDIRECT("'"&TEXT(LP$5,"dd-mm-yy")&"'!$B$8:$AI$1000"),16,0)=$Q$6)*1,"") | MB7: =IFERROR((VLOOKUP($B7,INDIRECT("'"&TEXT(LP$5,"dd-mm-yy")&"'!$B$8:$AI$1000"),17,0)=$R$6)*1,"") | MC7: =IFERROR((VLOOKUP($B7,INDIRECT("'"&TEXT(LP$5,"dd-mm-yy")&"'!$B$8:$AI$1000"),17,0)=$S$6)*1,"") | MD7: =IFERROR((VLOOKUP($B7,INDIRECT("'"&TEXT(MD$5,"dd-mm-yy")&"'!$B$8:$AI$1000"),13,0)=$F$6)*1,"") | ME7: =IFERROR((VLOOKUP($B7,INDIRECT("'"&TEXT(MD$5,"dd-mm-yy")&"'!$B$8:$AI$1000"),13,0)=$G$6)*1,"") | MF7: =IFERROR((VLOOKUP($B7,INDIRECT("'"&TEXT(MD$5,"dd-mm-yy")&"'!$B$8:$AI$1000"),14,0)=$H$6)*1,"") | MG7: =IFERROR((VLOOKUP($B7,INDIRECT("'"&TEXT(MD$5,"dd-mm-yy")&"'!$B$8:$AI$1000"),14,0)=$I$6)*1,"") | MH7: =IFERROR((VLOOKUP($B7,INDIRECT("'"&TEXT(MD$5,"dd-mm-yy")&"'!$B$8:$AI$1000"),14,0)=$J$6)*1,"") | MI7: =IFERROR((VLOOKUP($B7,INDIRECT("'"&TEXT(MD$5,"dd-mm-yy")&"'!$B$8:$AI$1000"),14,0)=$K$6)*1,"") | MJ7: =IFERROR((VLOOKUP($B7,INDIRECT("'"&TEXT(MD$5,"dd-mm-yy")&"'!$B$8:$AI$1000"),14,0)=$L$6)*1,"") | MK7: =IFERROR((VLOOKUP($B7,INDIRECT("'"&TEXT(MD$5,"dd-mm-yy")&"'!$B$8:$AI$1000"),14,0)=$M$6)*1,"") | ML7: =IFERROR((VLOOKUP($B7,INDIRECT("'"&TEXT(MD$5,"dd-mm-yy")&"'!$B$8:$AI$1000"),14,0)=$N$6)*1,"") | MM7: =IFERROR((VLOOKUP($B7,INDIRECT("'"&TEXT(MD$5,"dd-mm-yy")&"'!$B$8:$AI$1000"),14,0)=$O$6)*1,"") | MN7: =IFERROR((VLOOKUP($B7,INDIRECT("'"&TEXT(MD$5,"dd-mm-yy")&"'!$B$8:$AI$1000"),16,0)=$P$6)*1,"") | MO7: =IFERROR((VLOOKUP($B7,INDIRECT("'"&TEXT(MD$5,"dd-mm-yy")&"'!$B$8:$AI$1000"),16,0)=$Q$6)*1,"") | MP7: =IFERROR((VLOOKUP($B7,INDIRECT("'"&TEXT(MD$5,"dd-mm-yy")&"'!$B$8:$AI$1000"),17,0)=$R$6)*1,"") | MQ7: =IFERROR((VLOOKUP($B7,INDIRECT("'"&TEXT(MD$5,"dd-mm-yy")&"'!$B$8:$AI$1000"),17,0)=$S$6)*1,"") | MR7: =IFERROR((VLOOKUP($B7,INDIRECT("'"&TEXT(MR$5,"dd-mm-yy")&"'!$B$8:$AI$1000"),13,0)=$F$6)*1,"") | MS7: =IFERROR((VLOOKUP($B7,INDIRECT("'"&TEXT(MR$5,"dd-mm-yy")&"'!$B$8:$AI$1000"),13,0)=$G$6)*1,"") | MT7: =IFERROR((VLOOKUP($B7,INDIRECT("'"&TEXT(MR$5,"dd-mm-yy")&"'!$B$8:$AI$1000"),14,0)=$H$6)*1,"") | MU7: =IFERROR((VLOOKUP($B7,INDIRECT("'"&TEXT(MR$5,"dd-mm-yy")&"'!$B$8:$AI$1000"),14,0)=$I$6)*1,"") | MV7: =IFERROR((VLOOKUP($B7,INDIRECT("'"&TEXT(MR$5,"dd-mm-yy")&"'!$B$8:$AI$1000"),14,0)=$J$6)*1,"") | MW7: =IFERROR((VLOOKUP($B7,INDIRECT("'"&TEXT(MR$5,"dd-mm-yy")&"'!$B$8:$AI$1000"),14,0)=$K$6)*1,"") | MX7: =IFERROR((VLOOKUP($B7,INDIRECT("'"&TEXT(MR$5,"dd-mm-yy")&"'!$B$8:$AI$1000"),14,0)=$L$6)*1,"") | MY7: =IFERROR((VLOOKUP($B7,INDIRECT("'"&TEXT(MR$5,"dd-mm-yy")&"'!$B$8:$AI$1000"),14,0)=$M$6)*1,"") | MZ7: =IFERROR((VLOOKUP($B7,INDIRECT("'"&TEXT(MR$5,"dd-mm-yy")&"'!$B$8:$AI$1000"),14,0)=$N$6)*1,"") | NA7: =IFERROR((VLOOKUP($B7,INDIRECT("'"&TEXT(MR$5,"dd-mm-yy")&"'!$B$8:$AI$1000"),14,0)=$O$6)*1,"") | NB7: =IFERROR((VLOOKUP($B7,INDIRECT("'"&TEXT(MR$5,"dd-mm-yy")&"'!$B$8:$AI$1000"),16,0)=$P$6)*1,"") | NC7: =IFERROR((VLOOKUP($B7,INDIRECT("'"&TEXT(MR$5,"dd-mm-yy")&"'!$B$8:$AI$1000"),16,0)=$Q$6)*1,"") | ND7: =IFERROR((VLOOKUP($B7,INDIRECT("'"&TEXT(MR$5,"dd-mm-yy")&"'!$B$8:$AI$1000"),17,0)=$R$6)*1,"") | NE7: =IFERROR((VLOOKUP($B7,INDIRECT("'"&TEXT(MR$5,"dd-mm-yy")&"'!$B$8:$AI$1000"),17,0)=$S$6)*1,"") | NF7: =IFERROR((VLOOKUP($B7,INDIRECT("'"&TEXT(NF$5,"dd-mm-yy")&"'!$B$8:$AI$1000"),13,0)=$F$6)*1,"") | NG7: =IFERROR((VLOOKUP($B7,INDIRECT("'"&TEXT(NF$5,"dd-mm-yy")&"'!$B$8:$AI$1000"),13,0)=$G$6)*1,"") | NH7: =IFERROR((VLOOKUP($B7,INDIRECT("'"&TEXT(NF$5,"dd-mm-yy")&"'!$B$8:$AI$1000"),14,0)=$H$6)*1,"") | NI7: =IFERROR((VLOOKUP($B7,INDIRECT("'"&TEXT(NF$5,"dd-mm-yy")&"'!$B$8:$AI$1000"),14,0)=$I$6)*1,"") | NJ7: =IFERROR((VLOOKUP($B7,INDIRECT("'"&TEXT(NF$5,"dd-mm-yy")&"'!$B$8:$AI$1000"),14,0)=$J$6)*1,"") | NK7: =IFERROR((VLOOKUP($B7,INDIRECT("'"&TEXT(NF$5,"dd-mm-yy")&"'!$B$8:$AI$1000"),14,0)=$K$6)*1,"") | NL7: =IFERROR((VLOOKUP($B7,INDIRECT("'"&TEXT(NF$5,"dd-mm-yy")&"'!$B$8:$AI$1000"),14,0)=$L$6)*1,"") | NM7: =IFERROR((VLOOKUP($B7,INDIRECT("'"&TEXT(NF$5,"dd-mm-yy")&"'!$B$8:$AI$1000"),14,0)=$M$6)*1,"") | NN7: =IFERROR((VLOOKUP($B7,INDIRECT("'"&TEXT(NF$5,"dd-mm-yy")&"'!$B$8:$AI$1000"),14,0)=$N$6)*1,"") | NO7: =IFERROR((VLOOKUP($B7,INDIRECT("'"&TEXT(NF$5,"dd-mm-yy")&"'!$B$8:$AI$1000"),14,0)=$O$6)*1,"") | NP7: =IFERROR((VLOOKUP($B7,INDIRECT("'"&TEXT(NF$5,"dd-mm-yy")&"'!$B$8:$AI$1000"),16,0)=$P$6)*1,"") | NQ7: =IFERROR((VLOOKUP($B7,INDIRECT("'"&TEXT(NF$5,"dd-mm-yy")&"'!$B$8:$AI$1000"),16,0)=$Q$6)*1,"") | NR7: =IFERROR((VLOOKUP($B7,INDIRECT("'"&TEXT(NF$5,"dd-mm-yy")&"'!$B$8:$AI$1000"),17,0)=$R$6)*1,"") | NS7: =IFERROR((VLOOKUP($B7,INDIRECT("'"&TEXT(NF$5,"dd-mm-yy")&"'!$B$8:$AI$1000"),17,0)=$S$6)*1,"") | NT7: =IFERROR((VLOOKUP($B7,INDIRECT("'"&TEXT(NT$5,"dd-mm-yy")&"'!$B$8:$AI$1000"),13,0)=$F$6)*1,"") | NU7: =IFERROR((VLOOKUP($B7,INDIRECT("'"&TEXT(NT$5,"dd-mm-yy")&"'!$B$8:$AI$1000"),13,0)=$G$6)*1,"") | NV7: =IFERROR((VLOOKUP($B7,INDIRECT("'"&TEXT(NT$5,"dd-mm-yy")&"'!$B$8:$AI$1000"),14,0)=$H$6)*1,"") | NW7: =IFERROR((VLOOKUP($B7,INDIRECT("'"&TEXT(NT$5,"dd-mm-yy")&"'!$B$8:$AI$1000"),14,0)=$I$6)*1,"") | NX7: =IFERROR((VLOOKUP($B7,INDIRECT("'"&TEXT(NT$5,"dd-mm-yy")&"'!$B$8:$AI$1000"),14,0)=$J$6)*1,"") | NY7: =IFERROR((VLOOKUP($B7,INDIRECT("'"&TEXT(NT$5,"dd-mm-yy")&"'!$B$8:$AI$1000"),14,0)=$K$6)*1,"") | NZ7: =IFERROR((VLOOKUP($B7,INDIRECT("'"&TEXT(NT$5,"dd-mm-yy")&"'!$B$8:$AI$1000"),14,0)=$L$6)*1,"") | OA7: =IFERROR((VLOOKUP($B7,INDIRECT("'"&TEXT(NT$5,"dd-mm-yy")&"'!$B$8:$AI$1000"),14,0)=$M$6)*1,"") | OB7: =IFERROR((VLOOKUP($B7,INDIRECT("'"&TEXT(NT$5,"dd-mm-yy")&"'!$B$8:$AI$1000"),14,0)=$N$6)*1,"") | OC7: =IFERROR((VLOOKUP($B7,INDIRECT("'"&TEXT(NT$5,"dd-mm-yy")&"'!$B$8:$AI$1000"),14,0)=$O$6)*1,"") | OD7: =IFERROR((VLOOKUP($B7,INDIRECT("'"&TEXT(NT$5,"dd-mm-yy")&"'!$B$8:$AI$1000"),16,0)=$P$6)*1,"") | OE7: =IFERROR((VLOOKUP($B7,INDIRECT("'"&TEXT(NT$5,"dd-mm-yy")&"'!$B$8:$AI$1000"),16,0)=$Q$6)*1,"") | OF7: =IFERROR((VLOOKUP($B7,INDIRECT("'"&TEXT(NT$5,"dd-mm-yy")&"'!$B$8:$AI$1000"),17,0)=$R$6)*1,"") | OG7: =IFERROR((VLOOKUP($B7,INDIRECT("'"&TEXT(NT$5,"dd-mm-yy")&"'!$B$8:$AI$1000"),17,0)=$S$6)*1,"") | OH7: =IFERROR((VLOOKUP($B7,INDIRECT("'"&TEXT(OH$5,"dd-mm-yy")&"'!$B$8:$AI$1000"),13,0)=$F$6)*1,"") | OI7: =IFERROR((VLOOKUP($B7,INDIRECT("'"&TEXT(OH$5,"dd-mm-yy")&"'!$B$8:$AI$1000"),13,0)=$G$6)*1,"") | OJ7: =IFERROR((VLOOKUP($B7,INDIRECT("'"&TEXT(OH$5,"dd-mm-yy")&"'!$B$8:$AI$1000"),14,0)=$H$6)*1,"") | OK7: =IFERROR((VLOOKUP($B7,INDIRECT("'"&TEXT(OH$5,"dd-mm-yy")&"'!$B$8:$AI$1000"),14,0)=$I$6)*1,"") | OL7: =IFERROR((VLOOKUP($B7,INDIRECT("'"&TEXT(OH$5,"dd-mm-yy")&"'!$B$8:$AI$1000"),14,0)=$J$6)*1,"") | OM7: =IFERROR((VLOOKUP($B7,INDIRECT("'"&TEXT(OH$5,"dd-mm-yy")&"'!$B$8:$AI$1000"),14,0)=$K$6)*1,"") | ON7: =IFERROR((VLOOKUP($B7,INDIRECT("'"&TEXT(OH$5,"dd-mm-yy")&"'!$B$8:$AI$1000"),14,0)=$L$6)*1,"") | OO7: =IFERROR((VLOOKUP($B7,INDIRECT("'"&TEXT(OH$5,"dd-mm-yy")&"'!$B$8:$AI$1000"),14,0)=$M$6)*1,"") | OP7: =IFERROR((VLOOKUP($B7,INDIRECT("'"&TEXT(OH$5,"dd-mm-yy")&"'!$B$8:$AI$1000"),14,0)=$N$6)*1,"") | OQ7: =IFERROR((VLOOKUP($B7,INDIRECT("'"&TEXT(OH$5,"dd-mm-yy")&"'!$B$8:$AI$1000"),14,0)=$O$6)*1,"") | OR7: =IFERROR((VLOOKUP($B7,INDIRECT("'"&TEXT(OH$5,"dd-mm-yy")&"'!$B$8:$AI$1000"),16,0)=$P$6)*1,"") | OS7: =IFERROR((VLOOKUP($B7,INDIRECT("'"&TEXT(OH$5,"dd-mm-yy")&"'!$B$8:$AI$1000"),16,0)=$Q$6)*1,"") | OT7: =IFERROR((VLOOKUP($B7,INDIRECT("'"&TEXT(OH$5,"dd-mm-yy")&"'!$B$8:$AI$1000"),17,0)=$R$6)*1,"") | OU7: =IFERROR((VLOOKUP($B7,INDIRECT("'"&TEXT(OH$5,"dd-mm-yy")&"'!$B$8:$AI$1000"),17,0)=$S$6)*1,"") | OV7: =IFERROR((VLOOKUP($B7,INDIRECT("'"&TEXT(OV$5,"dd-mm-yy")&"'!$B$8:$AI$1000"),13,0)=$F$6)*1,"") | OW7: =IFERROR((VLOOKUP($B7,INDIRECT("'"&TEXT(OV$5,"dd-mm-yy")&"'!$B$8:$AI$1000"),13,0)=$G$6)*1,"") | OX7: =IFERROR((VLOOKUP($B7,INDIRECT("'"&TEXT(OV$5,"dd-mm-yy")&"'!$B$8:$AI$1000"),14,0)=$H$6)*1,"") | OY7: =IFERROR((VLOOKUP($B7,INDIRECT("'"&TEXT(OV$5,"dd-mm-yy")&"'!$B$8:$AI$1000"),14,0)=$I$6)*1,"") | OZ7: =IFERROR((VLOOKUP($B7,INDIRECT("'"&TEXT(OV$5,"dd-mm-yy")&"'!$B$8:$AI$1000"),14,0)=$J$6)*1,"") | PA7: =IFERROR((VLOOKUP($B7,INDIRECT("'"&TEXT(OV$5,"dd-mm-yy")&"'!$B$8:$AI$1000"),14,0)=$K$6)*1,"") | PB7: =IFERROR((VLOOKUP($B7,INDIRECT("'"&TEXT(OV$5,"dd-mm-yy")&"'!$B$8:$AI$1000"),14,0)=$L$6)*1,"") | PC7: =IFERROR((VLOOKUP($B7,INDIRECT("'"&TEXT(OV$5,"dd-mm-yy")&"'!$B$8:$AI$1000"),14,0)=$M$6)*1,"") | PD7: =IFERROR((VLOOKUP($B7,INDIRECT("'"&TEXT(OV$5,"dd-mm-yy")&"'!$B$8:$AI$1000"),14,0)=$N$6)*1,"") | PE7: =IFERROR((VLOOKUP($B7,INDIRECT("'"&TEXT(OV$5,"dd-mm-yy")&"'!$B$8:$AI$1000"),14,0)=$O$6)*1,"") | PF7: =IFERROR((VLOOKUP($B7,INDIRECT("'"&TEXT(OV$5,"dd-mm-yy")&"'!$B$8:$AI$1000"),16,0)=$P$6)*1,"") | PG7: =IFERROR((VLOOKUP($B7,INDIRECT("'"&TEXT(OV$5,"dd-mm-yy")&"'!$B$8:$AI$1000"),16,0)=$Q$6)*1,"") | PH7: =IFERROR((VLOOKUP($B7,INDIRECT("'"&TEXT(OV$5,"dd-mm-yy")&"'!$B$8:$AI$1000"),17,0)=$R$6)*1,"") | PI7: =IFERROR((VLOOKUP($B7,INDIRECT("'"&TEXT(OV$5,"dd-mm-yy")&"'!$B$8:$AI$1000"),17,0)=$S$6)*1,"") | PJ7: =IFERROR((VLOOKUP($B7,INDIRECT("'"&TEXT(PJ$5,"dd-mm-yy")&"'!$B$8:$AI$1000"),13,0)=$F$6)*1,"") | PK7: =IFERROR((VLOOKUP($B7,INDIRECT("'"&TEXT(PJ$5,"dd-mm-yy")&"'!$B$8:$AI$1000"),13,0)=$G$6)*1,"") | PL7: =IFERROR((VLOOKUP($B7,INDIRECT("'"&TEXT(PJ$5,"dd-mm-yy")&"'!$B$8:$AI$1000"),14,0)=$H$6)*1,"") | PM7: =IFERROR((VLOOKUP($B7,INDIRECT("'"&TEXT(PJ$5,"dd-mm-yy")&"'!$B$8:$AI$1000"),14,0)=$I$6)*1,"") | PN7: =IFERROR((VLOOKUP($B7,INDIRECT("'"&TEXT(PJ$5,"dd-mm-yy")&"'!$B$8:$AI$1000"),14,0)=$J$6)*1,"") | PO7: =IFERROR((VLOOKUP($B7,INDIRECT("'"&TEXT(PJ$5,"dd-mm-yy")&"'!$B$8:$AI$1000"),14,0)=$K$6)*1,"") | PP7: =IFERROR((VLOOKUP($B7,INDIRECT("'"&TEXT(PJ$5,"dd-mm-yy")&"'!$B$8:$AI$1000"),14,0)=$L$6)*1,"") | PQ7: =IFERROR((VLOOKUP($B7,INDIRECT("'"&TEXT(PJ$5,"dd-mm-yy")&"'!$B$8:$AI$1000"),14,0)=$M$6)*1,"") | PR7: =IFERROR((VLOOKUP($B7,INDIRECT("'"&TEXT(PJ$5,"dd-mm-yy")&"'!$B$8:$AI$1000"),14,0)=$N$6)*1,"") | PS7: =IFERROR((VLOOKUP($B7,INDIRECT("'"&TEXT(PJ$5,"dd-mm-yy")&"'!$B$8:$AI$1000"),14,0)=$O$6)*1,"") | PT7: =IFERROR((VLOOKUP($B7,INDIRECT("'"&TEXT(PJ$5,"dd-mm-yy")&"'!$B$8:$AI$1000"),16,0)=$P$6)*1,"") | PU7: =IFERROR((VLOOKUP($B7,INDIRECT("'"&TEXT(PJ$5,"dd-mm-yy")&"'!$B$8:$AI$1000"),16,0)=$Q$6)*1,"") | PV7: =IFERROR((VLOOKUP($B7,INDIRECT("'"&TEXT(PJ$5,"dd-mm-yy")&"'!$B$8:$AI$1000"),17,0)=$R$6)*1,"") | PW7: =IFERROR((VLOOKUP($B7,INDIRECT("'"&TEXT(PJ$5,"dd-mm-yy")&"'!$B$8:$AI$1000"),17,0)=$S$6)*1,"") | PX7: =IFERROR((VLOOKUP($B7,INDIRECT("'"&TEXT(PX$5,"dd-mm-yy")&"'!$B$8:$AI$1000"),13,0)=$F$6)*1,"") | PY7: =IFERROR((VLOOKUP($B7,INDIRECT("'"&TEXT(PX$5,"dd-mm-yy")&"'!$B$8:$AI$1000"),13,0)=$G$6)*1,"") | PZ7: =IFERROR((VLOOKUP($B7,INDIRECT("'"&TEXT(PX$5,"dd-mm-yy")&"'!$B$8:$AI$1000"),14,0)=$H$6)*1,"") | QA7: =IFERROR((VLOOKUP($B7,INDIRECT("'"&TEXT(PX$5,"dd-mm-yy")&"'!$B$8:$AI$1000"),14,0)=$I$6)*1,"") | QB7: =IFERROR((VLOOKUP($B7,INDIRECT("'"&TEXT(PX$5,"dd-mm-yy")&"'!$B$8:$AI$1000"),14,0)=$J$6)*1,"") | QC7: =IFERROR((VLOOKUP($B7,INDIRECT("'"&TEXT(PX$5,"dd-mm-yy")&"'!$B$8:$AI$1000"),14,0)=$K$6)*1,"") | QD7: =IFERROR((VLOOKUP($B7,INDIRECT("'"&TEXT(PX$5,"dd-mm-yy")&"'!$B$8:$AI$1000"),14,0)=$L$6)*1,"") | QE7: =IFERROR((VLOOKUP($B7,INDIRECT("'"&TEXT(PX$5,"dd-mm-yy")&"'!$B$8:$AI$1000"),14,0)=$M$6)*1,"") | QF7: =IFERROR((VLOOKUP($B7,INDIRECT("'"&TEXT(PX$5,"dd-mm-yy")&"'!$B$8:$AI$1000"),14,0)=$N$6)*1,"") | QG7: =IFERROR((VLOOKUP($B7,INDIRECT("'"&TEXT(PX$5,"dd-mm-yy")&"'!$B$8:$AI$1000"),14,0)=$O$6)*1,"") | QH7: =IFERROR((VLOOKUP($B7,INDIRECT("'"&TEXT(PX$5,"dd-mm-yy")&"'!$B$8:$AI$1000"),16,0)=$P$6)*1,"") | QI7: =IFERROR((VLOOKUP($B7,INDIRECT("'"&TEXT(PX$5,"dd-mm-yy")&"'!$B$8:$AI$1000"),16,0)=$Q$6)*1,"") | QJ7: =IFERROR((VLOOKUP($B7,INDIRECT("'"&TEXT(PX$5,"dd-mm-yy")&"'!$B$8:$AI$1000"),17,0)=$R$6)*1,"") | QK7: =IFERROR((VLOOKUP($B7,INDIRECT("'"&TEXT(PX$5,"dd-mm-yy")&"'!$B$8:$AI$1000"),17,0)=$S$6)*1,"")
B8: =Colaboradores!B6 -> 4020 | C8: =Colaboradores!C6 -> Núñez Torres, Luis | D8: =IFERROR(F8/$D$4,0) -> 0 | E8: =IFERROR(P8/$D$4,0) -> 0 | F8: =IF(SUMIF($T$4:$AAB$4,F$6,$T8:$AAB8)=0,"",SUMIF($T$4:$AAB$4,F$6,$T8:$AAB8)) | G8: =IF(SUMIF($T$4:$AAB$4,G$6,$T8:$AAB8)=0,"",SUMIF($T$4:$AAB$4,G$6,$T8:$AAB8)) | H8: =IF(SUMIF($T$4:$AAB$4,H$6,$T8:$AAB8)=0,"",SUMIF($T$4:$AAB$4,H$6,$T8:$AAB8)) | I8: =IF(SUMIF($T$4:$AAB$4,I$6,$T8:$AAB8)=0,"",SUMIF($T$4:$AAB$4,I$6,$T8:$AAB8)) | J8: =IF(SUMIF($T$4:$AAB$4,J$6,$T8:$AAB8)=0,"",SUMIF($T$4:$AAB$4,J$6,$T8:$AAB8)) | K8: =IF(SUMIF($T$4:$AAB$4,K$6,$T8:$AAB8)=0,"",SUMIF($T$4:$AAB$4,K$6,$T8:$AAB8)) | L8: =IF(SUMIF($T$4:$AAB$4,L$6,$T8:$AAB8)=0,"",SUMIF($T$4:$AAB$4,L$6,$T8:$AAB8)) | M8: =IF(SUMIF($T$4:$AAB$4,M$6,$T8:$AAB8)=0,"",SUMIF($T$4:$AAB$4,M$6,$T8:$AAB8)) | ... S8: =IF(SUMIF($T$4:$AAB$4,S$6,$T8:$AAB8)=0,"",SUMIF($T$4:$AAB$4,S$6,$T8:$AAB8)) | T8: =IFERROR((VLOOKUP($B8,INDIRECT("'"&TEXT(T$5,"dd-mm-yy")&"'!$B$8:$AI$1000"),13,0)=$F$6)*1,"") | U8: =IFERROR((VLOOKUP($B8,INDIRECT("'"&TEXT(T$5,"dd-mm-yy")&"'!$B$8:$AI$1000"),13,0)=$G$6)*1,"") | V8: =IFERROR((VLOOKUP($B8,INDIRECT("'"&TEXT(T$5,"dd-mm-yy")&"'!$B$8:$AI$1000"),14,0)=$H$6)*1,"") | W8: =IFERROR((VLOOKUP($B8,INDIRECT("'"&TEXT(T$5,"dd-mm-yy")&"'!$B$8:$AI$1000"),14,0)=$I$6)*1,"") | X8: =IFERROR((VLOOKUP($B8,INDIRECT("'"&TEXT(T$5,"dd-mm-yy")&"'!$B$8:$AI$1000"),14,0)=$J$6)*1,"") | Y8: =IFERROR((VLOOKUP($B8,INDIRECT("'"&TEXT(T$5,"dd-mm-yy")&"'!$B$8:$AI$1000"),14,0)=$K$6)*1,"") | Z8: =IFERROR((VLOOKUP($B8,INDIRECT("'"&TEXT(T$5,"dd-mm-yy")&"'!$B$8:$AI$1000"),14,0)=$L$6)*1,"") | AA8: =IFERROR((VLOOKUP($B8,INDIRECT("'"&TEXT(T$5,"dd-mm-yy")&"'!$B$8:$AI$1000"),14,0)=$M$6)*1,"") | AB8: =IFERROR((VLOOKUP($B8,INDIRECT("'"&TEXT(T$5,"dd-mm-yy")&"'!$B$8:$AI$1000"),14,0)=$N$6)*1,"") | AC8: =IFERROR((VLOOKUP($B8,INDIRECT("'"&TEXT(T$5,"dd-mm-yy")&"'!$B$8:$AI$1000"),14,0)=$O$6)*1,"") | AD8: =IFERROR((VLOOKUP($B8,INDIRECT("'"&TEXT(T$5,"dd-mm-yy")&"'!$B$8:$AI$1000"),16,0)=$P$6)*1,"") | AE8: =IFERROR((VLOOKUP($B8,INDIRECT("'"&TEXT(T$5,"dd-mm-yy")&"'!$B$8:$AI$1000"),16,0)=$Q$6)*1,"") | AF8: =IFERROR((VLOOKUP($B8,INDIRECT("'"&TEXT(T$5,"dd-mm-yy")&"'!$B$8:$AI$1000"),17,0)=$R$6)*1,"") | AG8: =IFERROR((VLOOKUP($B8,INDIRECT("'"&TEXT(T$5,"dd-mm-yy")&"'!$B$8:$AI$1000"),17,0)=$S$6)*1,"") | AH8: =IFERROR((VLOOKUP($B8,INDIRECT("'"&TEXT(AH$5,"dd-mm-yy")&"'!$B$8:$AI$1000"),13,0)=$F$6)*1,"") | AI8: =IFERROR((VLOOKUP($B8,INDIRECT("'"&TEXT(AH$5,"dd-mm-yy")&"'!$B$8:$AI$1000"),13,0)=$G$6)*1,"") | AJ8: =IFERROR((VLOOKUP($B8,INDIRECT("'"&TEXT(AH$5,"dd-mm-yy")&"'!$B$8:$AI$1000"),14,0)=$H$6)*1,"") | AK8: =IFERROR((VLOOKUP($B8,INDIRECT("'"&TEXT(AH$5,"dd-mm-yy")&"'!$B$8:$AI$1000"),14,0)=$I$6)*1,"") | AL8: =IFERROR((VLOOKUP($B8,INDIRECT("'"&TEXT(AH$5,"dd-mm-yy")&"'!$B$8:$AI$1000"),14,0)=$J$6)*1,"") | AM8: =IFERROR((VLOOKUP($B8,INDIRECT("'"&TEXT(AH$5,"dd-mm-yy")&"'!$B$8:$AI$1000"),14,0)=$K$6)*1,"") | AN8: =IFERROR((VLOOKUP($B8,INDIRECT("'"&TEXT(AH$5,"dd-mm-yy")&"'!$B$8:$AI$1000"),14,0)=$L$6)*1,"") | AO8: =IFERROR((VLOOKUP($B8,INDIRECT("'"&TEXT(AH$5,"dd-mm-yy")&"'!$B$8:$AI$1000"),14,0)=$M$6)*1,"") | AP8: =IFERROR((VLOOKUP($B8,INDIRECT("'"&TEXT(AH$5,"dd-mm-yy")&"'!$B$8:$AI$1000"),14,0)=$N$6)*1,"") | AQ8: =IFERROR((VLOOKUP($B8,INDIRECT("'"&TEXT(AH$5,"dd-mm-yy")&"'!$B$8:$AI$1000"),14,0)=$O$6)*1,"") | AR8: =IFERROR((VLOOKUP($B8,INDIRECT("'"&TEXT(AH$5,"dd-mm-yy")&"'!$B$8:$AI$1000"),16,0)=$P$6)*1,"") | AS8: =IFERROR((VLOOKUP($B8,INDIRECT("'"&TEXT(AH$5,"dd-mm-yy")&"'!$B$8:$AI$1000"),16,0)=$Q$6)*1,"") | AT8: =IFERROR((VLOOKUP($B8,INDIRECT("'"&TEXT(AH$5,"dd-mm-yy")&"'!$B$8:$AI$1000"),17,0)=$R$6)*1,"") | AU8: =IFERROR((VLOOKUP($B8,INDIRECT("'"&TEXT(AH$5,"dd-mm-yy")&"'!$B$8:$AI$1000"),17,0)=$S$6)*1,"") | AV8: =IFERROR((VLOOKUP($B8,INDIRECT("'"&TEXT(AV$5,"dd-mm-yy")&"'!$B$8:$AI$1000"),13,0)=$F$6)*1,"") | AW8: =IFERROR((VLOOKUP($B8,INDIRECT("'"&TEXT(AV$5,"dd-mm-yy")&"'!$B$8:$AI$1000"),13,0)=$G$6)*1,"") | AX8: =IFERROR((VLOOKUP($B8,INDIRECT("'"&TEXT(AV$5,"dd-mm-yy")&"'!$B$8:$AI$1000"),14,0)=$H$6)*1,"") | AY8: =IFERROR((VLOOKUP($B8,INDIRECT("'"&TEXT(AV$5,"dd-mm-yy")&"'!$B$8:$AI$1000"),14,0)=$I$6)*1,"") | AZ8: =IFERROR((VLOOKUP($B8,INDIRECT("'"&TEXT(AV$5,"dd-mm-yy")&"'!$B$8:$AI$1000"),14,0)=$J$6)*1,"") | BA8: =IFERROR((VLOOKUP($B8,INDIRECT("'"&TEXT(AV$5,"dd-mm-yy")&"'!$B$8:$AI$1000"),14,0)=$K$6)*1,"") | BB8: =IFERROR((VLOOKUP($B8,INDIRECT("'"&TEXT(AV$5,"dd-mm-yy")&"'!$B$8:$AI$1000"),14,0)=$L$6)*1,"") | BC8: =IFERROR((VLOOKUP($B8,INDIRECT("'"&TEXT(AV$5,"dd-mm-yy")&"'!$B$8:$AI$1000"),14,0)=$M$6)*1,"") | BD8: =IFERROR((VLOOKUP($B8,INDIRECT("'"&TEXT(AV$5,"dd-mm-yy")&"'!$B$8:$AI$1000"),14,0)=$N$6)*1,"") | BE8: =IFERROR((VLOOKUP($B8,INDIRECT("'"&TEXT(AV$5,"dd-mm-yy")&"'!$B$8:$AI$1000"),14,0)=$O$6)*1,"") | BF8: =IFERROR((VLOOKUP($B8,INDIRECT("'"&TEXT(AV$5,"dd-mm-yy")&"'!$B$8:$AI$1000"),16,0)=$P$6)*1,"") | BG8: =IFERROR((VLOOKUP($B8,INDIRECT("'"&TEXT(AV$5,"dd-mm-yy")&"'!$B$8:$AI$1000"),16,0)=$Q$6)*1,"") | BH8: =IFERROR((VLOOKUP($B8,INDIRECT("'"&TEXT(AV$5,"dd-mm-yy")&"'!$B$8:$AI$1000"),17,0)=$R$6)*1,"") | BI8: =IFERROR((VLOOKUP($B8,INDIRECT("'"&TEXT(AV$5,"dd-mm-yy")&"'!$B$8:$AI$1000"),17,0)=$S$6)*1,"") | BJ8: =IFERROR((VLOOKUP($B8,INDIRECT("'"&TEXT(BJ$5,"dd-mm-yy")&"'!$B$8:$AI$1000"),13,0)=$F$6)*1,"") | BK8: =IFERROR((VLOOKUP($B8,INDIRECT("'"&TEXT(BJ$5,"dd-mm-yy")&"'!$B$8:$AI$1000"),13,0)=$G$6)*1,"") | BL8: =IFERROR((VLOOKUP($B8,INDIRECT("'"&TEXT(BJ$5,"dd-mm-yy")&"'!$B$8:$AI$1000"),14,0)=$H$6)*1,"") | BM8: =IFERROR((VLOOKUP($B8,INDIRECT("'"&TEXT(BJ$5,"dd-mm-yy")&"'!$B$8:$AI$1000"),14,0)=$I$6)*1,"") | BN8: =IFERROR((VLOOKUP($B8,INDIRECT("'"&TEXT(BJ$5,"dd-mm-yy")&"'!$B$8:$AI$1000"),14,0)=$J$6)*1,"") | BO8: =IFERROR((VLOOKUP($B8,INDIRECT("'"&TEXT(BJ$5,"dd-mm-yy")&"'!$B$8:$AI$1000"),14,0)=$K$6)*1,"") | BP8: =IFERROR((VLOOKUP($B8,INDIRECT("'"&TEXT(BJ$5,"dd-mm-yy")&"'!$B$8:$AI$1000"),14,0)=$L$6)*1,"") | BQ8: =IFERROR((VLOOKUP($B8,INDIRECT("'"&TEXT(BJ$5,"dd-mm-yy")&"'!$B$8:$AI$1000"),14,0)=$M$6)*1,"") | BR8: =IFERROR((VLOOKUP($B8,INDIRECT("'"&TEXT(BJ$5,"dd-mm-yy")&"'!$B$8:$AI$1000"),14,0)=$N$6)*1,"") | BS8: =IFERROR((VLOOKUP($B8,INDIRECT("'"&TEXT(BJ$5,"dd-mm-yy")&"'!$B$8:$AI$1000"),14,0)=$O$6)*1,"") | BT8: =IFERROR((VLOOKUP($B8,INDIRECT("'"&TEXT(BJ$5,"dd-mm-yy")&"'!$B$8:$AI$1000"),16,0)=$P$6)*1,"") | BU8: =IFERROR((VLOOKUP($B8,INDIRECT("'"&TEXT(BJ$5,"dd-mm-yy")&"'!$B$8:$AI$1000"),16,0)=$Q$6)*1,"") | BV8: =IFERROR((VLOOKUP($B8,INDIRECT("'"&TEXT(BJ$5,"dd-mm-yy")&"'!$B$8:$AI$1000"),17,0)=$R$6)*1,"") | BW8: =IFERROR((VLOOKUP($B8,INDIRECT("'"&TEXT(BJ$5,"dd-mm-yy")&"'!$B$8:$AI$1000"),17,0)=$S$6)*1,"") | BX8: =IFERROR((VLOOKUP($B8,INDIRECT("'"&TEXT(BX$5,"dd-mm-yy")&"'!$B$8:$AI$1000"),13,0)=$F$6)*1,"") | BY8: =IFERROR((VLOOKUP($B8,INDIRECT("'"&TEXT(BX$5,"dd-mm-yy")&"'!$B$8:$AI$1000"),13,0)=$G$6)*1,"") | BZ8: =IFERROR((VLOOKUP($B8,INDIRECT("'"&TEXT(BX$5,"dd-mm-yy")&"'!$B$8:$AI$1000"),14,0)=$H$6)*1,"") | CA8: =IFERROR((VLOOKUP($B8,INDIRECT("'"&TEXT(BX$5,"dd-mm-yy")&"'!$B$8:$AI$1000"),14,0)=$I$6)*1,"") | CB8: =IFERROR((VLOOKUP($B8,INDIRECT("'"&TEXT(BX$5,"dd-mm-yy")&"'!$B$8:$AI$1000"),14,0)=$J$6)*1,"") | CC8: =IFERROR((VLOOKUP($B8,INDIRECT("'"&TEXT(BX$5,"dd-mm-yy")&"'!$B$8:$AI$1000"),14,0)=$K$6)*1,"") | CD8: =IFERROR((VLOOKUP($B8,INDIRECT("'"&TEXT(BX$5,"dd-mm-yy")&"'!$B$8:$AI$1000"),14,0)=$L$6)*1,"") | CE8: =IFERROR((VLOOKUP($B8,INDIRECT("'"&TEXT(BX$5,"dd-mm-yy")&"'!$B$8:$AI$1000"),14,0)=$M$6)*1,"") | CF8: =IFERROR((VLOOKUP($B8,INDIRECT("'"&TEXT(BX$5,"dd-mm-yy")&"'!$B$8:$AI$1000"),14,0)=$N$6)*1,"") | CG8: =IFERROR((VLOOKUP($B8,INDIRECT("'"&TEXT(BX$5,"dd-mm-yy")&"'!$B$8:$AI$1000"),14,0)=$O$6)*1,"") | CH8: =IFERROR((VLOOKUP($B8,INDIRECT("'"&TEXT(BX$5,"dd-mm-yy")&"'!$B$8:$AI$1000"),16,0)=$P$6)*1,"") | CI8: =IFERROR((VLOOKUP($B8,INDIRECT("'"&TEXT(BX$5,"dd-mm-yy")&"'!$B$8:$AI$1000"),16,0)=$Q$6)*1,"") | CJ8: =IFERROR((VLOOKUP($B8,INDIRECT("'"&TEXT(BX$5,"dd-mm-yy")&"'!$B$8:$AI$1000"),17,0)=$R$6)*1,"") | CK8: =IFERROR((VLOOKUP($B8,INDIRECT("'"&TEXT(BX$5,"dd-mm-yy")&"'!$B$8:$AI$1000"),17,0)=$S$6)*1,"") | CL8: =IFERROR((VLOOKUP($B8,INDIRECT("'"&TEXT(CL$5,"dd-mm-yy")&"'!$B$8:$AI$1000"),13,0)=$F$6)*1,"") | CM8: =IFERROR((VLOOKUP($B8,INDIRECT("'"&TEXT(CL$5,"dd-mm-yy")&"'!$B$8:$AI$1000"),13,0)=$G$6)*1,"") | CN8: =IFERROR((VLOOKUP($B8,INDIRECT("'"&TEXT(CL$5,"dd-mm-yy")&"'!$B$8:$AI$1000"),14,0)=$H$6)*1,"") | CO8: =IFERROR((VLOOKUP($B8,INDIRECT("'"&TEXT(CL$5,"dd-mm-yy")&"'!$B$8:$AI$1000"),14,0)=$I$6)*1,"") | CP8: =IFERROR((VLOOKUP($B8,INDIRECT("'"&TEXT(CL$5,"dd-mm-yy")&"'!$B$8:$AI$1000"),14,0)=$J$6)*1,"") | CQ8: =IFERROR((VLOOKUP($B8,INDIRECT("'"&TEXT(CL$5,"dd-mm-yy")&"'!$B$8:$AI$1000"),14,0)=$K$6)*1,"") | CR8: =IFERROR((VLOOKUP($B8,INDIRECT("'"&TEXT(CL$5,"dd-mm-yy")&"'!$B$8:$AI$1000"),14,0)=$L$6)*1,"") | CS8: =IFERROR((VLOOKUP($B8,INDIRECT("'"&TEXT(CL$5,"dd-mm-yy")&"'!$B$8:$AI$1000"),14,0)=$M$6)*1,"") | CT8: =IFERROR((VLOOKUP($B8,INDIRECT("'"&TEXT(CL$5,"dd-mm-yy")&"'!$B$8:$AI$1000"),14,0)=$N$6)*1,"") | CU8: =IFERROR((VLOOKUP($B8,INDIRECT("'"&TEXT(CL$5,"dd-mm-yy")&"'!$B$8:$AI$1000"),14,0)=$O$6)*1,"") | CV8: =IFERROR((VLOOKUP($B8,INDIRECT("'"&TEXT(CL$5,"dd-mm-yy")&"'!$B$8:$AI$1000"),16,0)=$P$6)*1,"") | CW8: =IFERROR((VLOOKUP($B8,INDIRECT("'"&TEXT(CL$5,"dd-mm-yy")&"'!$B$8:$AI$1000"),16,0)=$Q$6)*1,"") | CX8: =IFERROR((VLOOKUP($B8,INDIRECT("'"&TEXT(CL$5,"dd-mm-yy")&"'!$B$8:$AI$1000"),17,0)=$R$6)*1,"") | CY8: =IFERROR((VLOOKUP($B8,INDIRECT("'"&TEXT(CL$5,"dd-mm-yy")&"'!$B$8:$AI$1000"),17,0)=$S$6)*1,"") | CZ8: =IFERROR((VLOOKUP($B8,INDIRECT("'"&TEXT(CZ$5,"dd-mm-yy")&"'!$B$8:$AI$1000"),13,0)=$F$6)*1,"") | DA8: =IFERROR((VLOOKUP($B8,INDIRECT("'"&TEXT(CZ$5,"dd-mm-yy")&"'!$B$8:$AI$1000"),13,0)=$G$6)*1,"") | DB8: =IFERROR((VLOOKUP($B8,INDIRECT("'"&TEXT(CZ$5,"dd-mm-yy")&"'!$B$8:$AI$1000"),14,0)=$H$6)*1,"") | DC8: =IFERROR((VLOOKUP($B8,INDIRECT("'"&TEXT(CZ$5,"dd-mm-yy")&"'!$B$8:$AI$1000"),14,0)=$I$6)*1,"") | DD8: =IFERROR((VLOOKUP($B8,INDIRECT("'"&TEXT(CZ$5,"dd-mm-yy")&"'!$B$8:$AI$1000"),14,0)=$J$6)*1,"") | DE8: =IFERROR((VLOOKUP($B8,INDIRECT("'"&TEXT(CZ$5,"dd-mm-yy")&"'!$B$8:$AI$1000"),14,0)=$K$6)*1,"") | DF8: =IFERROR((VLOOKUP($B8,INDIRECT("'"&TEXT(CZ$5,"dd-mm-yy")&"'!$B$8:$AI$1000"),14,0)=$L$6)*1,"") | DG8: =IFERROR((VLOOKUP($B8,INDIRECT("'"&TEXT(CZ$5,"dd-mm-yy")&"'!$B$8:$AI$1000"),14,0)=$M$6)*1,"") | DH8: =IFERROR((VLOOKUP($B8,INDIRECT("'"&TEXT(CZ$5,"dd-mm-yy")&"'!$B$8:$AI$1000"),14,0)=$N$6)*1,"") | DI8: =IFERROR((VLOOKUP($B8,INDIRECT("'"&TEXT(CZ$5,"dd-mm-yy")&"'!$B$8:$AI$1000"),14,0)=$O$6)*1,"") | DJ8: =IFERROR((VLOOKUP($B8,INDIRECT("'"&TEXT(CZ$5,"dd-mm-yy")&"'!$B$8:$AI$1000"),16,0)=$P$6)*1,"") | DK8: =IFERROR((VLOOKUP($B8,INDIRECT("'"&TEXT(CZ$5,"dd-mm-yy")&"'!$B$8:$AI$1000"),16,0)=$Q$6)*1,"") | DL8: =IFERROR((VLOOKUP($B8,INDIRECT("'"&TEXT(CZ$5,"dd-mm-yy")&"'!$B$8:$AI$1000"),17,0)=$R$6)*1,"") | DM8: =IFERROR((VLOOKUP($B8,INDIRECT("'"&TEXT(CZ$5,"dd-mm-yy")&"'!$B$8:$AI$1000"),17,0)=$S$6)*1,"") | DN8: =IFERROR((VLOOKUP($B8,INDIRECT("'"&TEXT(DN$5,"dd-mm-yy")&"'!$B$8:$AI$1000"),13,0)=$F$6)*1,"") | DO8: =IFERROR((VLOOKUP($B8,INDIRECT("'"&TEXT(DN$5,"dd-mm-yy")&"'!$B$8:$AI$1000"),13,0)=$G$6)*1,"") | DP8: =IFERROR((VLOOKUP($B8,INDIRECT("'"&TEXT(DN$5,"dd-mm-yy")&"'!$B$8:$AI$1000"),14,0)=$H$6)*1,"") | DQ8: =IFERROR((VLOOKUP($B8,INDIRECT("'"&TEXT(DN$5,"dd-mm-yy")&"'!$B$8:$AI$1000"),14,0)=$I$6)*1,"") | DR8: =IFERROR((VLOOKUP($B8,INDIRECT("'"&TEXT(DN$5,"dd-mm-yy")&"'!$B$8:$AI$1000"),14,0)=$J$6)*1,"") | DS8: =IFERROR((VLOOKUP($B8,INDIRECT("'"&TEXT(DN$5,"dd-mm-yy")&"'!$B$8:$AI$1000"),14,0)=$K$6)*1,"") | DT8: =IFERROR((VLOOKUP($B8,INDIRECT("'"&TEXT(DN$5,"dd-mm-yy")&"'!$B$8:$AI$1000"),14,0)=$L$6)*1,"") | DU8: =IFERROR((VLOOKUP($B8,INDIRECT("'"&TEXT(DN$5,"dd-mm-yy")&"'!$B$8:$AI$1000"),14,0)=$M$6)*1,"") | DV8: =IFERROR((VLOOKUP($B8,INDIRECT("'"&TEXT(DN$5,"dd-mm-yy")&"'!$B$8:$AI$1000"),14,0)=$N$6)*1,"") | DW8: =IFERROR((VLOOKUP($B8,INDIRECT("'"&TEXT(DN$5,"dd-mm-yy")&"'!$B$8:$AI$1000"),14,0)=$O$6)*1,"") | DX8: =IFERROR((VLOOKUP($B8,INDIRECT("'"&TEXT(DN$5,"dd-mm-yy")&"'!$B$8:$AI$1000"),16,0)=$P$6)*1,"") | DY8: =IFERROR((VLOOKUP($B8,INDIRECT("'"&TEXT(DN$5,"dd-mm-yy")&"'!$B$8:$AI$1000"),16,0)=$Q$6)*1,"") | DZ8: =IFERROR((VLOOKUP($B8,INDIRECT("'"&TEXT(DN$5,"dd-mm-yy")&"'!$B$8:$AI$1000"),17,0)=$R$6)*1,"") | EA8: =IFERROR((VLOOKUP($B8,INDIRECT("'"&TEXT(DN$5,"dd-mm-yy")&"'!$B$8:$AI$1000"),17,0)=$S$6)*1,"") | EB8: =IFERROR((VLOOKUP($B8,INDIRECT("'"&TEXT(EB$5,"dd-mm-yy")&"'!$B$8:$AI$1000"),13,0)=$F$6)*1,"") | EC8: =IFERROR((VLOOKUP($B8,INDIRECT("'"&TEXT(EB$5,"dd-mm-yy")&"'!$B$8:$AI$1000"),13,0)=$G$6)*1,"") | ED8: =IFERROR((VLOOKUP($B8,INDIRECT("'"&TEXT(EB$5,"dd-mm-yy")&"'!$B$8:$AI$1000"),14,0)=$H$6)*1,"") | EE8: =IFERROR((VLOOKUP($B8,INDIRECT("'"&TEXT(EB$5,"dd-mm-yy")&"'!$B$8:$AI$1000"),14,0)=$I$6)*1,"") | EF8: =IFERROR((VLOOKUP($B8,INDIRECT("'"&TEXT(EB$5,"dd-mm-yy")&"'!$B$8:$AI$1000"),14,0)=$J$6)*1,"") | EG8: =IFERROR((VLOOKUP($B8,INDIRECT("'"&TEXT(EB$5,"dd-mm-yy")&"'!$B$8:$AI$1000"),14,0)=$K$6)*1,"") | EH8: =IFERROR((VLOOKUP($B8,INDIRECT("'"&TEXT(EB$5,"dd-mm-yy")&"'!$B$8:$AI$1000"),14,0)=$L$6)*1,"") | EI8: =IFERROR((VLOOKUP($B8,INDIRECT("'"&TEXT(EB$5,"dd-mm-yy")&"'!$B$8:$AI$1000"),14,0)=$M$6)*1,"") | EJ8: =IFERROR((VLOOKUP($B8,INDIRECT("'"&TEXT(EB$5,"dd-mm-yy")&"'!$B$8:$AI$1000"),14,0)=$N$6)*1,"") | EK8: =IFERROR((VLOOKUP($B8,INDIRECT("'"&TEXT(EB$5,"dd-mm-yy")&"'!$B$8:$AI$1000"),14,0)=$O$6)*1,"") | EL8: =IFERROR((VLOOKUP($B8,INDIRECT("'"&TEXT(EB$5,"dd-mm-yy")&"'!$B$8:$AI$1000"),16,0)=$P$6)*1,"") | EM8: =IFERROR((VLOOKUP($B8,INDIRECT("'"&TEXT(EB$5,"dd-mm-yy")&"'!$B$8:$AI$1000"),16,0)=$Q$6)*1,"") | EN8: =IFERROR((VLOOKUP($B8,INDIRECT("'"&TEXT(EB$5,"dd-mm-yy")&"'!$B$8:$AI$1000"),17,0)=$R$6)*1,"") | EO8: =IFERROR((VLOOKUP($B8,INDIRECT("'"&TEXT(EB$5,"dd-mm-yy")&"'!$B$8:$AI$1000"),17,0)=$S$6)*1,"") | EP8: =IFERROR((VLOOKUP($B8,INDIRECT("'"&TEXT(EP$5,"dd-mm-yy")&"'!$B$8:$AI$1000"),13,0)=$F$6)*1,"") | EQ8: =IFERROR((VLOOKUP($B8,INDIRECT("'"&TEXT(EP$5,"dd-mm-yy")&"'!$B$8:$AI$1000"),13,0)=$G$6)*1,"") | ER8: =IFERROR((VLOOKUP($B8,INDIRECT("'"&TEXT(EP$5,"dd-mm-yy")&"'!$B$8:$AI$1000"),14,0)=$H$6)*1,"") | ES8: =IFERROR((VLOOKUP($B8,INDIRECT("'"&TEXT(EP$5,"dd-mm-yy")&"'!$B$8:$AI$1000"),14,0)=$I$6)*1,"") | ET8: =IFERROR((VLOOKUP($B8,INDIRECT("'"&TEXT(EP$5,"dd-mm-yy")&"'!$B$8:$AI$1000"),14,0)=$J$6)*1,"") | EU8: =IFERROR((VLOOKUP($B8,INDIRECT("'"&TEXT(EP$5,"dd-mm-yy")&"'!$B$8:$AI$1000"),14,0)=$K$6)*1,"") | EV8: =IFERROR((VLOOKUP($B8,INDIRECT("'"&TEXT(EP$5,"dd-mm-yy")&"'!$B$8:$AI$1000"),14,0)=$L$6)*1,"") | EW8: =IFERROR((VLOOKUP($B8,INDIRECT("'"&TEXT(EP$5,"dd-mm-yy")&"'!$B$8:$AI$1000"),14,0)=$M$6)*1,"") | EX8: =IFERROR((VLOOKUP($B8,INDIRECT("'"&TEXT(EP$5,"dd-mm-yy")&"'!$B$8:$AI$1000"),14,0)=$N$6)*1,"") | EY8: =IFERROR((VLOOKUP($B8,INDIRECT("'"&TEXT(EP$5,"dd-mm-yy")&"'!$B$8:$AI$1000"),14,0)=$O$6)*1,"") | EZ8: =IFERROR((VLOOKUP($B8,INDIRECT("'"&TEXT(EP$5,"dd-mm-yy")&"'!$B$8:$AI$1000"),16,0)=$P$6)*1,"") | FA8: =IFERROR((VLOOKUP($B8,INDIRECT("'"&TEXT(EP$5,"dd-mm-yy")&"'!$B$8:$AI$1000"),16,0)=$Q$6)*1,"") | FB8: =IFERROR((VLOOKUP($B8,INDIRECT("'"&TEXT(EP$5,"dd-mm-yy")&"'!$B$8:$AI$1000"),17,0)=$R$6)*1,"") | FC8: =IFERROR((VLOOKUP($B8,INDIRECT("'"&TEXT(EP$5,"dd-mm-yy")&"'!$B$8:$AI$1000"),17,0)=$S$6)*1,"") | FD8: =IFERROR((VLOOKUP($B8,INDIRECT("'"&TEXT(FD$5,"dd-mm-yy")&"'!$B$8:$AI$1000"),13,0)=$F$6)*1,"") | FE8: =IFERROR((VLOOKUP($B8,INDIRECT("'"&TEXT(FD$5,"dd-mm-yy")&"'!$B$8:$AI$1000"),13,0)=$G$6)*1,"") | FF8: =IFERROR((VLOOKUP($B8,INDIRECT("'"&TEXT(FD$5,"dd-mm-yy")&"'!$B$8:$AI$1000"),14,0)=$H$6)*1,"") | FG8: =IFERROR((VLOOKUP($B8,INDIRECT("'"&TEXT(FD$5,"dd-mm-yy")&"'!$B$8:$AI$1000"),14,0)=$I$6)*1,"") | FH8: =IFERROR((VLOOKUP($B8,INDIRECT("'"&TEXT(FD$5,"dd-mm-yy")&"'!$B$8:$AI$1000"),14,0)=$J$6)*1,"") | FI8: =IFERROR((VLOOKUP($B8,INDIRECT("'"&TEXT(FD$5,"dd-mm-yy")&"'!$B$8:$AI$1000"),14,0)=$K$6)*1,"") | FJ8: =IFERROR((VLOOKUP($B8,INDIRECT("'"&TEXT(FD$5,"dd-mm-yy")&"'!$B$8:$AI$1000"),14,0)=$L$6)*1,"") | FK8: =IFERROR((VLOOKUP($B8,INDIRECT("'"&TEXT(FD$5,"dd-mm-yy")&"'!$B$8:$AI$1000"),14,0)=$M$6)*1,"") | FL8: =IFERROR((VLOOKUP($B8,INDIRECT("'"&TEXT(FD$5,"dd-mm-yy")&"'!$B$8:$AI$1000"),14,0)=$N$6)*1,"") | FM8: =IFERROR((VLOOKUP($B8,INDIRECT("'"&TEXT(FD$5,"dd-mm-yy")&"'!$B$8:$AI$1000"),14,0)=$O$6)*1,"") | FN8: =IFERROR((VLOOKUP($B8,INDIRECT("'"&TEXT(FD$5,"dd-mm-yy")&"'!$B$8:$AI$1000"),16,0)=$P$6)*1,"") | FO8: =IFERROR((VLOOKUP($B8,INDIRECT("'"&TEXT(FD$5,"dd-mm-yy")&"'!$B$8:$AI$1000"),16,0)=$Q$6)*1,"") | FP8: =IFERROR((VLOOKUP($B8,INDIRECT("'"&TEXT(FD$5,"dd-mm-yy")&"'!$B$8:$AI$1000"),17,0)=$R$6)*1,"") | FQ8: =IFERROR((VLOOKUP($B8,INDIRECT("'"&TEXT(FD$5,"dd-mm-yy")&"'!$B$8:$AI$1000"),17,0)=$S$6)*1,"") | FR8: =IFERROR((VLOOKUP($B8,INDIRECT("'"&TEXT(FR$5,"dd-mm-yy")&"'!$B$8:$AI$1000"),13,0)=$F$6)*1,"") | FS8: =IFERROR((VLOOKUP($B8,INDIRECT("'"&TEXT(FR$5,"dd-mm-yy")&"'!$B$8:$AI$1000"),13,0)=$G$6)*1,"") | FT8: =IFERROR((VLOOKUP($B8,INDIRECT("'"&TEXT(FR$5,"dd-mm-yy")&"'!$B$8:$AI$1000"),14,0)=$H$6)*1,"") | FU8: =IFERROR((VLOOKUP($B8,INDIRECT("'"&TEXT(FR$5,"dd-mm-yy")&"'!$B$8:$AI$1000"),14,0)=$I$6)*1,"") | FV8: =IFERROR((VLOOKUP($B8,INDIRECT("'"&TEXT(FR$5,"dd-mm-yy")&"'!$B$8:$AI$1000"),14,0)=$J$6)*1,"") | FW8: =IFERROR((VLOOKUP($B8,INDIRECT("'"&TEXT(FR$5,"dd-mm-yy")&"'!$B$8:$AI$1000"),14,0)=$K$6)*1,"") | FX8: =IFERROR((VLOOKUP($B8,INDIRECT("'"&TEXT(FR$5,"dd-mm-yy")&"'!$B$8:$AI$1000"),14,0)=$L$6)*1,"") | FY8: =IFERROR((VLOOKUP($B8,INDIRECT("'"&TEXT(FR$5,"dd-mm-yy")&"'!$B$8:$AI$1000"),14,0)=$M$6)*1,"") | FZ8: =IFERROR((VLOOKUP($B8,INDIRECT("'"&TEXT(FR$5,"dd-mm-yy")&"'!$B$8:$AI$1000"),14,0)=$N$6)*1,"") | GA8: =IFERROR((VLOOKUP($B8,INDIRECT("'"&TEXT(FR$5,"dd-mm-yy")&"'!$B$8:$AI$1000"),14,0)=$O$6)*1,"") | GB8: =IFERROR((VLOOKUP($B8,INDIRECT("'"&TEXT(FR$5,"dd-mm-yy")&"'!$B$8:$AI$1000"),16,0)=$P$6)*1,"") | GC8: =IFERROR((VLOOKUP($B8,INDIRECT("'"&TEXT(FR$5,"dd-mm-yy")&"'!$B$8:$AI$1000"),16,0)=$Q$6)*1,"") | GD8: =IFERROR((VLOOKUP($B8,INDIRECT("'"&TEXT(FR$5,"dd-mm-yy")&"'!$B$8:$AI$1000"),17,0)=$R$6)*1,"") | GE8: =IFERROR((VLOOKUP($B8,INDIRECT("'"&TEXT(FR$5,"dd-mm-yy")&"'!$B$8:$AI$1000"),17,0)=$S$6)*1,"") | GF8: =IFERROR((VLOOKUP($B8,INDIRECT("'"&TEXT(GF$5,"dd-mm-yy")&"'!$B$8:$AI$1000"),13,0)=$F$6)*1,"") | GG8: =IFERROR((VLOOKUP($B8,INDIRECT("'"&TEXT(GF$5,"dd-mm-yy")&"'!$B$8:$AI$1000"),13,0)=$G$6)*1,"") | GH8: =IFERROR((VLOOKUP($B8,INDIRECT("'"&TEXT(GF$5,"dd-mm-yy")&"'!$B$8:$AI$1000"),14,0)=$H$6)*1,"") | GI8: =IFERROR((VLOOKUP($B8,INDIRECT("'"&TEXT(GF$5,"dd-mm-yy")&"'!$B$8:$AI$1000"),14,0)=$I$6)*1,"") | GJ8: =IFERROR((VLOOKUP($B8,INDIRECT("'"&TEXT(GF$5,"dd-mm-yy")&"'!$B$8:$AI$1000"),14,0)=$J$6)*1,"") | GK8: =IFERROR((VLOOKUP($B8,INDIRECT("'"&TEXT(GF$5,"dd-mm-yy")&"'!$B$8:$AI$1000"),14,0)=$K$6)*1,"") | GL8: =IFERROR((VLOOKUP($B8,INDIRECT("'"&TEXT(GF$5,"dd-mm-yy")&"'!$B$8:$AI$1000"),14,0)=$L$6)*1,"") | GM8: =IFERROR((VLOOKUP($B8,INDIRECT("'"&TEXT(GF$5,"dd-mm-yy")&"'!$B$8:$AI$1000"),14,0)=$M$6)*1,"") | GN8: =IFERROR((VLOOKUP($B8,INDIRECT("'"&TEXT(GF$5,"dd-mm-yy")&"'!$B$8:$AI$1000"),14,0)=$N$6)*1,"") | GO8: =IFERROR((VLOOKUP($B8,INDIRECT("'"&TEXT(GF$5,"dd-mm-yy")&"'!$B$8:$AI$1000"),14,0)=$O$6)*1,"") | GP8: =IFERROR((VLOOKUP($B8,INDIRECT("'"&TEXT(GF$5,"dd-mm-yy")&"'!$B$8:$AI$1000"),16,0)=$P$6)*1,"") | GQ8: =IFERROR((VLOOKUP($B8,INDIRECT("'"&TEXT(GF$5,"dd-mm-yy")&"'!$B$8:$AI$1000"),16,0)=$Q$6)*1,"") | GR8: =IFERROR((VLOOKUP($B8,INDIRECT("'"&TEXT(GF$5,"dd-mm-yy")&"'!$B$8:$AI$1000"),17,0)=$R$6)*1,"") | GS8: =IFERROR((VLOOKUP($B8,INDIRECT("'"&TEXT(GF$5,"dd-mm-yy")&"'!$B$8:$AI$1000"),17,0)=$S$6)*1,"") | GT8: =IFERROR((VLOOKUP($B8,INDIRECT("'"&TEXT(GT$5,"dd-mm-yy")&"'!$B$8:$AI$1000"),13,0)=$F$6)*1,"") | GU8: =IFERROR((VLOOKUP($B8,INDIRECT("'"&TEXT(GT$5,"dd-mm-yy")&"'!$B$8:$AI$1000"),13,0)=$G$6)*1,"") | GV8: =IFERROR((VLOOKUP($B8,INDIRECT("'"&TEXT(GT$5,"dd-mm-yy")&"'!$B$8:$AI$1000"),14,0)=$H$6)*1,"") | GW8: =IFERROR((VLOOKUP($B8,INDIRECT("'"&TEXT(GT$5,"dd-mm-yy")&"'!$B$8:$AI$1000"),14,0)=$I$6)*1,"") | GX8: =IFERROR((VLOOKUP($B8,INDIRECT("'"&TEXT(GT$5,"dd-mm-yy")&"'!$B$8:$AI$1000"),14,0)=$J$6)*1,"") | GY8: =IFERROR((VLOOKUP($B8,INDIRECT("'"&TEXT(GT$5,"dd-mm-yy")&"'!$B$8:$AI$1000"),14,0)=$K$6)*1,"") | GZ8: =IFERROR((VLOOKUP($B8,INDIRECT("'"&TEXT(GT$5,"dd-mm-yy")&"'!$B$8:$AI$1000"),14,0)=$L$6)*1,"") | HA8: =IFERROR((VLOOKUP($B8,INDIRECT("'"&TEXT(GT$5,"dd-mm-yy")&"'!$B$8:$AI$1000"),14,0)=$M$6)*1,"") | HB8: =IFERROR((VLOOKUP($B8,INDIRECT("'"&TEXT(GT$5,"dd-mm-yy")&"'!$B$8:$AI$1000"),14,0)=$N$6)*1,"") | HC8: =IFERROR((VLOOKUP($B8,INDIRECT("'"&TEXT(GT$5,"dd-mm-yy")&"'!$B$8:$AI$1000"),14,0)=$O$6)*1,"") | HD8: =IFERROR((VLOOKUP($B8,INDIRECT("'"&TEXT(GT$5,"dd-mm-yy")&"'!$B$8:$AI$1000"),16,0)=$P$6)*1,"") | HE8: =IFERROR((VLOOKUP($B8,INDIRECT("'"&TEXT(GT$5,"dd-mm-yy")&"'!$B$8:$AI$1000"),16,0)=$Q$6)*1,"") | HF8: =IFERROR((VLOOKUP($B8,INDIRECT("'"&TEXT(GT$5,"dd-mm-yy")&"'!$B$8:$AI$1000"),17,0)=$R$6)*1,"") | HG8: =IFERROR((VLOOKUP($B8,INDIRECT("'"&TEXT(GT$5,"dd-mm-yy")&"'!$B$8:$AI$1000"),17,0)=$S$6)*1,"") | HH8: =IFERROR((VLOOKUP($B8,INDIRECT("'"&TEXT(HH$5,"dd-mm-yy")&"'!$B$8:$AI$1000"),13,0)=$F$6)*1,"") | HI8: =IFERROR((VLOOKUP($B8,INDIRECT("'"&TEXT(HH$5,"dd-mm-yy")&"'!$B$8:$AI$1000"),13,0)=$G$6)*1,"") | HJ8: =IFERROR((VLOOKUP($B8,INDIRECT("'"&TEXT(HH$5,"dd-mm-yy")&"'!$B$8:$AI$1000"),14,0)=$H$6)*1,"") | HK8: =IFERROR((VLOOKUP($B8,INDIRECT("'"&TEXT(HH$5,"dd-mm-yy")&"'!$B$8:$AI$1000"),14,0)=$I$6)*1,"") | HL8: =IFERROR((VLOOKUP($B8,INDIRECT("'"&TEXT(HH$5,"dd-mm-yy")&"'!$B$8:$AI$1000"),14,0)=$J$6)*1,"") | HM8: =IFERROR((VLOOKUP($B8,INDIRECT("'"&TEXT(HH$5,"dd-mm-yy")&"'!$B$8:$AI$1000"),14,0)=$K$6)*1,"") | HN8: =IFERROR((VLOOKUP($B8,INDIRECT("'"&TEXT(HH$5,"dd-mm-yy")&"'!$B$8:$AI$1000"),14,0)=$L$6)*1,"") | HO8: =IFERROR((VLOOKUP($B8,INDIRECT("'"&TEXT(HH$5,"dd-mm-yy")&"'!$B$8:$AI$1000"),14,0)=$M$6)*1,"") | HP8: =IFERROR((VLOOKUP($B8,INDIRECT("'"&TEXT(HH$5,"dd-mm-yy")&"'!$B$8:$AI$1000"),14,0)=$N$6)*1,"") | HQ8: =IFERROR((VLOOKUP($B8,INDIRECT("'"&TEXT(HH$5,"dd-mm-yy")&"'!$B$8:$AI$1000"),14,0)=$O$6)*1,"") | HR8: =IFERROR((VLOOKUP($B8,INDIRECT("'"&TEXT(HH$5,"dd-mm-yy")&"'!$B$8:$AI$1000"),16,0)=$P$6)*1,"") | HS8: =IFERROR((VLOOKUP($B8,INDIRECT("'"&TEXT(HH$5,"dd-mm-yy")&"'!$B$8:$AI$1000"),16,0)=$Q$6)*1,"") | HT8: =IFERROR((VLOOKUP($B8,INDIRECT("'"&TEXT(HH$5,"dd-mm-yy")&"'!$B$8:$AI$1000"),17,0)=$R$6)*1,"") | HU8: =IFERROR((VLOOKUP($B8,INDIRECT("'"&TEXT(HH$5,"dd-mm-yy")&"'!$B$8:$AI$1000"),17,0)=$S$6)*1,"") | HV8: =IFERROR((VLOOKUP($B8,INDIRECT("'"&TEXT(HV$5,"dd-mm-yy")&"'!$B$8:$AI$1000"),13,0)=$F$6)*1,"") | HW8: =IFERROR((VLOOKUP($B8,INDIRECT("'"&TEXT(HV$5,"dd-mm-yy")&"'!$B$8:$AI$1000"),13,0)=$G$6)*1,"") | HX8: =IFERROR((VLOOKUP($B8,INDIRECT("'"&TEXT(HV$5,"dd-mm-yy")&"'!$B$8:$AI$1000"),14,0)=$H$6)*1,"") | HY8: =IFERROR((VLOOKUP($B8,INDIRECT("'"&TEXT(HV$5,"dd-mm-yy")&"'!$B$8:$AI$1000"),14,0)=$I$6)*1,"") | HZ8: =IFERROR((VLOOKUP($B8,INDIRECT("'"&TEXT(HV$5,"dd-mm-yy")&"'!$B$8:$AI$1000"),14,0)=$J$6)*1,"") | IA8: =IFERROR((VLOOKUP($B8,INDIRECT("'"&TEXT(HV$5,"dd-mm-yy")&"'!$B$8:$AI$1000"),14,0)=$K$6)*1,"") | IB8: =IFERROR((VLOOKUP($B8,INDIRECT("'"&TEXT(HV$5,"dd-mm-yy")&"'!$B$8:$AI$1000"),14,0)=$L$6)*1,"") | IC8: =IFERROR((VLOOKUP($B8,INDIRECT("'"&TEXT(HV$5,"dd-mm-yy")&"'!$B$8:$AI$1000"),14,0)=$M$6)*1,"") | ID8: =IFERROR((VLOOKUP($B8,INDIRECT("'"&TEXT(HV$5,"dd-mm-yy")&"'!$B$8:$AI$1000"),14,0)=$N$6)*1,"") | IE8: =IFERROR((VLOOKUP($B8,INDIRECT("'"&TEXT(HV$5,"dd-mm-yy")&"'!$B$8:$AI$1000"),14,0)=$O$6)*1,"") | IF8: =IFERROR((VLOOKUP($B8,INDIRECT("'"&TEXT(HV$5,"dd-mm-yy")&"'!$B$8:$AI$1000"),16,0)=$P$6)*1,"") | IG8: =IFERROR((VLOOKUP($B8,INDIRECT("'"&TEXT(HV$5,"dd-mm-yy")&"'!$B$8:$AI$1000"),16,0)=$Q$6)*1,"") | IH8: =IFERROR((VLOOKUP($B8,INDIRECT("'"&TEXT(HV$5,"dd-mm-yy")&"'!$B$8:$AI$1000"),17,0)=$R$6)*1,"") | II8: =IFERROR((VLOOKUP($B8,INDIRECT("'"&TEXT(HV$5,"dd-mm-yy")&"'!$B$8:$AI$1000"),17,0)=$S$6)*1,"") | IJ8: =IFERROR((VLOOKUP($B8,INDIRECT("'"&TEXT(IJ$5,"dd-mm-yy")&"'!$B$8:$AI$1000"),13,0)=$F$6)*1,"") | IK8: =IFERROR((VLOOKUP($B8,INDIRECT("'"&TEXT(IJ$5,"dd-mm-yy")&"'!$B$8:$AI$1000"),13,0)=$G$6)*1,"") | IL8: =IFERROR((VLOOKUP($B8,INDIRECT("'"&TEXT(IJ$5,"dd-mm-yy")&"'!$B$8:$AI$1000"),14,0)=$H$6)*1,"") | IM8: =IFERROR((VLOOKUP($B8,INDIRECT("'"&TEXT(IJ$5,"dd-mm-yy")&"'!$B$8:$AI$1000"),14,0)=$I$6)*1,"") | IN8: =IFERROR((VLOOKUP($B8,INDIRECT("'"&TEXT(IJ$5,"dd-mm-yy")&"'!$B$8:$AI$1000"),14,0)=$J$6)*1,"") | IO8: =IFERROR((VLOOKUP($B8,INDIRECT("'"&TEXT(IJ$5,"dd-mm-yy")&"'!$B$8:$AI$1000"),14,0)=$K$6)*1,"") | IP8: =IFERROR((VLOOKUP($B8,INDIRECT("'"&TEXT(IJ$5,"dd-mm-yy")&"'!$B$8:$AI$1000"),14,0)=$L$6)*1,"") | IQ8: =IFERROR((VLOOKUP($B8,INDIRECT("'"&TEXT(IJ$5,"dd-mm-yy")&"'!$B$8:$AI$1000"),14,0)=$M$6)*1,"") | IR8: =IFERROR((VLOOKUP($B8,INDIRECT("'"&TEXT(IJ$5,"dd-mm-yy")&"'!$B$8:$AI$1000"),14,0)=$N$6)*1,"") | IS8: =IFERROR((VLOOKUP($B8,INDIRECT("'"&TEXT(IJ$5,"dd-mm-yy")&"'!$B$8:$AI$1000"),14,0)=$O$6)*1,"") | IT8: =IFERROR((VLOOKUP($B8,INDIRECT("'"&TEXT(IJ$5,"dd-mm-yy")&"'!$B$8:$AI$1000"),16,0)=$P$6)*1,"") | IU8: =IFERROR((VLOOKUP($B8,INDIRECT("'"&TEXT(IJ$5,"dd-mm-yy")&"'!$B$8:$AI$1000"),16,0)=$Q$6)*1,"") | IV8: =IFERROR((VLOOKUP($B8,INDIRECT("'"&TEXT(IJ$5,"dd-mm-yy")&"'!$B$8:$AI$1000"),17,0)=$R$6)*1,"") | IW8: =IFERROR((VLOOKUP($B8,INDIRECT("'"&TEXT(IJ$5,"dd-mm-yy")&"'!$B$8:$AI$1000"),17,0)=$S$6)*1,"") | IX8: =IFERROR((VLOOKUP($B8,INDIRECT("'"&TEXT(IX$5,"dd-mm-yy")&"'!$B$8:$AI$1000"),13,0)=$F$6)*1,"") | IY8: =IFERROR((VLOOKUP($B8,INDIRECT("'"&TEXT(IX$5,"dd-mm-yy")&"'!$B$8:$AI$1000"),13,0)=$G$6)*1,"") | IZ8: =IFERROR((VLOOKUP($B8,INDIRECT("'"&TEXT(IX$5,"dd-mm-yy")&"'!$B$8:$AI$1000"),14,0)=$H$6)*1,"") | JA8: =IFERROR((VLOOKUP($B8,INDIRECT("'"&TEXT(IX$5,"dd-mm-yy")&"'!$B$8:$AI$1000"),14,0)=$I$6)*1,"") | JB8: =IFERROR((VLOOKUP($B8,INDIRECT("'"&TEXT(IX$5,"dd-mm-yy")&"'!$B$8:$AI$1000"),14,0)=$J$6)*1,"") | JC8: =IFERROR((VLOOKUP($B8,INDIRECT("'"&TEXT(IX$5,"dd-mm-yy")&"'!$B$8:$AI$1000"),14,0)=$K$6)*1,"") | JD8: =IFERROR((VLOOKUP($B8,INDIRECT("'"&TEXT(IX$5,"dd-mm-yy")&"'!$B$8:$AI$1000"),14,0)=$L$6)*1,"") | JE8: =IFERROR((VLOOKUP($B8,INDIRECT("'"&TEXT(IX$5,"dd-mm-yy")&"'!$B$8:$AI$1000"),14,0)=$M$6)*1,"") | JF8: =IFERROR((VLOOKUP($B8,INDIRECT("'"&TEXT(IX$5,"dd-mm-yy")&"'!$B$8:$AI$1000"),14,0)=$N$6)*1,"") | JG8: =IFERROR((VLOOKUP($B8,INDIRECT("'"&TEXT(IX$5,"dd-mm-yy")&"'!$B$8:$AI$1000"),14,0)=$O$6)*1,"") | JH8: =IFERROR((VLOOKUP($B8,INDIRECT("'"&TEXT(IX$5,"dd-mm-yy")&"'!$B$8:$AI$1000"),16,0)=$P$6)*1,"") | JI8: =IFERROR((VLOOKUP($B8,INDIRECT("'"&TEXT(IX$5,"dd-mm-yy")&"'!$B$8:$AI$1000"),16,0)=$Q$6)*1,"") | JJ8: =IFERROR((VLOOKUP($B8,INDIRECT("'"&TEXT(IX$5,"dd-mm-yy")&"'!$B$8:$AI$1000"),17,0)=$R$6)*1,"") | JK8: =IFERROR((VLOOKUP($B8,INDIRECT("'"&TEXT(IX$5,"dd-mm-yy")&"'!$B$8:$AI$1000"),17,0)=$S$6)*1,"") | JL8: =IFERROR((VLOOKUP($B8,INDIRECT("'"&TEXT(JL$5,"dd-mm-yy")&"'!$B$8:$AI$1000"),13,0)=$F$6)*1,"") | JM8: =IFERROR((VLOOKUP($B8,INDIRECT("'"&TEXT(JL$5,"dd-mm-yy")&"'!$B$8:$AI$1000"),13,0)=$G$6)*1,"") | JN8: =IFERROR((VLOOKUP($B8,INDIRECT("'"&TEXT(JL$5,"dd-mm-yy")&"'!$B$8:$AI$1000"),14,0)=$H$6)*1,"") | JO8: =IFERROR((VLOOKUP($B8,INDIRECT("'"&TEXT(JL$5,"dd-mm-yy")&"'!$B$8:$AI$1000"),14,0)=$I$6)*1,"") | JP8: =IFERROR((VLOOKUP($B8,INDIRECT("'"&TEXT(JL$5,"dd-mm-yy")&"'!$B$8:$AI$1000"),14,0)=$J$6)*1,"") | JQ8: =IFERROR((VLOOKUP($B8,INDIRECT("'"&TEXT(JL$5,"dd-mm-yy")&"'!$B$8:$AI$1000"),14,0)=$K$6)*1,"") | JR8: =IFERROR((VLOOKUP($B8,INDIRECT("'"&TEXT(JL$5,"dd-mm-yy")&"'!$B$8:$AI$1000"),14,0)=$L$6)*1,"") | JS8: =IFERROR((VLOOKUP($B8,INDIRECT("'"&TEXT(JL$5,"dd-mm-yy")&"'!$B$8:$AI$1000"),14,0)=$M$6)*1,"") | JT8: =IFERROR((VLOOKUP($B8,INDIRECT("'"&TEXT(JL$5,"dd-mm-yy")&"'!$B$8:$AI$1000"),14,0)=$N$6)*1,"") | JU8: =IFERROR((VLOOKUP($B8,INDIRECT("'"&TEXT(JL$5,"dd-mm-yy")&"'!$B$8:$AI$1000"),14,0)=$O$6)*1,"") | JV8: =IFERROR((VLOOKUP($B8,INDIRECT("'"&TEXT(JL$5,"dd-mm-yy")&"'!$B$8:$AI$1000"),16,0)=$P$6)*1,"") | JW8: =IFERROR((VLOOKUP($B8,INDIRECT("'"&TEXT(JL$5,"dd-mm-yy")&"'!$B$8:$AI$1000"),16,0)=$Q$6)*1,"") | JX8: =IFERROR((VLOOKUP($B8,INDIRECT("'"&TEXT(JL$5,"dd-mm-yy")&"'!$B$8:$AI$1000"),17,0)=$R$6)*1,"") | JY8: =IFERROR((VLOOKUP($B8,INDIRECT("'"&TEXT(JL$5,"dd-mm-yy")&"'!$B$8:$AI$1000"),17,0)=$S$6)*1,"") | JZ8: =IFERROR((VLOOKUP($B8,INDIRECT("'"&TEXT(JZ$5,"dd-mm-yy")&"'!$B$8:$AI$1000"),13,0)=$F$6)*1,"") | KA8: =IFERROR((VLOOKUP($B8,INDIRECT("'"&TEXT(JZ$5,"dd-mm-yy")&"'!$B$8:$AI$1000"),13,0)=$G$6)*1,"") | KB8: =IFERROR((VLOOKUP($B8,INDIRECT("'"&TEXT(JZ$5,"dd-mm-yy")&"'!$B$8:$AI$1000"),14,0)=$H$6)*1,"") | KC8: =IFERROR((VLOOKUP($B8,INDIRECT("'"&TEXT(JZ$5,"dd-mm-yy")&"'!$B$8:$AI$1000"),14,0)=$I$6)*1,"") | KD8: =IFERROR((VLOOKUP($B8,INDIRECT("'"&TEXT(JZ$5,"dd-mm-yy")&"'!$B$8:$AI$1000"),14,0)=$J$6)*1,"") | KE8: =IFERROR((VLOOKUP($B8,INDIRECT("'"&TEXT(JZ$5,"dd-mm-yy")&"'!$B$8:$AI$1000"),14,0)=$K$6)*1,"") | KF8: =IFERROR((VLOOKUP($B8,INDIRECT("'"&TEXT(JZ$5,"dd-mm-yy")&"'!$B$8:$AI$1000"),14,0)=$L$6)*1,"") | KG8: =IFERROR((VLOOKUP($B8,INDIRECT("'"&TEXT(JZ$5,"dd-mm-yy")&"'!$B$8:$AI$1000"),14,0)=$M$6)*1,"") | KH8: =IFERROR((VLOOKUP($B8,INDIRECT("'"&TEXT(JZ$5,"dd-mm-yy")&"'!$B$8:$AI$1000"),14,0)=$N$6)*1,"") | KI8: =IFERROR((VLOOKUP($B8,INDIRECT("'"&TEXT(JZ$5,"dd-mm-yy")&"'!$B$8:$AI$1000"),14,0)=$O$6)*1,"") | KJ8: =IFERROR((VLOOKUP($B8,INDIRECT("'"&TEXT(JZ$5,"dd-mm-yy")&"'!$B$8:$AI$1000"),16,0)=$P$6)*1,"") | KK8: =IFERROR((VLOOKUP($B8,INDIRECT("'"&TEXT(JZ$5,"dd-mm-yy")&"'!$B$8:$AI$1000"),16,0)=$Q$6)*1,"") | KL8: =IFERROR((VLOOKUP($B8,INDIRECT("'"&TEXT(JZ$5,"dd-mm-yy")&"'!$B$8:$AI$1000"),17,0)=$R$6)*1,"") | KM8: =IFERROR((VLOOKUP($B8,INDIRECT("'"&TEXT(JZ$5,"dd-mm-yy")&"'!$B$8:$AI$1000"),17,0)=$S$6)*1,"") | KN8: =IFERROR((VLOOKUP($B8,INDIRECT("'"&TEXT(KN$5,"dd-mm-yy")&"'!$B$8:$AI$1000"),13,0)=$F$6)*1,"") | KO8: =IFERROR((VLOOKUP($B8,INDIRECT("'"&TEXT(KN$5,"dd-mm-yy")&"'!$B$8:$AI$1000"),13,0)=$G$6)*1,"") | KP8: =IFERROR((VLOOKUP($B8,INDIRECT("'"&TEXT(KN$5,"dd-mm-yy")&"'!$B$8:$AI$1000"),14,0)=$H$6)*1,"") | KQ8: =IFERROR((VLOOKUP($B8,INDIRECT("'"&TEXT(KN$5,"dd-mm-yy")&"'!$B$8:$AI$1000"),14,0)=$I$6)*1,"") | KR8: =IFERROR((VLOOKUP($B8,INDIRECT("'"&TEXT(KN$5,"dd-mm-yy")&"'!$B$8:$AI$1000"),14,0)=$J$6)*1,"") | KS8: =IFERROR((VLOOKUP($B8,INDIRECT("'"&TEXT(KN$5,"dd-mm-yy")&"'!$B$8:$AI$1000"),14,0)=$K$6)*1,"") | KT8: =IFERROR((VLOOKUP($B8,INDIRECT("'"&TEXT(KN$5,"dd-mm-yy")&"'!$B$8:$AI$1000"),14,0)=$L$6)*1,"") | KU8: =IFERROR((VLOOKUP($B8,INDIRECT("'"&TEXT(KN$5,"dd-mm-yy")&"'!$B$8:$AI$1000"),14,0)=$M$6)*1,"") | KV8: =IFERROR((VLOOKUP($B8,INDIRECT("'"&TEXT(KN$5,"dd-mm-yy")&"'!$B$8:$AI$1000"),14,0)=$N$6)*1,"") | KW8: =IFERROR((VLOOKUP($B8,INDIRECT("'"&TEXT(KN$5,"dd-mm-yy")&"'!$B$8:$AI$1000"),14,0)=$O$6)*1,"") | KX8: =IFERROR((VLOOKUP($B8,INDIRECT("'"&TEXT(KN$5,"dd-mm-yy")&"'!$B$8:$AI$1000"),16,0)=$P$6)*1,"") | KY8: =IFERROR((VLOOKUP($B8,INDIRECT("'"&TEXT(KN$5,"dd-mm-yy")&"'!$B$8:$AI$1000"),16,0)=$Q$6)*1,"") | KZ8: =IFERROR((VLOOKUP($B8,INDIRECT("'"&TEXT(KN$5,"dd-mm-yy")&"'!$B$8:$AI$1000"),17,0)=$R$6)*1,"") | LA8: =IFERROR((VLOOKUP($B8,INDIRECT("'"&TEXT(KN$5,"dd-mm-yy")&"'!$B$8:$AI$1000"),17,0)=$S$6)*1,"") | LB8: =IFERROR((VLOOKUP($B8,INDIRECT("'"&TEXT(LB$5,"dd-mm-yy")&"'!$B$8:$AI$1000"),13,0)=$F$6)*1,"") | LC8: =IFERROR((VLOOKUP($B8,INDIRECT("'"&TEXT(LB$5,"dd-mm-yy")&"'!$B$8:$AI$1000"),13,0)=$G$6)*1,"") | LD8: =IFERROR((VLOOKUP($B8,INDIRECT("'"&TEXT(LB$5,"dd-mm-yy")&"'!$B$8:$AI$1000"),14,0)=$H$6)*1,"") | LE8: =IFERROR((VLOOKUP($B8,INDIRECT("'"&TEXT(LB$5,"dd-mm-yy")&"'!$B$8:$AI$1000"),14,0)=$I$6)*1,"") | LF8: =IFERROR((VLOOKUP($B8,INDIRECT("'"&TEXT(LB$5,"dd-mm-yy")&"'!$B$8:$AI$1000"),14,0)=$J$6)*1,"") | LG8: =IFERROR((VLOOKUP($B8,INDIRECT("'"&TEXT(LB$5,"dd-mm-yy")&"'!$B$8:$AI$1000"),14,0)=$K$6)*1,"") | LH8: =IFERROR((VLOOKUP($B8,INDIRECT("'"&TEXT(LB$5,"dd-mm-yy")&"'!$B$8:$AI$1000"),14,0)=$L$6)*1,"") | LI8: =IFERROR((VLOOKUP($B8,INDIRECT("'"&TEXT(LB$5,"dd-mm-yy")&"'!$B$8:$AI$1000"),14,0)=$M$6)*1,"") | LJ8: =IFERROR((VLOOKUP($B8,INDIRECT("'"&TEXT(LB$5,"dd-mm-yy")&"'!$B$8:$AI$1000"),14,0)=$N$6)*1,"") | LK8: =IFERROR((VLOOKUP($B8,INDIRECT("'"&TEXT(LB$5,"dd-mm-yy")&"'!$B$8:$AI$1000"),14,0)=$O$6)*1,"") | LL8: =IFERROR((VLOOKUP($B8,INDIRECT("'"&TEXT(LB$5,"dd-mm-yy")&"'!$B$8:$AI$1000"),16,0)=$P$6)*1,"") | LM8: =IFERROR((VLOOKUP($B8,INDIRECT("'"&TEXT(LB$5,"dd-mm-yy")&"'!$B$8:$AI$1000"),16,0)=$Q$6)*1,"") | LN8: =IFERROR((VLOOKUP($B8,INDIRECT("'"&TEXT(LB$5,"dd-mm-yy")&"'!$B$8:$AI$1000"),17,0)=$R$6)*1,"") | LO8: =IFERROR((VLOOKUP($B8,INDIRECT("'"&TEXT(LB$5,"dd-mm-yy")&"'!$B$8:$AI$1000"),17,0)=$S$6)*1,"") | LP8: =IFERROR((VLOOKUP($B8,INDIRECT("'"&TEXT(LP$5,"dd-mm-yy")&"'!$B$8:$AI$1000"),13,0)=$F$6)*1,"") | LQ8: =IFERROR((VLOOKUP($B8,INDIRECT("'"&TEXT(LP$5,"dd-mm-yy")&"'!$B$8:$AI$1000"),13,0)=$G$6)*1,"") | LR8: =IFERROR((VLOOKUP($B8,INDIRECT("'"&TEXT(LP$5,"dd-mm-yy")&"'!$B$8:$AI$1000"),14,0)=$H$6)*1,"") | LS8: =IFERROR((VLOOKUP($B8,INDIRECT("'"&TEXT(LP$5,"dd-mm-yy")&"'!$B$8:$AI$1000"),14,0)=$I$6)*1,"") | LT8: =IFERROR((VLOOKUP($B8,INDIRECT("'"&TEXT(LP$5,"dd-mm-yy")&"'!$B$8:$AI$1000"),14,0)=$J$6)*1,"") | LU8: =IFERROR((VLOOKUP($B8,INDIRECT("'"&TEXT(LP$5,"dd-mm-yy")&"'!$B$8:$AI$1000"),14,0)=$K$6)*1,"") | LV8: =IFERROR((VLOOKUP($B8,INDIRECT("'"&TEXT(LP$5,"dd-mm-yy")&"'!$B$8:$AI$1000"),14,0)=$L$6)*1,"") | LW8: =IFERROR((VLOOKUP($B8,INDIRECT("'"&TEXT(LP$5,"dd-mm-yy")&"'!$B$8:$AI$1000"),14,0)=$M$6)*1,"") | LX8: =IFERROR((VLOOKUP($B8,INDIRECT("'"&TEXT(LP$5,"dd-mm-yy")&"'!$B$8:$AI$1000"),14,0)=$N$6)*1,"") | LY8: =IFERROR((VLOOKUP($B8,INDIRECT("'"&TEXT(LP$5,"dd-mm-yy")&"'!$B$8:$AI$1000"),14,0)=$O$6)*1,"") | LZ8: =IFERROR((VLOOKUP($B8,INDIRECT("'"&TEXT(LP$5,"dd-mm-yy")&"'!$B$8:$AI$1000"),16,0)=$P$6)*1,"") | MA8: =IFERROR((VLOOKUP($B8,INDIRECT("'"&TEXT(LP$5,"dd-mm-yy")&"'!$B$8:$AI$1000"),16,0)=$Q$6)*1,"") | MB8: =IFERROR((VLOOKUP($B8,INDIRECT("'"&TEXT(LP$5,"dd-mm-yy")&"'!$B$8:$AI$1000"),17,0)=$R$6)*1,"") | MC8: =IFERROR((VLOOKUP($B8,INDIRECT("'"&TEXT(LP$5,"dd-mm-yy")&"'!$B$8:$AI$1000"),17,0)=$S$6)*1,"") | MD8: =IFERROR((VLOOKUP($B8,INDIRECT("'"&TEXT(MD$5,"dd-mm-yy")&"'!$B$8:$AI$1000"),13,0)=$F$6)*1,"") | ME8: =IFERROR((VLOOKUP($B8,INDIRECT("'"&TEXT(MD$5,"dd-mm-yy")&"'!$B$8:$AI$1000"),13,0)=$G$6)*1,"") | MF8: =IFERROR((VLOOKUP($B8,INDIRECT("'"&TEXT(MD$5,"dd-mm-yy")&"'!$B$8:$AI$1000"),14,0)=$H$6)*1,"") | MG8: =IFERROR((VLOOKUP($B8,INDIRECT("'"&TEXT(MD$5,"dd-mm-yy")&"'!$B$8:$AI$1000"),14,0)=$I$6)*1,"") | MH8: =IFERROR((VLOOKUP($B8,INDIRECT("'"&TEXT(MD$5,"dd-mm-yy")&"'!$B$8:$AI$1000"),14,0)=$J$6)*1,"") | MI8: =IFERROR((VLOOKUP($B8,INDIRECT("'"&TEXT(MD$5,"dd-mm-yy")&"'!$B$8:$AI$1000"),14,0)=$K$6)*1,"") | MJ8: =IFERROR((VLOOKUP($B8,INDIRECT("'"&TEXT(MD$5,"dd-mm-yy")&"'!$B$8:$AI$1000"),14,0)=$L$6)*1,"") | MK8: =IFERROR((VLOOKUP($B8,INDIRECT("'"&TEXT(MD$5,"dd-mm-yy")&"'!$B$8:$AI$1000"),14,0)=$M$6)*1,"") | ML8: =IFERROR((VLOOKUP($B8,INDIRECT("'"&TEXT(MD$5,"dd-mm-yy")&"'!$B$8:$AI$1000"),14,0)=$N$6)*1,"") | MM8: =IFERROR((VLOOKUP($B8,INDIRECT("'"&TEXT(MD$5,"dd-mm-yy")&"'!$B$8:$AI$1000"),14,0)=$O$6)*1,"") | MN8: =IFERROR((VLOOKUP($B8,INDIRECT("'"&TEXT(MD$5,"dd-mm-yy")&"'!$B$8:$AI$1000"),16,0)=$P$6)*1,"") | MO8: =IFERROR((VLOOKUP($B8,INDIRECT("'"&TEXT(MD$5,"dd-mm-yy")&"'!$B$8:$AI$1000"),16,0)=$Q$6)*1,"") | MP8: =IFERROR((VLOOKUP($B8,INDIRECT("'"&TEXT(MD$5,"dd-mm-yy")&"'!$B$8:$AI$1000"),17,0)=$R$6)*1,"") | MQ8: =IFERROR((VLOOKUP($B8,INDIRECT("'"&TEXT(MD$5,"dd-mm-yy")&"'!$B$8:$AI$1000"),17,0)=$S$6)*1,"") | MR8: =IFERROR((VLOOKUP($B8,INDIRECT("'"&TEXT(MR$5,"dd-mm-yy")&"'!$B$8:$AI$1000"),13,0)=$F$6)*1,"") | MS8: =IFERROR((VLOOKUP($B8,INDIRECT("'"&TEXT(MR$5,"dd-mm-yy")&"'!$B$8:$AI$1000"),13,0)=$G$6)*1,"") | MT8: =IFERROR((VLOOKUP($B8,INDIRECT("'"&TEXT(MR$5,"dd-mm-yy")&"'!$B$8:$AI$1000"),14,0)=$H$6)*1,"") | MU8: =IFERROR((VLOOKUP($B8,INDIRECT("'"&TEXT(MR$5,"dd-mm-yy")&"'!$B$8:$AI$1000"),14,0)=$I$6)*1,"") | MV8: =IFERROR((VLOOKUP($B8,INDIRECT("'"&TEXT(MR$5,"dd-mm-yy")&"'!$B$8:$AI$1000"),14,0)=$J$6)*1,"") | MW8: =IFERROR((VLOOKUP($B8,INDIRECT("'"&TEXT(MR$5,"dd-mm-yy")&"'!$B$8:$AI$1000"),14,0)=$K$6)*1,"") | MX8: =IFERROR((VLOOKUP($B8,INDIRECT("'"&TEXT(MR$5,"dd-mm-yy")&"'!$B$8:$AI$1000"),14,0)=$L$6)*1,"") | MY8: =IFERROR((VLOOKUP($B8,INDIRECT("'"&TEXT(MR$5,"dd-mm-yy")&"'!$B$8:$AI$1000"),14,0)=$M$6)*1,"") | MZ8: =IFERROR((VLOOKUP($B8,INDIRECT("'"&TEXT(MR$5,"dd-mm-yy")&"'!$B$8:$AI$1000"),14,0)=$N$6)*1,"") | NA8: =IFERROR((VLOOKUP($B8,INDIRECT("'"&TEXT(MR$5,"dd-mm-yy")&"'!$B$8:$AI$1000"),14,0)=$O$6)*1,"") | NB8: =IFERROR((VLOOKUP($B8,INDIRECT("'"&TEXT(MR$5,"dd-mm-yy")&"'!$B$8:$AI$1000"),16,0)=$P$6)*1,"") | NC8: =IFERROR((VLOOKUP($B8,INDIRECT("'"&TEXT(MR$5,"dd-mm-yy")&"'!$B$8:$AI$1000"),16,0)=$Q$6)*1,"") | ND8: =IFERROR((VLOOKUP($B8,INDIRECT("'"&TEXT(MR$5,"dd-mm-yy")&"'!$B$8:$AI$1000"),17,0)=$R$6)*1,"") | NE8: =IFERROR((VLOOKUP($B8,INDIRECT("'"&TEXT(MR$5,"dd-mm-yy")&"'!$B$8:$AI$1000"),17,0)=$S$6)*1,"") | NF8: =IFERROR((VLOOKUP($B8,INDIRECT("'"&TEXT(NF$5,"dd-mm-yy")&"'!$B$8:$AI$1000"),13,0)=$F$6)*1,"") | NG8: =IFERROR((VLOOKUP($B8,INDIRECT("'"&TEXT(NF$5,"dd-mm-yy")&"'!$B$8:$AI$1000"),13,0)=$G$6)*1,"") | NH8: =IFERROR((VLOOKUP($B8,INDIRECT("'"&TEXT(NF$5,"dd-mm-yy")&"'!$B$8:$AI$1000"),14,0)=$H$6)*1,"") | NI8: =IFERROR((VLOOKUP($B8,INDIRECT("'"&TEXT(NF$5,"dd-mm-yy")&"'!$B$8:$AI$1000"),14,0)=$I$6)*1,"") | NJ8: =IFERROR((VLOOKUP($B8,INDIRECT("'"&TEXT(NF$5,"dd-mm-yy")&"'!$B$8:$AI$1000"),14,0)=$J$6)*1,"") | NK8: =IFERROR((VLOOKUP($B8,INDIRECT("'"&TEXT(NF$5,"dd-mm-yy")&"'!$B$8:$AI$1000"),14,0)=$K$6)*1,"") | NL8: =IFERROR((VLOOKUP($B8,INDIRECT("'"&TEXT(NF$5,"dd-mm-yy")&"'!$B$8:$AI$1000"),14,0)=$L$6)*1,"") | NM8: =IFERROR((VLOOKUP($B8,INDIRECT("'"&TEXT(NF$5,"dd-mm-yy")&"'!$B$8:$AI$1000"),14,0)=$M$6)*1,"") | NN8: =IFERROR((VLOOKUP($B8,INDIRECT("'"&TEXT(NF$5,"dd-mm-yy")&"'!$B$8:$AI$1000"),14,0)=$N$6)*1,"") | NO8: =IFERROR((VLOOKUP($B8,INDIRECT("'"&TEXT(NF$5,"dd-mm-yy")&"'!$B$8:$AI$1000"),14,0)=$O$6)*1,"") | NP8: =IFERROR((VLOOKUP($B8,INDIRECT("'"&TEXT(NF$5,"dd-mm-yy")&"'!$B$8:$AI$1000"),16,0)=$P$6)*1,"") | NQ8: =IFERROR((VLOOKUP($B8,INDIRECT("'"&TEXT(NF$5,"dd-mm-yy")&"'!$B$8:$AI$1000"),16,0)=$Q$6)*1,"") | NR8: =IFERROR((VLOOKUP($B8,INDIRECT("'"&TEXT(NF$5,"dd-mm-yy")&"'!$B$8:$AI$1000"),17,0)=$R$6)*1,"") | NS8: =IFERROR((VLOOKUP($B8,INDIRECT("'"&TEXT(NF$5,"dd-mm-yy")&"'!$B$8:$AI$1000"),17,0)=$S$6)*1,"") | NT8: =IFERROR((VLOOKUP($B8,INDIRECT("'"&TEXT(NT$5,"dd-mm-yy")&"'!$B$8:$AI$1000"),13,0)=$F$6)*1,"") | NU8: =IFERROR((VLOOKUP($B8,INDIRECT("'"&TEXT(NT$5,"dd-mm-yy")&"'!$B$8:$AI$1000"),13,0)=$G$6)*1,"") | NV8: =IFERROR((VLOOKUP($B8,INDIRECT("'"&TEXT(NT$5,"dd-mm-yy")&"'!$B$8:$AI$1000"),14,0)=$H$6)*1,"") | NW8: =IFERROR((VLOOKUP($B8,INDIRECT("'"&TEXT(NT$5,"dd-mm-yy")&"'!$B$8:$AI$1000"),14,0)=$I$6)*1,"") | NX8: =IFERROR((VLOOKUP($B8,INDIRECT("'"&TEXT(NT$5,"dd-mm-yy")&"'!$B$8:$AI$1000"),14,0)=$J$6)*1,"") | NY8: =IFERROR((VLOOKUP($B8,INDIRECT("'"&TEXT(NT$5,"dd-mm-yy")&"'!$B$8:$AI$1000"),14,0)=$K$6)*1,"") | NZ8: =IFERROR((VLOOKUP($B8,INDIRECT("'"&TEXT(NT$5,"dd-mm-yy")&"'!$B$8:$AI$1000"),14,0)=$L$6)*1,"") | OA8: =IFERROR((VLOOKUP($B8,INDIRECT("'"&TEXT(NT$5,"dd-mm-yy")&"'!$B$8:$AI$1000"),14,0)=$M$6)*1,"") | OB8: =IFERROR((VLOOKUP($B8,INDIRECT("'"&TEXT(NT$5,"dd-mm-yy")&"'!$B$8:$AI$1000"),14,0)=$N$6)*1,"") | OC8: =IFERROR((VLOOKUP($B8,INDIRECT("'"&TEXT(NT$5,"dd-mm-yy")&"'!$B$8:$AI$1000"),14,0)=$O$6)*1,"") | OD8: =IFERROR((VLOOKUP($B8,INDIRECT("'"&TEXT(NT$5,"dd-mm-yy")&"'!$B$8:$AI$1000"),16,0)=$P$6)*1,"") | OE8: =IFERROR((VLOOKUP($B8,INDIRECT("'"&TEXT(NT$5,"dd-mm-yy")&"'!$B$8:$AI$1000"),16,0)=$Q$6)*1,"") | OF8: =IFERROR((VLOOKUP($B8,INDIRECT("'"&TEXT(NT$5,"dd-mm-yy")&"'!$B$8:$AI$1000"),17,0)=$R$6)*1,"") | OG8: =IFERROR((VLOOKUP($B8,INDIRECT("'"&TEXT(NT$5,"dd-mm-yy")&"'!$B$8:$AI$1000"),17,0)=$S$6)*1,"") | OH8: =IFERROR((VLOOKUP($B8,INDIRECT("'"&TEXT(OH$5,"dd-mm-yy")&"'!$B$8:$AI$1000"),13,0)=$F$6)*1,"") | OI8: =IFERROR((VLOOKUP($B8,INDIRECT("'"&TEXT(OH$5,"dd-mm-yy")&"'!$B$8:$AI$1000"),13,0)=$G$6)*1,"") | OJ8: =IFERROR((VLOOKUP($B8,INDIRECT("'"&TEXT(OH$5,"dd-mm-yy")&"'!$B$8:$AI$1000"),14,0)=$H$6)*1,"") | OK8: =IFERROR((VLOOKUP($B8,INDIRECT("'"&TEXT(OH$5,"dd-mm-yy")&"'!$B$8:$AI$1000"),14,0)=$I$6)*1,"") | OL8: =IFERROR((VLOOKUP($B8,INDIRECT("'"&TEXT(OH$5,"dd-mm-yy")&"'!$B$8:$AI$1000"),14,0)=$J$6)*1,"") | OM8: =IFERROR((VLOOKUP($B8,INDIRECT("'"&TEXT(OH$5,"dd-mm-yy")&"'!$B$8:$AI$1000"),14,0)=$K$6)*1,"") | ON8: =IFERROR((VLOOKUP($B8,INDIRECT("'"&TEXT(OH$5,"dd-mm-yy")&"'!$B$8:$AI$1000"),14,0)=$L$6)*1,"") | OO8: =IFERROR((VLOOKUP($B8,INDIRECT("'"&TEXT(OH$5,"dd-mm-yy")&"'!$B$8:$AI$1000"),14,0)=$M$6)*1,"") | OP8: =IFERROR((VLOOKUP($B8,INDIRECT("'"&TEXT(OH$5,"dd-mm-yy")&"'!$B$8:$AI$1000"),14,0)=$N$6)*1,"") | OQ8: =IFERROR((VLOOKUP($B8,INDIRECT("'"&TEXT(OH$5,"dd-mm-yy")&"'!$B$8:$AI$1000"),14,0)=$O$6)*1,"") | OR8: =IFERROR((VLOOKUP($B8,INDIRECT("'"&TEXT(OH$5,"dd-mm-yy")&"'!$B$8:$AI$1000"),16,0)=$P$6)*1,"") | OS8: =IFERROR((VLOOKUP($B8,INDIRECT("'"&TEXT(OH$5,"dd-mm-yy")&"'!$B$8:$AI$1000"),16,0)=$Q$6)*1,"") | OT8: =IFERROR((VLOOKUP($B8,INDIRECT("'"&TEXT(OH$5,"dd-mm-yy")&"'!$B$8:$AI$1000"),17,0)=$R$6)*1,"") | OU8: =IFERROR((VLOOKUP($B8,INDIRECT("'"&TEXT(OH$5,"dd-mm-yy")&"'!$B$8:$AI$1000"),17,0)=$S$6)*1,"") | OV8: =IFERROR((VLOOKUP($B8,INDIRECT("'"&TEXT(OV$5,"dd-mm-yy")&"'!$B$8:$AI$1000"),13,0)=$F$6)*1,"") | OW8: =IFERROR((VLOOKUP($B8,INDIRECT("'"&TEXT(OV$5,"dd-mm-yy")&"'!$B$8:$AI$1000"),13,0)=$G$6)*1,"") | OX8: =IFERROR((VLOOKUP($B8,INDIRECT("'"&TEXT(OV$5,"dd-mm-yy")&"'!$B$8:$AI$1000"),14,0)=$H$6)*1,"") | OY8: =IFERROR((VLOOKUP($B8,INDIRECT("'"&TEXT(OV$5,"dd-mm-yy")&"'!$B$8:$AI$1000"),14,0)=$I$6)*1,"") | OZ8: =IFERROR((VLOOKUP($B8,INDIRECT("'"&TEXT(OV$5,"dd-mm-yy")&"'!$B$8:$AI$1000"),14,0)=$J$6)*1,"") | PA8: =IFERROR((VLOOKUP($B8,INDIRECT("'"&TEXT(OV$5,"dd-mm-yy")&"'!$B$8:$AI$1000"),14,0)=$K$6)*1,"") | PB8: =IFERROR((VLOOKUP($B8,INDIRECT("'"&TEXT(OV$5,"dd-mm-yy")&"'!$B$8:$AI$1000"),14,0)=$L$6)*1,"") | PC8: =IFERROR((VLOOKUP($B8,INDIRECT("'"&TEXT(OV$5,"dd-mm-yy")&"'!$B$8:$AI$1000"),14,0)=$M$6)*1,"") | PD8: =IFERROR((VLOOKUP($B8,INDIRECT("'"&TEXT(OV$5,"dd-mm-yy")&"'!$B$8:$AI$1000"),14,0)=$N$6)*1,"") | PE8: =IFERROR((VLOOKUP($B8,INDIRECT("'"&TEXT(OV$5,"dd-mm-yy")&"'!$B$8:$AI$1000"),14,0)=$O$6)*1,"") | PF8: =IFERROR((VLOOKUP($B8,INDIRECT("'"&TEXT(OV$5,"dd-mm-yy")&"'!$B$8:$AI$1000"),16,0)=$P$6)*1,"") | PG8: =IFERROR((VLOOKUP($B8,INDIRECT("'"&TEXT(OV$5,"dd-mm-yy")&"'!$B$8:$AI$1000"),16,0)=$Q$6)*1,"") | PH8: =IFERROR((VLOOKUP($B8,INDIRECT("'"&TEXT(OV$5,"dd-mm-yy")&"'!$B$8:$AI$1000"),17,0)=$R$6)*1,"") | PI8: =IFERROR((VLOOKUP($B8,INDIRECT("'"&TEXT(OV$5,"dd-mm-yy")&"'!$B$8:$AI$1000"),17,0)=$S$6)*1,"") | PJ8: =IFERROR((VLOOKUP($B8,INDIRECT("'"&TEXT(PJ$5,"dd-mm-yy")&"'!$B$8:$AI$1000"),13,0)=$F$6)*1,"") | PK8: =IFERROR((VLOOKUP($B8,INDIRECT("'"&TEXT(PJ$5,"dd-mm-yy")&"'!$B$8:$AI$1000"),13,0)=$G$6)*1,"") | PL8: =IFERROR((VLOOKUP($B8,INDIRECT("'"&TEXT(PJ$5,"dd-mm-yy")&"'!$B$8:$AI$1000"),14,0)=$H$6)*1,"") | PM8: =IFERROR((VLOOKUP($B8,INDIRECT("'"&TEXT(PJ$5,"dd-mm-yy")&"'!$B$8:$AI$1000"),14,0)=$I$6)*1,"") | PN8: =IFERROR((VLOOKUP($B8,INDIRECT("'"&TEXT(PJ$5,"dd-mm-yy")&"'!$B$8:$AI$1000"),14,0)=$J$6)*1,"") | PO8: =IFERROR((VLOOKUP($B8,INDIRECT("'"&TEXT(PJ$5,"dd-mm-yy")&"'!$B$8:$AI$1000"),14,0)=$K$6)*1,"") | PP8: =IFERROR((VLOOKUP($B8,INDIRECT("'"&TEXT(PJ$5,"dd-mm-yy")&"'!$B$8:$AI$1000"),14,0)=$L$6)*1,"") | PQ8: =IFERROR((VLOOKUP($B8,INDIRECT("'"&TEXT(PJ$5,"dd-mm-yy")&"'!$B$8:$AI$1000"),14,0)=$M$6)*1,"") | PR8: =IFERROR((VLOOKUP($B8,INDIRECT("'"&TEXT(PJ$5,"dd-mm-yy")&"'!$B$8:$AI$1000"),14,0)=$N$6)*1,"") | PS8: =IFERROR((VLOOKUP($B8,INDIRECT("'"&TEXT(PJ$5,"dd-mm-yy")&"'!$B$8:$AI$1000"),14,0)=$O$6)*1,"") | PT8: =IFERROR((VLOOKUP($B8,INDIRECT("'"&TEXT(PJ$5,"dd-mm-yy")&"'!$B$8:$AI$1000"),16,0)=$P$6)*1,"") | PU8: =IFERROR((VLOOKUP($B8,INDIRECT("'"&TEXT(PJ$5,"dd-mm-yy")&"'!$B$8:$AI$1000"),16,0)=$Q$6)*1,"") | PV8: =IFERROR((VLOOKUP($B8,INDIRECT("'"&TEXT(PJ$5,"dd-mm-yy")&"'!$B$8:$AI$1000"),17,0)=$R$6)*1,"") | PW8: =IFERROR((VLOOKUP($B8,INDIRECT("'"&TEXT(PJ$5,"dd-mm-yy")&"'!$B$8:$AI$1000"),17,0)=$S$6)*1,"") | PX8: =IFERROR((VLOOKUP($B8,INDIRECT("'"&TEXT(PX$5,"dd-mm-yy")&"'!$B$8:$AI$1000"),13,0)=$F$6)*1,"") | PY8: =IFERROR((VLOOKUP($B8,INDIRECT("'"&TEXT(PX$5,"dd-mm-yy")&"'!$B$8:$AI$1000"),13,0)=$G$6)*1,"") | PZ8: =IFERROR((VLOOKUP($B8,INDIRECT("'"&TEXT(PX$5,"dd-mm-yy")&"'!$B$8:$AI$1000"),14,0)=$H$6)*1,"") | QA8: =IFERROR((VLOOKUP($B8,INDIRECT("'"&TEXT(PX$5,"dd-mm-yy")&"'!$B$8:$AI$1000"),14,0)=$I$6)*1,"") | QB8: =IFERROR((VLOOKUP($B8,INDIRECT("'"&TEXT(PX$5,"dd-mm-yy")&"'!$B$8:$AI$1000"),14,0)=$J$6)*1,"") | QC8: =IFERROR((VLOOKUP($B8,INDIRECT("'"&TEXT(PX$5,"dd-mm-yy")&"'!$B$8:$AI$1000"),14,0)=$K$6)*1,"") | QD8: =IFERROR((VLOOKUP($B8,INDIRECT("'"&TEXT(PX$5,"dd-mm-yy")&"'!$B$8:$AI$1000"),14,0)=$L$6)*1,"") | QE8: =IFERROR((VLOOKUP($B8,INDIRECT("'"&TEXT(PX$5,"dd-mm-yy")&"'!$B$8:$AI$1000"),14,0)=$M$6)*1,"") | QF8: =IFERROR((VLOOKUP($B8,INDIRECT("'"&TEXT(PX$5,"dd-mm-yy")&"'!$B$8:$AI$1000"),14,0)=$N$6)*1,"") | QG8: =IFERROR((VLOOKUP($B8,INDIRECT("'"&TEXT(PX$5,"dd-mm-yy")&"'!$B$8:$AI$1000"),14,0)=$O$6)*1,"") | QH8: =IFERROR((VLOOKUP($B8,INDIRECT("'"&TEXT(PX$5,"dd-mm-yy")&"'!$B$8:$AI$1000"),16,0)=$P$6)*1,"") | QI8: =IFERROR((VLOOKUP($B8,INDIRECT("'"&TEXT(PX$5,"dd-mm-yy")&"'!$B$8:$AI$1000"),16,0)=$Q$6)*1,"") | QJ8: =IFERROR((VLOOKUP($B8,INDIRECT("'"&TEXT(PX$5,"dd-mm-yy")&"'!$B$8:$AI$1000"),17,0)=$R$6)*1,"") | QK8: =IFERROR((VLOOKUP($B8,INDIRECT("'"&TEXT(PX$5,"dd-mm-yy")&"'!$B$8:$AI$1000"),17,0)=$S$6)*1,"")
B9: =Colaboradores!B7 -> 4717 | C9: =Colaboradores!C7 -> Vélez Pérez, Juan | D9: =IFERROR(F9/$D$4,0) -> 0 | E9: =IFERROR(P9/$D$4,0) -> 0 | F9: =IF(SUMIF($T$4:$AAB$4,F$6,$T9:$AAB9)=0,"",SUMIF($T$4:$AAB$4,F$6,$T9:$AAB9)) | G9: =IF(SUMIF($T$4:$AAB$4,G$6,$T9:$AAB9)=0,"",SUMIF($T$4:$AAB$4,G$6,$T9:$AAB9)) | H9: =IF(SUMIF($T$4:$AAB$4,H$6,$T9:$AAB9)=0,"",SUMIF($T$4:$AAB$4,H$6,$T9:$AAB9)) | I9: =IF(SUMIF($T$4:$AAB$4,I$6,$T9:$AAB9)=0,"",SUMIF($T$4:$AAB$4,I$6,$T9:$AAB9)) | J9: =IF(SUMIF($T$4:$AAB$4,J$6,$T9:$AAB9)=0,"",SUMIF($T$4:$AAB$4,J$6,$T9:$AAB9)) | K9: =IF(SUMIF($T$4:$AAB$4,K$6,$T9:$AAB9)=0,"",SUMIF($T$4:$AAB$4,K$6,$T9:$AAB9)) | L9: =IF(SUMIF($T$4:$AAB$4,L$6,$T9:$AAB9)=0,"",SUMIF($T$4:$AAB$4,L$6,$T9:$AAB9)) | M9: =IF(SUMIF($T$4:$AAB$4,M$6,$T9:$AAB9)=0,"",SUMIF($T$4:$AAB$4,M$6,$T9:$AAB9)) | ... S9: =IF(SUMIF($T$4:$AAB$4,S$6,$T9:$AAB9)=0,"",SUMIF($T$4:$AAB$4,S$6,$T9:$AAB9)) | T9: =IFERROR((VLOOKUP($B9,INDIRECT("'"&TEXT(T$5,"dd-mm-yy")&"'!$B$8:$AI$1000"),13,0)=$F$6)*1,"") | U9: =IFERROR((VLOOKUP($B9,INDIRECT("'"&TEXT(T$5,"dd-mm-yy")&"'!$B$8:$AI$1000"),13,0)=$G$6)*1,"") | V9: =IFERROR((VLOOKUP($B9,INDIRECT("'"&TEXT(T$5,"dd-mm-yy")&"'!$B$8:$AI$1000"),14,0)=$H$6)*1,"") | W9: =IFERROR((VLOOKUP($B9,INDIRECT("'"&TEXT(T$5,"dd-mm-yy")&"'!$B$8:$AI$1000"),14,0)=$I$6)*1,"") | X9: =IFERROR((VLOOKUP($B9,INDIRECT("'"&TEXT(T$5,"dd-mm-yy")&"'!$B$8:$AI$1000"),14,0)=$J$6)*1,"") | Y9: =IFERROR((VLOOKUP($B9,INDIRECT("'"&TEXT(T$5,"dd-mm-yy")&"'!$B$8:$AI$1000"),14,0)=$K$6)*1,"") | Z9: =IFERROR((VLOOKUP($B9,INDIRECT("'"&TEXT(T$5,"dd-mm-yy")&"'!$B$8:$AI$1000"),14,0)=$L$6)*1,"") | AA9: =IFERROR((VLOOKUP($B9,INDIRECT("'"&TEXT(T$5,"dd-mm-yy")&"'!$B$8:$AI$1000"),14,0)=$M$6)*1,"") | AB9: =IFERROR((VLOOKUP($B9,INDIRECT("'"&TEXT(T$5,"dd-mm-yy")&"'!$B$8:$AI$1000"),14,0)=$N$6)*1,"") | AC9: =IFERROR((VLOOKUP($B9,INDIRECT("'"&TEXT(T$5,"dd-mm-yy")&"'!$B$8:$AI$1000"),14,0)=$O$6)*1,"") | AD9: =IFERROR((VLOOKUP($B9,INDIRECT("'"&TEXT(T$5,"dd-mm-yy")&"'!$B$8:$AI$1000"),16,0)=$P$6)*1,"") | AE9: =IFERROR((VLOOKUP($B9,INDIRECT("'"&TEXT(T$5,"dd-mm-yy")&"'!$B$8:$AI$1000"),16,0)=$Q$6)*1,"") | AF9: =IFERROR((VLOOKUP($B9,INDIRECT("'"&TEXT(T$5,"dd-mm-yy")&"'!$B$8:$AI$1000"),17,0)=$R$6)*1,"") | AG9: =IFERROR((VLOOKUP($B9,INDIRECT("'"&TEXT(T$5,"dd-mm-yy")&"'!$B$8:$AI$1000"),17,0)=$S$6)*1,"") | AH9: =IFERROR((VLOOKUP($B9,INDIRECT("'"&TEXT(AH$5,"dd-mm-yy")&"'!$B$8:$AI$1000"),13,0)=$F$6)*1,"") | AI9: =IFERROR((VLOOKUP($B9,INDIRECT("'"&TEXT(AH$5,"dd-mm-yy")&"'!$B$8:$AI$1000"),13,0)=$G$6)*1,"") | AJ9: =IFERROR((VLOOKUP($B9,INDIRECT("'"&TEXT(AH$5,"dd-mm-yy")&"'!$B$8:$AI$1000"),14,0)=$H$6)*1,"") | AK9: =IFERROR((VLOOKUP($B9,INDIRECT("'"&TEXT(AH$5,"dd-mm-yy")&"'!$B$8:$AI$1000"),14,0)=$I$6)*1,"") | AL9: =IFERROR((VLOOKUP($B9,INDIRECT("'"&TEXT(AH$5,"dd-mm-yy")&"'!$B$8:$AI$1000"),14,0)=$J$6)*1,"") | AM9: =IFERROR((VLOOKUP($B9,INDIRECT("'"&TEXT(AH$5,"dd-mm-yy")&"'!$B$8:$AI$1000"),14,0)=$K$6)*1,"") | AN9: =IFERROR((VLOOKUP($B9,INDIRECT("'"&TEXT(AH$5,"dd-mm-yy")&"'!$B$8:$AI$1000"),14,0)=$L$6)*1,"") | AO9: =IFERROR((VLOOKUP($B9,INDIRECT("'"&TEXT(AH$5,"dd-mm-yy")&"'!$B$8:$AI$1000"),14,0)=$M$6)*1,"") | AP9: =IFERROR((VLOOKUP($B9,INDIRECT("'"&TEXT(AH$5,"dd-mm-yy")&"'!$B$8:$AI$1000"),14,0)=$N$6)*1,"") | AQ9: =IFERROR((VLOOKUP($B9,INDIRECT("'"&TEXT(AH$5,"dd-mm-yy")&"'!$B$8:$AI$1000"),14,0)=$O$6)*1,"") | AR9: =IFERROR((VLOOKUP($B9,INDIRECT("'"&TEXT(AH$5,"dd-mm-yy")&"'!$B$8:$AI$1000"),16,0)=$P$6)*1,"") | AS9: =IFERROR((VLOOKUP($B9,INDIRECT("'"&TEXT(AH$5,"dd-mm-yy")&"'!$B$8:$AI$1000"),16,0)=$Q$6)*1,"") | AT9: =IFERROR((VLOOKUP($B9,INDIRECT("'"&TEXT(AH$5,"dd-mm-yy")&"'!$B$8:$AI$1000"),17,0)=$R$6)*1,"") | AU9: =IFERROR((VLOOKUP($B9,INDIRECT("'"&TEXT(AH$5,"dd-mm-yy")&"'!$B$8:$AI$1000"),17,0)=$S$6)*1,"") | AV9: =IFERROR((VLOOKUP($B9,INDIRECT("'"&TEXT(AV$5,"dd-mm-yy")&"'!$B$8:$AI$1000"),13,0)=$F$6)*1,"") | AW9: =IFERROR((VLOOKUP($B9,INDIRECT("'"&TEXT(AV$5,"dd-mm-yy")&"'!$B$8:$AI$1000"),13,0)=$G$6)*1,"") | AX9: =IFERROR((VLOOKUP($B9,INDIRECT("'"&TEXT(AV$5,"dd-mm-yy")&"'!$B$8:$AI$1000"),14,0)=$H$6)*1,"") | AY9: =IFERROR((VLOOKUP($B9,INDIRECT("'"&TEXT(AV$5,"dd-mm-yy")&"'!$B$8:$AI$1000"),14,0)=$I$6)*1,"") | AZ9: =IFERROR((VLOOKUP($B9,INDIRECT("'"&TEXT(AV$5,"dd-mm-yy")&"'!$B$8:$AI$1000"),14,0)=$J$6)*1,"") | BA9: =IFERROR((VLOOKUP($B9,INDIRECT("'"&TEXT(AV$5,"dd-mm-yy")&"'!$B$8:$AI$1000"),14,0)=$K$6)*1,"") | BB9: =IFERROR((VLOOKUP($B9,INDIRECT("'"&TEXT(AV$5,"dd-mm-yy")&"'!$B$8:$AI$1000"),14,0)=$L$6)*1,"") | BC9: =IFERROR((VLOOKUP($B9,INDIRECT("'"&TEXT(AV$5,"dd-mm-yy")&"'!$B$8:$AI$1000"),14,0)=$M$6)*1,"") | BD9: =IFERROR((VLOOKUP($B9,INDIRECT("'"&TEXT(AV$5,"dd-mm-yy")&"'!$B$8:$AI$1000"),14,0)=$N$6)*1,"") | BE9: =IFERROR((VLOOKUP($B9,INDIRECT("'"&TEXT(AV$5,"dd-mm-yy")&"'!$B$8:$AI$1000"),14,0)=$O$6)*1,"") | BF9: =IFERROR((VLOOKUP($B9,INDIRECT("'"&TEXT(AV$5,"dd-mm-yy")&"'!$B$8:$AI$1000"),16,0)=$P$6)*1,"") | BG9: =IFERROR((VLOOKUP($B9,INDIRECT("'"&TEXT(AV$5,"dd-mm-yy")&"'!$B$8:$AI$1000"),16,0)=$Q$6)*1,"") | BH9: =IFERROR((VLOOKUP($B9,INDIRECT("'"&TEXT(AV$5,"dd-mm-yy")&"'!$B$8:$AI$1000"),17,0)=$R$6)*1,"") | BI9: =IFERROR((VLOOKUP($B9,INDIRECT("'"&TEXT(AV$5,"dd-mm-yy")&"'!$B$8:$AI$1000"),17,0)=$S$6)*1,"") | BJ9: =IFERROR((VLOOKUP($B9,INDIRECT("'"&TEXT(BJ$5,"dd-mm-yy")&"'!$B$8:$AI$1000"),13,0)=$F$6)*1,"") | BK9: =IFERROR((VLOOKUP($B9,INDIRECT("'"&TEXT(BJ$5,"dd-mm-yy")&"'!$B$8:$AI$1000"),13,0)=$G$6)*1,"") | BL9: =IFERROR((VLOOKUP($B9,INDIRECT("'"&TEXT(BJ$5,"dd-mm-yy")&"'!$B$8:$AI$1000"),14,0)=$H$6)*1,"") | BM9: =IFERROR((VLOOKUP($B9,INDIRECT("'"&TEXT(BJ$5,"dd-mm-yy")&"'!$B$8:$AI$1000"),14,0)=$I$6)*1,"") | BN9: =IFERROR((VLOOKUP($B9,INDIRECT("'"&TEXT(BJ$5,"dd-mm-yy")&"'!$B$8:$AI$1000"),14,0)=$J$6)*1,"") | BO9: =IFERROR((VLOOKUP($B9,INDIRECT("'"&TEXT(BJ$5,"dd-mm-yy")&"'!$B$8:$AI$1000"),14,0)=$K$6)*1,"") | BP9: =IFERROR((VLOOKUP($B9,INDIRECT("'"&TEXT(BJ$5,"dd-mm-yy")&"'!$B$8:$AI$1000"),14,0)=$L$6)*1,"") | BQ9: =IFERROR((VLOOKUP($B9,INDIRECT("'"&TEXT(BJ$5,"dd-mm-yy")&"'!$B$8:$AI$1000"),14,0)=$M$6)*1,"") | BR9: =IFERROR((VLOOKUP($B9,INDIRECT("'"&TEXT(BJ$5,"dd-mm-yy")&"'!$B$8:$AI$1000"),14,0)=$N$6)*1,"") | BS9: =IFERROR((VLOOKUP($B9,INDIRECT("'"&TEXT(BJ$5,"dd-mm-yy")&"'!$B$8:$AI$1000"),14,0)=$O$6)*1,"") | BT9: =IFERROR((VLOOKUP($B9,INDIRECT("'"&TEXT(BJ$5,"dd-mm-yy")&"'!$B$8:$AI$1000"),16,0)=$P$6)*1,"") | BU9: =IFERROR((VLOOKUP($B9,INDIRECT("'"&TEXT(BJ$5,"dd-mm-yy")&"'!$B$8:$AI$1000"),16,0)=$Q$6)*1,"") | BV9: =IFERROR((VLOOKUP($B9,INDIRECT("'"&TEXT(BJ$5,"dd-mm-yy")&"'!$B$8:$AI$1000"),17,0)=$R$6)*1,"") | BW9: =IFERROR((VLOOKUP($B9,INDIRECT("'"&TEXT(BJ$5,"dd-mm-yy")&"'!$B$8:$AI$1000"),17,0)=$S$6)*1,"") | BX9: =IFERROR((VLOOKUP($B9,INDIRECT("'"&TEXT(BX$5,"dd-mm-yy")&"'!$B$8:$AI$1000"),13,0)=$F$6)*1,"") | BY9: =IFERROR((VLOOKUP($B9,INDIRECT("'"&TEXT(BX$5,"dd-mm-yy")&"'!$B$8:$AI$1000"),13,0)=$G$6)*1,"") | BZ9: =IFERROR((VLOOKUP($B9,INDIRECT("'"&TEXT(BX$5,"dd-mm-yy")&"'!$B$8:$AI$1000"),14,0)=$H$6)*1,"") | CA9: =IFERROR((VLOOKUP($B9,INDIRECT("'"&TEXT(BX$5,"dd-mm-yy")&"'!$B$8:$AI$1000"),14,0)=$I$6)*1,"") | CB9: =IFERROR((VLOOKUP($B9,INDIRECT("'"&TEXT(BX$5,"dd-mm-yy")&"'!$B$8:$AI$1000"),14,0)=$J$6)*1,"") | CC9: =IFERROR((VLOOKUP($B9,INDIRECT("'"&TEXT(BX$5,"dd-mm-yy")&"'!$B$8:$AI$1000"),14,0)=$K$6)*1,"") | CD9: =IFERROR((VLOOKUP($B9,INDIRECT("'"&TEXT(BX$5,"dd-mm-yy")&"'!$B$8:$AI$1000"),14,0)=$L$6)*1,"") | CE9: =IFERROR((VLOOKUP($B9,INDIRECT("'"&TEXT(BX$5,"dd-mm-yy")&"'!$B$8:$AI$1000"),14,0)=$M$6)*1,"") | CF9: =IFERROR((VLOOKUP($B9,INDIRECT("'"&TEXT(BX$5,"dd-mm-yy")&"'!$B$8:$AI$1000"),14,0)=$N$6)*1,"") | CG9: =IFERROR((VLOOKUP($B9,INDIRECT("'"&TEXT(BX$5,"dd-mm-yy")&"'!$B$8:$AI$1000"),14,0)=$O$6)*1,"") | CH9: =IFERROR((VLOOKUP($B9,INDIRECT("'"&TEXT(BX$5,"dd-mm-yy")&"'!$B$8:$AI$1000"),16,0)=$P$6)*1,"") | CI9: =IFERROR((VLOOKUP($B9,INDIRECT("'"&TEXT(BX$5,"dd-mm-yy")&"'!$B$8:$AI$1000"),16,0)=$Q$6)*1,"") | CJ9: =IFERROR((VLOOKUP($B9,INDIRECT("'"&TEXT(BX$5,"dd-mm-yy")&"'!$B$8:$AI$1000"),17,0)=$R$6)*1,"") | CK9: =IFERROR((VLOOKUP($B9,INDIRECT("'"&TEXT(BX$5,"dd-mm-yy")&"'!$B$8:$AI$1000"),17,0)=$S$6)*1,"") | CL9: =IFERROR((VLOOKUP($B9,INDIRECT("'"&TEXT(CL$5,"dd-mm-yy")&"'!$B$8:$AI$1000"),13,0)=$F$6)*1,"") | CM9: =IFERROR((VLOOKUP($B9,INDIRECT("'"&TEXT(CL$5,"dd-mm-yy")&"'!$B$8:$AI$1000"),13,0)=$G$6)*1,"") | CN9: =IFERROR((VLOOKUP($B9,INDIRECT("'"&TEXT(CL$5,"dd-mm-yy")&"'!$B$8:$AI$1000"),14,0)=$H$6)*1,"") | CO9: =IFERROR((VLOOKUP($B9,INDIRECT("'"&TEXT(CL$5,"dd-mm-yy")&"'!$B$8:$AI$1000"),14,0)=$I$6)*1,"") | CP9: =IFERROR((VLOOKUP($B9,INDIRECT("'"&TEXT(CL$5,"dd-mm-yy")&"'!$B$8:$AI$1000"),14,0)=$J$6)*1,"") | CQ9: =IFERROR((VLOOKUP($B9,INDIRECT("'"&TEXT(CL$5,"dd-mm-yy")&"'!$B$8:$AI$1000"),14,0)=$K$6)*1,"") | CR9: =IFERROR((VLOOKUP($B9,INDIRECT("'"&TEXT(CL$5,"dd-mm-yy")&"'!$B$8:$AI$1000"),14,0)=$L$6)*1,"") | CS9: =IFERROR((VLOOKUP($B9,INDIRECT("'"&TEXT(CL$5,"dd-mm-yy")&"'!$B$8:$AI$1000"),14,0)=$M$6)*1,"") | CT9: =IFERROR((VLOOKUP($B9,INDIRECT("'"&TEXT(CL$5,"dd-mm-yy")&"'!$B$8:$AI$1000"),14,0)=$N$6)*1,"") | CU9: =IFERROR((VLOOKUP($B9,INDIRECT("'"&TEXT(CL$5,"dd-mm-yy")&"'!$B$8:$AI$1000"),14,0)=$O$6)*1,"") | CV9: =IFERROR((VLOOKUP($B9,INDIRECT("'"&TEXT(CL$5,"dd-mm-yy")&"'!$B$8:$AI$1000"),16,0)=$P$6)*1,"") | CW9: =IFERROR((VLOOKUP($B9,INDIRECT("'"&TEXT(CL$5,"dd-mm-yy")&"'!$B$8:$AI$1000"),16,0)=$Q$6)*1,"") | CX9: =IFERROR((VLOOKUP($B9,INDIRECT("'"&TEXT(CL$5,"dd-mm-yy")&"'!$B$8:$AI$1000"),17,0)=$R$6)*1,"") | CY9: =IFERROR((VLOOKUP($B9,INDIRECT("'"&TEXT(CL$5,"dd-mm-yy")&"'!$B$8:$AI$1000"),17,0)=$S$6)*1,"") | CZ9: =IFERROR((VLOOKUP($B9,INDIRECT("'"&TEXT(CZ$5,"dd-mm-yy")&"'!$B$8:$AI$1000"),13,0)=$F$6)*1,"") | DA9: =IFERROR((VLOOKUP($B9,INDIRECT("'"&TEXT(CZ$5,"dd-mm-yy")&"'!$B$8:$AI$1000"),13,0)=$G$6)*1,"") | DB9: =IFERROR((VLOOKUP($B9,INDIRECT("'"&TEXT(CZ$5,"dd-mm-yy")&"'!$B$8:$AI$1000"),14,0)=$H$6)*1,"") | DC9: =IFERROR((VLOOKUP($B9,INDIRECT("'"&TEXT(CZ$5,"dd-mm-yy")&"'!$B$8:$AI$1000"),14,0)=$I$6)*1,"") | DD9: =IFERROR((VLOOKUP($B9,INDIRECT("'"&TEXT(CZ$5,"dd-mm-yy")&"'!$B$8:$AI$1000"),14,0)=$J$6)*1,"") | DE9: =IFERROR((VLOOKUP($B9,INDIRECT("'"&TEXT(CZ$5,"dd-mm-yy")&"'!$B$8:$AI$1000"),14,0)=$K$6)*1,"") | DF9: =IFERROR((VLOOKUP($B9,INDIRECT("'"&TEXT(CZ$5,"dd-mm-yy")&"'!$B$8:$AI$1000"),14,0)=$L$6)*1,"") | DG9: =IFERROR((VLOOKUP($B9,INDIRECT("'"&TEXT(CZ$5,"dd-mm-yy")&"'!$B$8:$AI$1000"),14,0)=$M$6)*1,"") | DH9: =IFERROR((VLOOKUP($B9,INDIRECT("'"&TEXT(CZ$5,"dd-mm-yy")&"'!$B$8:$AI$1000"),14,0)=$N$6)*1,"") | DI9: =IFERROR((VLOOKUP($B9,INDIRECT("'"&TEXT(CZ$5,"dd-mm-yy")&"'!$B$8:$AI$1000"),14,0)=$O$6)*1,"") | DJ9: =IFERROR((VLOOKUP($B9,INDIRECT("'"&TEXT(CZ$5,"dd-mm-yy")&"'!$B$8:$AI$1000"),16,0)=$P$6)*1,"") | DK9: =IFERROR((VLOOKUP($B9,INDIRECT("'"&TEXT(CZ$5,"dd-mm-yy")&"'!$B$8:$AI$1000"),16,0)=$Q$6)*1,"") | DL9: =IFERROR((VLOOKUP($B9,INDIRECT("'"&TEXT(CZ$5,"dd-mm-yy")&"'!$B$8:$AI$1000"),17,0)=$R$6)*1,"") | DM9: =IFERROR((VLOOKUP($B9,INDIRECT("'"&TEXT(CZ$5,"dd-mm-yy")&"'!$B$8:$AI$1000"),17,0)=$S$6)*1,"") | DN9: =IFERROR((VLOOKUP($B9,INDIRECT("'"&TEXT(DN$5,"dd-mm-yy")&"'!$B$8:$AI$1000"),13,0)=$F$6)*1,"") | DO9: =IFERROR((VLOOKUP($B9,INDIRECT("'"&TEXT(DN$5,"dd-mm-yy")&"'!$B$8:$AI$1000"),13,0)=$G$6)*1,"") | DP9: =IFERROR((VLOOKUP($B9,INDIRECT("'"&TEXT(DN$5,"dd-mm-yy")&"'!$B$8:$AI$1000"),14,0)=$H$6)*1,"") | DQ9: =IFERROR((VLOOKUP($B9,INDIRECT("'"&TEXT(DN$5,"dd-mm-yy")&"'!$B$8:$AI$1000"),14,0)=$I$6)*1,"") | DR9: =IFERROR((VLOOKUP($B9,INDIRECT("'"&TEXT(DN$5,"dd-mm-yy")&"'!$B$8:$AI$1000"),14,0)=$J$6)*1,"") | DS9: =IFERROR((VLOOKUP($B9,INDIRECT("'"&TEXT(DN$5,"dd-mm-yy")&"'!$B$8:$AI$1000"),14,0)=$K$6)*1,"") | DT9: =IFERROR((VLOOKUP($B9,INDIRECT("'"&TEXT(DN$5,"dd-mm-yy")&"'!$B$8:$AI$1000"),14,0)=$L$6)*1,"") | DU9: =IFERROR((VLOOKUP($B9,INDIRECT("'"&TEXT(DN$5,"dd-mm-yy")&"'!$B$8:$AI$1000"),14,0)=$M$6)*1,"") | DV9: =IFERROR((VLOOKUP($B9,INDIRECT("'"&TEXT(DN$5,"dd-mm-yy")&"'!$B$8:$AI$1000"),14,0)=$N$6)*1,"") | DW9: =IFERROR((VLOOKUP($B9,INDIRECT("'"&TEXT(DN$5,"dd-mm-yy")&"'!$B$8:$AI$1000"),14,0)=$O$6)*1,"") | DX9: =IFERROR((VLOOKUP($B9,INDIRECT("'"&TEXT(DN$5,"dd-mm-yy")&"'!$B$8:$AI$1000"),16,0)=$P$6)*1,"") | DY9: =IFERROR((VLOOKUP($B9,INDIRECT("'"&TEXT(DN$5,"dd-mm-yy")&"'!$B$8:$AI$1000"),16,0)=$Q$6)*1,"") | DZ9: =IFERROR((VLOOKUP($B9,INDIRECT("'"&TEXT(DN$5,"dd-mm-yy")&"'!$B$8:$AI$1000"),17,0)=$R$6)*1,"") | EA9: =IFERROR((VLOOKUP($B9,INDIRECT("'"&TEXT(DN$5,"dd-mm-yy")&"'!$B$8:$AI$1000"),17,0)=$S$6)*1,"") | EB9: =IFERROR((VLOOKUP($B9,INDIRECT("'"&TEXT(EB$5,"dd-mm-yy")&"'!$B$8:$AI$1000"),13,0)=$F$6)*1,"") | EC9: =IFERROR((VLOOKUP($B9,INDIRECT("'"&TEXT(EB$5,"dd-mm-yy")&"'!$B$8:$AI$1000"),13,0)=$G$6)*1,"") | ED9: =IFERROR((VLOOKUP($B9,INDIRECT("'"&TEXT(EB$5,"dd-mm-yy")&"'!$B$8:$AI$1000"),14,0)=$H$6)*1,"") | EE9: =IFERROR((VLOOKUP($B9,INDIRECT("'"&TEXT(EB$5,"dd-mm-yy")&"'!$B$8:$AI$1000"),14,0)=$I$6)*1,"") | EF9: =IFERROR((VLOOKUP($B9,INDIRECT("'"&TEXT(EB$5,"dd-mm-yy")&"'!$B$8:$AI$1000"),14,0)=$J$6)*1,"") | EG9: =IFERROR((VLOOKUP($B9,INDIRECT("'"&TEXT(EB$5,"dd-mm-yy")&"'!$B$8:$AI$1000"),14,0)=$K$6)*1,"") | EH9: =IFERROR((VLOOKUP($B9,INDIRECT("'"&TEXT(EB$5,"dd-mm-yy")&"'!$B$8:$AI$1000"),14,0)=$L$6)*1,"") | EI9: =IFERROR((VLOOKUP($B9,INDIRECT("'"&TEXT(EB$5,"dd-mm-yy")&"'!$B$8:$AI$1000"),14,0)=$M$6)*1,"") | EJ9: =IFERROR((VLOOKUP($B9,INDIRECT("'"&TEXT(EB$5,"dd-mm-yy")&"'!$B$8:$AI$1000"),14,0)=$N$6)*1,"") | EK9: =IFERROR((VLOOKUP($B9,INDIRECT("'"&TEXT(EB$5,"dd-mm-yy")&"'!$B$8:$AI$1000"),14,0)=$O$6)*1,"") | EL9: =IFERROR((VLOOKUP($B9,INDIRECT("'"&TEXT(EB$5,"dd-mm-yy")&"'!$B$8:$AI$1000"),16,0)=$P$6)*1,"") | EM9: =IFERROR((VLOOKUP($B9,INDIRECT("'"&TEXT(EB$5,"dd-mm-yy")&"'!$B$8:$AI$1000"),16,0)=$Q$6)*1,"") | EN9: =IFERROR((VLOOKUP($B9,INDIRECT("'"&TEXT(EB$5,"dd-mm-yy")&"'!$B$8:$AI$1000"),17,0)=$R$6)*1,"") | EO9: =IFERROR((VLOOKUP($B9,INDIRECT("'"&TEXT(EB$5,"dd-mm-yy")&"'!$B$8:$AI$1000"),17,0)=$S$6)*1,"") | EP9: =IFERROR((VLOOKUP($B9,INDIRECT("'"&TEXT(EP$5,"dd-mm-yy")&"'!$B$8:$AI$1000"),13,0)=$F$6)*1,"") | EQ9: =IFERROR((VLOOKUP($B9,INDIRECT("'"&TEXT(EP$5,"dd-mm-yy")&"'!$B$8:$AI$1000"),13,0)=$G$6)*1,"") | ER9: =IFERROR((VLOOKUP($B9,INDIRECT("'"&TEXT(EP$5,"dd-mm-yy")&"'!$B$8:$AI$1000"),14,0)=$H$6)*1,"") | ES9: =IFERROR((VLOOKUP($B9,INDIRECT("'"&TEXT(EP$5,"dd-mm-yy")&"'!$B$8:$AI$1000"),14,0)=$I$6)*1,"") | ET9: =IFERROR((VLOOKUP($B9,INDIRECT("'"&TEXT(EP$5,"dd-mm-yy")&"'!$B$8:$AI$1000"),14,0)=$J$6)*1,"") | EU9: =IFERROR((VLOOKUP($B9,INDIRECT("'"&TEXT(EP$5,"dd-mm-yy")&"'!$B$8:$AI$1000"),14,0)=$K$6)*1,"") | EV9: =IFERROR((VLOOKUP($B9,INDIRECT("'"&TEXT(EP$5,"dd-mm-yy")&"'!$B$8:$AI$1000"),14,0)=$L$6)*1,"") | EW9: =IFERROR((VLOOKUP($B9,INDIRECT("'"&TEXT(EP$5,"dd-mm-yy")&"'!$B$8:$AI$1000"),14,0)=$M$6)*1,"") | EX9: =IFERROR((VLOOKUP($B9,INDIRECT("'"&TEXT(EP$5,"dd-mm-yy")&"'!$B$8:$AI$1000"),14,0)=$N$6)*1,"") | EY9: =IFERROR((VLOOKUP($B9,INDIRECT("'"&TEXT(EP$5,"dd-mm-yy")&"'!$B$8:$AI$1000"),14,0)=$O$6)*1,"") | EZ9: =IFERROR((VLOOKUP($B9,INDIRECT("'"&TEXT(EP$5,"dd-mm-yy")&"'!$B$8:$AI$1000"),16,0)=$P$6)*1,"") | FA9: =IFERROR((VLOOKUP($B9,INDIRECT("'"&TEXT(EP$5,"dd-mm-yy")&"'!$B$8:$AI$1000"),16,0)=$Q$6)*1,"") | FB9: =IFERROR((VLOOKUP($B9,INDIRECT("'"&TEXT(EP$5,"dd-mm-yy")&"'!$B$8:$AI$1000"),17,0)=$R$6)*1,"") | FC9: =IFERROR((VLOOKUP($B9,INDIRECT("'"&TEXT(EP$5,"dd-mm-yy")&"'!$B$8:$AI$1000"),17,0)=$S$6)*1,"") | FD9: =IFERROR((VLOOKUP($B9,INDIRECT("'"&TEXT(FD$5,"dd-mm-yy")&"'!$B$8:$AI$1000"),13,0)=$F$6)*1,"") | FE9: =IFERROR((VLOOKUP($B9,INDIRECT("'"&TEXT(FD$5,"dd-mm-yy")&"'!$B$8:$AI$1000"),13,0)=$G$6)*1,"") | FF9: =IFERROR((VLOOKUP($B9,INDIRECT("'"&TEXT(FD$5,"dd-mm-yy")&"'!$B$8:$AI$1000"),14,0)=$H$6)*1,"") | FG9: =IFERROR((VLOOKUP($B9,INDIRECT("'"&TEXT(FD$5,"dd-mm-yy")&"'!$B$8:$AI$1000"),14,0)=$I$6)*1,"") | FH9: =IFERROR((VLOOKUP($B9,INDIRECT("'"&TEXT(FD$5,"dd-mm-yy")&"'!$B$8:$AI$1000"),14,0)=$J$6)*1,"") | FI9: =IFERROR((VLOOKUP($B9,INDIRECT("'"&TEXT(FD$5,"dd-mm-yy")&"'!$B$8:$AI$1000"),14,0)=$K$6)*1,"") | FJ9: =IFERROR((VLOOKUP($B9,INDIRECT("'"&TEXT(FD$5,"dd-mm-yy")&"'!$B$8:$AI$1000"),14,0)=$L$6)*1,"") | FK9: =IFERROR((VLOOKUP($B9,INDIRECT("'"&TEXT(FD$5,"dd-mm-yy")&"'!$B$8:$AI$1000"),14,0)=$M$6)*1,"") | FL9: =IFERROR((VLOOKUP($B9,INDIRECT("'"&TEXT(FD$5,"dd-mm-yy")&"'!$B$8:$AI$1000"),14,0)=$N$6)*1,"") | FM9: =IFERROR((VLOOKUP($B9,INDIRECT("'"&TEXT(FD$5,"dd-mm-yy")&"'!$B$8:$AI$1000"),14,0)=$O$6)*1,"") | FN9: =IFERROR((VLOOKUP($B9,INDIRECT("'"&TEXT(FD$5,"dd-mm-yy")&"'!$B$8:$AI$1000"),16,0)=$P$6)*1,"") | FO9: =IFERROR((VLOOKUP($B9,INDIRECT("'"&TEXT(FD$5,"dd-mm-yy")&"'!$B$8:$AI$1000"),16,0)=$Q$6)*1,"") | FP9: =IFERROR((VLOOKUP($B9,INDIRECT("'"&TEXT(FD$5,"dd-mm-yy")&"'!$B$8:$AI$1000"),17,0)=$R$6)*1,"") | FQ9: =IFERROR((VLOOKUP($B9,INDIRECT("'"&TEXT(FD$5,"dd-mm-yy")&"'!$B$8:$AI$1000"),17,0)=$S$6)*1,"") | FR9: =IFERROR((VLOOKUP($B9,INDIRECT("'"&TEXT(FR$5,"dd-mm-yy")&"'!$B$8:$AI$1000"),13,0)=$F$6)*1,"") | FS9: =IFERROR((VLOOKUP($B9,INDIRECT("'"&TEXT(FR$5,"dd-mm-yy")&"'!$B$8:$AI$1000"),13,0)=$G$6)*1,"") | FT9: =IFERROR((VLOOKUP($B9,INDIRECT("'"&TEXT(FR$5,"dd-mm-yy")&"'!$B$8:$AI$1000"),14,0)=$H$6)*1,"") | FU9: =IFERROR((VLOOKUP($B9,INDIRECT("'"&TEXT(FR$5,"dd-mm-yy")&"'!$B$8:$AI$1000"),14,0)=$I$6)*1,"") | FV9: =IFERROR((VLOOKUP($B9,INDIRECT("'"&TEXT(FR$5,"dd-mm-yy")&"'!$B$8:$AI$1000"),14,0)=$J$6)*1,"") | FW9: =IFERROR((VLOOKUP($B9,INDIRECT("'"&TEXT(FR$5,"dd-mm-yy")&"'!$B$8:$AI$1000"),14,0)=$K$6)*1,"") | FX9: =IFERROR((VLOOKUP($B9,INDIRECT("'"&TEXT(FR$5,"dd-mm-yy")&"'!$B$8:$AI$1000"),14,0)=$L$6)*1,"") | FY9: =IFERROR((VLOOKUP($B9,INDIRECT("'"&TEXT(FR$5,"dd-mm-yy")&"'!$B$8:$AI$1000"),14,0)=$M$6)*1,"") | FZ9: =IFERROR((VLOOKUP($B9,INDIRECT("'"&TEXT(FR$5,"dd-mm-yy")&"'!$B$8:$AI$1000"),14,0)=$N$6)*1,"") | GA9: =IFERROR((VLOOKUP($B9,INDIRECT("'"&TEXT(FR$5,"dd-mm-yy")&"'!$B$8:$AI$1000"),14,0)=$O$6)*1,"") | GB9: =IFERROR((VLOOKUP($B9,INDIRECT("'"&TEXT(FR$5,"dd-mm-yy")&"'!$B$8:$AI$1000"),16,0)=$P$6)*1,"") | GC9: =IFERROR((VLOOKUP($B9,INDIRECT("'"&TEXT(FR$5,"dd-mm-yy")&"'!$B$8:$AI$1000"),16,0)=$Q$6)*1,"") | GD9: =IFERROR((VLOOKUP($B9,INDIRECT("'"&TEXT(FR$5,"dd-mm-yy")&"'!$B$8:$AI$1000"),17,0)=$R$6)*1,"") | GE9: =IFERROR((VLOOKUP($B9,INDIRECT("'"&TEXT(FR$5,"dd-mm-yy")&"'!$B$8:$AI$1000"),17,0)=$S$6)*1,"") | GF9: =IFERROR((VLOOKUP($B9,INDIRECT("'"&TEXT(GF$5,"dd-mm-yy")&"'!$B$8:$AI$1000"),13,0)=$F$6)*1,"") | GG9: =IFERROR((VLOOKUP($B9,INDIRECT("'"&TEXT(GF$5,"dd-mm-yy")&"'!$B$8:$AI$1000"),13,0)=$G$6)*1,"") | GH9: =IFERROR((VLOOKUP($B9,INDIRECT("'"&TEXT(GF$5,"dd-mm-yy")&"'!$B$8:$AI$1000"),14,0)=$H$6)*1,"") | GI9: =IFERROR((VLOOKUP($B9,INDIRECT("'"&TEXT(GF$5,"dd-mm-yy")&"'!$B$8:$AI$1000"),14,0)=$I$6)*1,"") | GJ9: =IFERROR((VLOOKUP($B9,INDIRECT("'"&TEXT(GF$5,"dd-mm-yy")&"'!$B$8:$AI$1000"),14,0)=$J$6)*1,"") | GK9: =IFERROR((VLOOKUP($B9,INDIRECT("'"&TEXT(GF$5,"dd-mm-yy")&"'!$B$8:$AI$1000"),14,0)=$K$6)*1,"") | GL9: =IFERROR((VLOOKUP($B9,INDIRECT("'"&TEXT(GF$5,"dd-mm-yy")&"'!$B$8:$AI$1000"),14,0)=$L$6)*1,"") | GM9: =IFERROR((VLOOKUP($B9,INDIRECT("'"&TEXT(GF$5,"dd-mm-yy")&"'!$B$8:$AI$1000"),14,0)=$M$6)*1,"") | GN9: =IFERROR((VLOOKUP($B9,INDIRECT("'"&TEXT(GF$5,"dd-mm-yy")&"'!$B$8:$AI$1000"),14,0)=$N$6)*1,"") | GO9: =IFERROR((VLOOKUP($B9,INDIRECT("'"&TEXT(GF$5,"dd-mm-yy")&"'!$B$8:$AI$1000"),14,0)=$O$6)*1,"") | GP9: =IFERROR((VLOOKUP($B9,INDIRECT("'"&TEXT(GF$5,"dd-mm-yy")&"'!$B$8:$AI$1000"),16,0)=$P$6)*1,"") | GQ9: =IFERROR((VLOOKUP($B9,INDIRECT("'"&TEXT(GF$5,"dd-mm-yy")&"'!$B$8:$AI$1000"),16,0)=$Q$6)*1,"") | GR9: =IFERROR((VLOOKUP($B9,INDIRECT("'"&TEXT(GF$5,"dd-mm-yy")&"'!$B$8:$AI$1000"),17,0)=$R$6)*1,"") | GS9: =IFERROR((VLOOKUP($B9,INDIRECT("'"&TEXT(GF$5,"dd-mm-yy")&"'!$B$8:$AI$1000"),17,0)=$S$6)*1,"") | GT9: =IFERROR((VLOOKUP($B9,INDIRECT("'"&TEXT(GT$5,"dd-mm-yy")&"'!$B$8:$AI$1000"),13,0)=$F$6)*1,"") | GU9: =IFERROR((VLOOKUP($B9,INDIRECT("'"&TEXT(GT$5,"dd-mm-yy")&"'!$B$8:$AI$1000"),13,0)=$G$6)*1,"") | GV9: =IFERROR((VLOOKUP($B9,INDIRECT("'"&TEXT(GT$5,"dd-mm-yy")&"'!$B$8:$AI$1000"),14,0)=$H$6)*1,"") | GW9: =IFERROR((VLOOKUP($B9,INDIRECT("'"&TEXT(GT$5,"dd-mm-yy")&"'!$B$8:$AI$1000"),14,0)=$I$6)*1,"") | GX9: =IFERROR((VLOOKUP($B9,INDIRECT("'"&TEXT(GT$5,"dd-mm-yy")&"'!$B$8:$AI$1000"),14,0)=$J$6)*1,"") | GY9: =IFERROR((VLOOKUP($B9,INDIRECT("'"&TEXT(GT$5,"dd-mm-yy")&"'!$B$8:$AI$1000"),14,0)=$K$6)*1,"") | GZ9: =IFERROR((VLOOKUP($B9,INDIRECT("'"&TEXT(GT$5,"dd-mm-yy")&"'!$B$8:$AI$1000"),14,0)=$L$6)*1,"") | HA9: =IFERROR((VLOOKUP($B9,INDIRECT("'"&TEXT(GT$5,"dd-mm-yy")&"'!$B$8:$AI$1000"),14,0)=$M$6)*1,"") | HB9: =IFERROR((VLOOKUP($B9,INDIRECT("'"&TEXT(GT$5,"dd-mm-yy")&"'!$B$8:$AI$1000"),14,0)=$N$6)*1,"") | HC9: =IFERROR((VLOOKUP($B9,INDIRECT("'"&TEXT(GT$5,"dd-mm-yy")&"'!$B$8:$AI$1000"),14,0)=$O$6)*1,"") | HD9: =IFERROR((VLOOKUP($B9,INDIRECT("'"&TEXT(GT$5,"dd-mm-yy")&"'!$B$8:$AI$1000"),16,0)=$P$6)*1,"") | HE9: =IFERROR((VLOOKUP($B9,INDIRECT("'"&TEXT(GT$5,"dd-mm-yy")&"'!$B$8:$AI$1000"),16,0)=$Q$6)*1,"") | HF9: =IFERROR((VLOOKUP($B9,INDIRECT("'"&TEXT(GT$5,"dd-mm-yy")&"'!$B$8:$AI$1000"),17,0)=$R$6)*1,"") | HG9: =IFERROR((VLOOKUP($B9,INDIRECT("'"&TEXT(GT$5,"dd-mm-yy")&"'!$B$8:$AI$1000"),17,0)=$S$6)*1,"") | HH9: =IFERROR((VLOOKUP($B9,INDIRECT("'"&TEXT(HH$5,"dd-mm-yy")&"'!$B$8:$AI$1000"),13,0)=$F$6)*1,"") | HI9: =IFERROR((VLOOKUP($B9,INDIRECT("'"&TEXT(HH$5,"dd-mm-yy")&"'!$B$8:$AI$1000"),13,0)=$G$6)*1,"") | HJ9: =IFERROR((VLOOKUP($B9,INDIRECT("'"&TEXT(HH$5,"dd-mm-yy")&"'!$B$8:$AI$1000"),14,0)=$H$6)*1,"") | HK9: =IFERROR((VLOOKUP($B9,INDIRECT("'"&TEXT(HH$5,"dd-mm-yy")&"'!$B$8:$AI$1000"),14,0)=$I$6)*1,"") | HL9: =IFERROR((VLOOKUP($B9,INDIRECT("'"&TEXT(HH$5,"dd-mm-yy")&"'!$B$8:$AI$1000"),14,0)=$J$6)*1,"") | HM9: =IFERROR((VLOOKUP($B9,INDIRECT("'"&TEXT(HH$5,"dd-mm-yy")&"'!$B$8:$AI$1000"),14,0)=$K$6)*1,"") | HN9: =IFERROR((VLOOKUP($B9,INDIRECT("'"&TEXT(HH$5,"dd-mm-yy")&"'!$B$8:$AI$1000"),14,0)=$L$6)*1,"") | HO9: =IFERROR((VLOOKUP($B9,INDIRECT("'"&TEXT(HH$5,"dd-mm-yy")&"'!$B$8:$AI$1000"),14,0)=$M$6)*1,"") | HP9: =IFERROR((VLOOKUP($B9,INDIRECT("'"&TEXT(HH$5,"dd-mm-yy")&"'!$B$8:$AI$1000"),14,0)=$N$6)*1,"") | HQ9: =IFERROR((VLOOKUP($B9,INDIRECT("'"&TEXT(HH$5,"dd-mm-yy")&"'!$B$8:$AI$1000"),14,0)=$O$6)*1,"") | HR9: =IFERROR((VLOOKUP($B9,INDIRECT("'"&TEXT(HH$5,"dd-mm-yy")&"'!$B$8:$AI$1000"),16,0)=$P$6)*1,"") | HS9: =IFERROR((VLOOKUP($B9,INDIRECT("'"&TEXT(HH$5,"dd-mm-yy")&"'!$B$8:$AI$1000"),16,0)=$Q$6)*1,"") | HT9: =IFERROR((VLOOKUP($B9,INDIRECT("'"&TEXT(HH$5,"dd-mm-yy")&"'!$B$8:$AI$1000"),17,0)=$R$6)*1,"") | HU9: =IFERROR((VLOOKUP($B9,INDIRECT("'"&TEXT(HH$5,"dd-mm-yy")&"'!$B$8:$AI$1000"),17,0)=$S$6)*1,"") | HV9: =IFERROR((VLOOKUP($B9,INDIRECT("'"&TEXT(HV$5,"dd-mm-yy")&"'!$B$8:$AI$1000"),13,0)=$F$6)*1,"") | HW9: =IFERROR((VLOOKUP($B9,INDIRECT("'"&TEXT(HV$5,"dd-mm-yy")&"'!$B$8:$AI$1000"),13,0)=$G$6)*1,"") | HX9: =IFERROR((VLOOKUP($B9,INDIRECT("'"&TEXT(HV$5,"dd-mm-yy")&"'!$B$8:$AI$1000"),14,0)=$H$6)*1,"") | HY9: =IFERROR((VLOOKUP($B9,INDIRECT("'"&TEXT(HV$5,"dd-mm-yy")&"'!$B$8:$AI$1000"),14,0)=$I$6)*1,"") | HZ9: =IFERROR((VLOOKUP($B9,INDIRECT("'"&TEXT(HV$5,"dd-mm-yy")&"'!$B$8:$AI$1000"),14,0)=$J$6)*1,"") | IA9: =IFERROR((VLOOKUP($B9,INDIRECT("'"&TEXT(HV$5,"dd-mm-yy")&"'!$B$8:$AI$1000"),14,0)=$K$6)*1,"") | IB9: =IFERROR((VLOOKUP($B9,INDIRECT("'"&TEXT(HV$5,"dd-mm-yy")&"'!$B$8:$AI$1000"),14,0)=$L$6)*1,"") | IC9: =IFERROR((VLOOKUP($B9,INDIRECT("'"&TEXT(HV$5,"dd-mm-yy")&"'!$B$8:$AI$1000"),14,0)=$M$6)*1,"") | ID9: =IFERROR((VLOOKUP($B9,INDIRECT("'"&TEXT(HV$5,"dd-mm-yy")&"'!$B$8:$AI$1000"),14,0)=$N$6)*1,"") | IE9: =IFERROR((VLOOKUP($B9,INDIRECT("'"&TEXT(HV$5,"dd-mm-yy")&"'!$B$8:$AI$1000"),14,0)=$O$6)*1,"") | IF9: =IFERROR((VLOOKUP($B9,INDIRECT("'"&TEXT(HV$5,"dd-mm-yy")&"'!$B$8:$AI$1000"),16,0)=$P$6)*1,"") | IG9: =IFERROR((VLOOKUP($B9,INDIRECT("'"&TEXT(HV$5,"dd-mm-yy")&"'!$B$8:$AI$1000"),16,0)=$Q$6)*1,"") | IH9: =IFERROR((VLOOKUP($B9,INDIRECT("'"&TEXT(HV$5,"dd-mm-yy")&"'!$B$8:$AI$1000"),17,0)=$R$6)*1,"") | II9: =IFERROR((VLOOKUP($B9,INDIRECT("'"&TEXT(HV$5,"dd-mm-yy")&"'!$B$8:$AI$1000"),17,0)=$S$6)*1,"") | IJ9: =IFERROR((VLOOKUP($B9,INDIRECT("'"&TEXT(IJ$5,"dd-mm-yy")&"'!$B$8:$AI$1000"),13,0)=$F$6)*1,"") | IK9: =IFERROR((VLOOKUP($B9,INDIRECT("'"&TEXT(IJ$5,"dd-mm-yy")&"'!$B$8:$AI$1000"),13,0)=$G$6)*1,"") | IL9: =IFERROR((VLOOKUP($B9,INDIRECT("'"&TEXT(IJ$5,"dd-mm-yy")&"'!$B$8:$AI$1000"),14,0)=$H$6)*1,"") | IM9: =IFERROR((VLOOKUP($B9,INDIRECT("'"&TEXT(IJ$5,"dd-mm-yy")&"'!$B$8:$AI$1000"),14,0)=$I$6)*1,"") | IN9: =IFERROR((VLOOKUP($B9,INDIRECT("'"&TEXT(IJ$5,"dd-mm-yy")&"'!$B$8:$AI$1000"),14,0)=$J$6)*1,"") | IO9: =IFERROR((VLOOKUP($B9,INDIRECT("'"&TEXT(IJ$5,"dd-mm-yy")&"'!$B$8:$AI$1000"),14,0)=$K$6)*1,"") | IP9: =IFERROR((VLOOKUP($B9,INDIRECT("'"&TEXT(IJ$5,"dd-mm-yy")&"'!$B$8:$AI$1000"),14,0)=$L$6)*1,"") | IQ9: =IFERROR((VLOOKUP($B9,INDIRECT("'"&TEXT(IJ$5,"dd-mm-yy")&"'!$B$8:$AI$1000"),14,0)=$M$6)*1,"") | IR9: =IFERROR((VLOOKUP($B9,INDIRECT("'"&TEXT(IJ$5,"dd-mm-yy")&"'!$B$8:$AI$1000"),14,0)=$N$6)*1,"") | IS9: =IFERROR((VLOOKUP($B9,INDIRECT("'"&TEXT(IJ$5,"dd-mm-yy")&"'!$B$8:$AI$1000"),14,0)=$O$6)*1,"") | IT9: =IFERROR((VLOOKUP($B9,INDIRECT("'"&TEXT(IJ$5,"dd-mm-yy")&"'!$B$8:$AI$1000"),16,0)=$P$6)*1,"") | IU9: =IFERROR((VLOOKUP($B9,INDIRECT("'"&TEXT(IJ$5,"dd-mm-yy")&"'!$B$8:$AI$1000"),16,0)=$Q$6)*1,"") | IV9: =IFERROR((VLOOKUP($B9,INDIRECT("'"&TEXT(IJ$5,"dd-mm-yy")&"'!$B$8:$AI$1000"),17,0)=$R$6)*1,"") | IW9: =IFERROR((VLOOKUP($B9,INDIRECT("'"&TEXT(IJ$5,"dd-mm-yy")&"'!$B$8:$AI$1000"),17,0)=$S$6)*1,"") | IX9: =IFERROR((VLOOKUP($B9,INDIRECT("'"&TEXT(IX$5,"dd-mm-yy")&"'!$B$8:$AI$1000"),13,0)=$F$6)*1,"") | IY9: =IFERROR((VLOOKUP($B9,INDIRECT("'"&TEXT(IX$5,"dd-mm-yy")&"'!$B$8:$AI$1000"),13,0)=$G$6)*1,"") | IZ9: =IFERROR((VLOOKUP($B9,INDIRECT("'"&TEXT(IX$5,"dd-mm-yy")&"'!$B$8:$AI$1000"),14,0)=$H$6)*1,"") | JA9: =IFERROR((VLOOKUP($B9,INDIRECT("'"&TEXT(IX$5,"dd-mm-yy")&"'!$B$8:$AI$1000"),14,0)=$I$6)*1,"") | JB9: =IFERROR((VLOOKUP($B9,INDIRECT("'"&TEXT(IX$5,"dd-mm-yy")&"'!$B$8:$AI$1000"),14,0)=$J$6)*1,"") | JC9: =IFERROR((VLOOKUP($B9,INDIRECT("'"&TEXT(IX$5,"dd-mm-yy")&"'!$B$8:$AI$1000"),14,0)=$K$6)*1,"") | JD9: =IFERROR((VLOOKUP($B9,INDIRECT("'"&TEXT(IX$5,"dd-mm-yy")&"'!$B$8:$AI$1000"),14,0)=$L$6)*1,"") | JE9: =IFERROR((VLOOKUP($B9,INDIRECT("'"&TEXT(IX$5,"dd-mm-yy")&"'!$B$8:$AI$1000"),14,0)=$M$6)*1,"") | JF9: =IFERROR((VLOOKUP($B9,INDIRECT("'"&TEXT(IX$5,"dd-mm-yy")&"'!$B$8:$AI$1000"),14,0)=$N$6)*1,"") | JG9: =IFERROR((VLOOKUP($B9,INDIRECT("'"&TEXT(IX$5,"dd-mm-yy")&"'!$B$8:$AI$1000"),14,0)=$O$6)*1,"") | JH9: =IFERROR((VLOOKUP($B9,INDIRECT("'"&TEXT(IX$5,"dd-mm-yy")&"'!$B$8:$AI$1000"),16,0)=$P$6)*1,"") | JI9: =IFERROR((VLOOKUP($B9,INDIRECT("'"&TEXT(IX$5,"dd-mm-yy")&"'!$B$8:$AI$1000"),16,0)=$Q$6)*1,"") | JJ9: =IFERROR((VLOOKUP($B9,INDIRECT("'"&TEXT(IX$5,"dd-mm-yy")&"'!$B$8:$AI$1000"),17,0)=$R$6)*1,"") | JK9: =IFERROR((VLOOKUP($B9,INDIRECT("'"&TEXT(IX$5,"dd-mm-yy")&"'!$B$8:$AI$1000"),17,0)=$S$6)*1,"") | JL9: =IFERROR((VLOOKUP($B9,INDIRECT("'"&TEXT(JL$5,"dd-mm-yy")&"'!$B$8:$AI$1000"),13,0)=$F$6)*1,"") | JM9: =IFERROR((VLOOKUP($B9,INDIRECT("'"&TEXT(JL$5,"dd-mm-yy")&"'!$B$8:$AI$1000"),13,0)=$G$6)*1,"") | JN9: =IFERROR((VLOOKUP($B9,INDIRECT("'"&TEXT(JL$5,"dd-mm-yy")&"'!$B$8:$AI$1000"),14,0)=$H$6)*1,"") | JO9: =IFERROR((VLOOKUP($B9,INDIRECT("'"&TEXT(JL$5,"dd-mm-yy")&"'!$B$8:$AI$1000"),14,0)=$I$6)*1,"") | JP9: =IFERROR((VLOOKUP($B9,INDIRECT("'"&TEXT(JL$5,"dd-mm-yy")&"'!$B$8:$AI$1000"),14,0)=$J$6)*1,"") | JQ9: =IFERROR((VLOOKUP($B9,INDIRECT("'"&TEXT(JL$5,"dd-mm-yy")&"'!$B$8:$AI$1000"),14,0)=$K$6)*1,"") | JR9: =IFERROR((VLOOKUP($B9,INDIRECT("'"&TEXT(JL$5,"dd-mm-yy")&"'!$B$8:$AI$1000"),14,0)=$L$6)*1,"") | JS9: =IFERROR((VLOOKUP($B9,INDIRECT("'"&TEXT(JL$5,"dd-mm-yy")&"'!$B$8:$AI$1000"),14,0)=$M$6)*1,"") | JT9: =IFERROR((VLOOKUP($B9,INDIRECT("'"&TEXT(JL$5,"dd-mm-yy")&"'!$B$8:$AI$1000"),14,0)=$N$6)*1,"") | JU9: =IFERROR((VLOOKUP($B9,INDIRECT("'"&TEXT(JL$5,"dd-mm-yy")&"'!$B$8:$AI$1000"),14,0)=$O$6)*1,"") | JV9: =IFERROR((VLOOKUP($B9,INDIRECT("'"&TEXT(JL$5,"dd-mm-yy")&"'!$B$8:$AI$1000"),16,0)=$P$6)*1,"") | JW9: =IFERROR((VLOOKUP($B9,INDIRECT("'"&TEXT(JL$5,"dd-mm-yy")&"'!$B$8:$AI$1000"),16,0)=$Q$6)*1,"") | JX9: =IFERROR((VLOOKUP($B9,INDIRECT("'"&TEXT(JL$5,"dd-mm-yy")&"'!$B$8:$AI$1000"),17,0)=$R$6)*1,"") | JY9: =IFERROR((VLOOKUP($B9,INDIRECT("'"&TEXT(JL$5,"dd-mm-yy")&"'!$B$8:$AI$1000"),17,0)=$S$6)*1,"") | JZ9: =IFERROR((VLOOKUP($B9,INDIRECT("'"&TEXT(JZ$5,"dd-mm-yy")&"'!$B$8:$AI$1000"),13,0)=$F$6)*1,"") | KA9: =IFERROR((VLOOKUP($B9,INDIRECT("'"&TEXT(JZ$5,"dd-mm-yy")&"'!$B$8:$AI$1000"),13,0)=$G$6)*1,"") | KB9: =IFERROR((VLOOKUP($B9,INDIRECT("'"&TEXT(JZ$5,"dd-mm-yy")&"'!$B$8:$AI$1000"),14,0)=$H$6)*1,"") | KC9: =IFERROR((VLOOKUP($B9,INDIRECT("'"&TEXT(JZ$5,"dd-mm-yy")&"'!$B$8:$AI$1000"),14,0)=$I$6)*1,"") | KD9: =IFERROR((VLOOKUP($B9,INDIRECT("'"&TEXT(JZ$5,"dd-mm-yy")&"'!$B$8:$AI$1000"),14,0)=$J$6)*1,"") | KE9: =IFERROR((VLOOKUP($B9,INDIRECT("'"&TEXT(JZ$5,"dd-mm-yy")&"'!$B$8:$AI$1000"),14,0)=$K$6)*1,"") | KF9: =IFERROR((VLOOKUP($B9,INDIRECT("'"&TEXT(JZ$5,"dd-mm-yy")&"'!$B$8:$AI$1000"),14,0)=$L$6)*1,"") | KG9: =IFERROR((VLOOKUP($B9,INDIRECT("'"&TEXT(JZ$5,"dd-mm-yy")&"'!$B$8:$AI$1000"),14,0)=$M$6)*1,"") | KH9: =IFERROR((VLOOKUP($B9,INDIRECT("'"&TEXT(JZ$5,"dd-mm-yy")&"'!$B$8:$AI$1000"),14,0)=$N$6)*1,"") | KI9: =IFERROR((VLOOKUP($B9,INDIRECT("'"&TEXT(JZ$5,"dd-mm-yy")&"'!$B$8:$AI$1000"),14,0)=$O$6)*1,"") | KJ9: =IFERROR((VLOOKUP($B9,INDIRECT("'"&TEXT(JZ$5,"dd-mm-yy")&"'!$B$8:$AI$1000"),16,0)=$P$6)*1,"") | KK9: =IFERROR((VLOOKUP($B9,INDIRECT("'"&TEXT(JZ$5,"dd-mm-yy")&"'!$B$8:$AI$1000"),16,0)=$Q$6)*1,"") | KL9: =IFERROR((VLOOKUP($B9,INDIRECT("'"&TEXT(JZ$5,"dd-mm-yy")&"'!$B$8:$AI$1000"),17,0)=$R$6)*1,"") | KM9: =IFERROR((VLOOKUP($B9,INDIRECT("'"&TEXT(JZ$5,"dd-mm-yy")&"'!$B$8:$AI$1000"),17,0)=$S$6)*1,"") | KN9: =IFERROR((VLOOKUP($B9,INDIRECT("'"&TEXT(KN$5,"dd-mm-yy")&"'!$B$8:$AI$1000"),13,0)=$F$6)*1,"") | KO9: =IFERROR((VLOOKUP($B9,INDIRECT("'"&TEXT(KN$5,"dd-mm-yy")&"'!$B$8:$AI$1000"),13,0)=$G$6)*1,"") | KP9: =IFERROR((VLOOKUP($B9,INDIRECT("'"&TEXT(KN$5,"dd-mm-yy")&"'!$B$8:$AI$1000"),14,0)=$H$6)*1,"") | KQ9: =IFERROR((VLOOKUP($B9,INDIRECT("'"&TEXT(KN$5,"dd-mm-yy")&"'!$B$8:$AI$1000"),14,0)=$I$6)*1,"") | KR9: =IFERROR((VLOOKUP($B9,INDIRECT("'"&TEXT(KN$5,"dd-mm-yy")&"'!$B$8:$AI$1000"),14,0)=$J$6)*1,"") | KS9: =IFERROR((VLOOKUP($B9,INDIRECT("'"&TEXT(KN$5,"dd-mm-yy")&"'!$B$8:$AI$1000"),14,0)=$K$6)*1,"") | KT9: =IFERROR((VLOOKUP($B9,INDIRECT("'"&TEXT(KN$5,"dd-mm-yy")&"'!$B$8:$AI$1000"),14,0)=$L$6)*1,"") | KU9: =IFERROR((VLOOKUP($B9,INDIRECT("'"&TEXT(KN$5,"dd-mm-yy")&"'!$B$8:$AI$1000"),14,0)=$M$6)*1,"") | KV9: =IFERROR((VLOOKUP($B9,INDIRECT("'"&TEXT(KN$5,"dd-mm-yy")&"'!$B$8:$AI$1000"),14,0)=$N$6)*1,"") | KW9: =IFERROR((VLOOKUP($B9,INDIRECT("'"&TEXT(KN$5,"dd-mm-yy")&"'!$B$8:$AI$1000"),14,0)=$O$6)*1,"") | KX9: =IFERROR((VLOOKUP($B9,INDIRECT("'"&TEXT(KN$5,"dd-mm-yy")&"'!$B$8:$AI$1000"),16,0)=$P$6)*1,"") | KY9: =IFERROR((VLOOKUP($B9,INDIRECT("'"&TEXT(KN$5,"dd-mm-yy")&"'!$B$8:$AI$1000"),16,0)=$Q$6)*1,"") | KZ9: =IFERROR((VLOOKUP($B9,INDIRECT("'"&TEXT(KN$5,"dd-mm-yy")&"'!$B$8:$AI$1000"),17,0)=$R$6)*1,"") | LA9: =IFERROR((VLOOKUP($B9,INDIRECT("'"&TEXT(KN$5,"dd-mm-yy")&"'!$B$8:$AI$1000"),17,0)=$S$6)*1,"") | LB9: =IFERROR((VLOOKUP($B9,INDIRECT("'"&TEXT(LB$5,"dd-mm-yy")&"'!$B$8:$AI$1000"),13,0)=$F$6)*1,"") | LC9: =IFERROR((VLOOKUP($B9,INDIRECT("'"&TEXT(LB$5,"dd-mm-yy")&"'!$B$8:$AI$1000"),13,0)=$G$6)*1,"") | LD9: =IFERROR((VLOOKUP($B9,INDIRECT("'"&TEXT(LB$5,"dd-mm-yy")&"'!$B$8:$AI$1000"),14,0)=$H$6)*1,"") | LE9: =IFERROR((VLOOKUP($B9,INDIRECT("'"&TEXT(LB$5,"dd-mm-yy")&"'!$B$8:$AI$1000"),14,0)=$I$6)*1,"") | LF9: =IFERROR((VLOOKUP($B9,INDIRECT("'"&TEXT(LB$5,"dd-mm-yy")&"'!$B$8:$AI$1000"),14,0)=$J$6)*1,"") | LG9: =IFERROR((VLOOKUP($B9,INDIRECT("'"&TEXT(LB$5,"dd-mm-yy")&"'!$B$8:$AI$1000"),14,0)=$K$6)*1,"") | LH9: =IFERROR((VLOOKUP($B9,INDIRECT("'"&TEXT(LB$5,"dd-mm-yy")&"'!$B$8:$AI$1000"),14,0)=$L$6)*1,"") | LI9: =IFERROR((VLOOKUP($B9,INDIRECT("'"&TEXT(LB$5,"dd-mm-yy")&"'!$B$8:$AI$1000"),14,0)=$M$6)*1,"") | LJ9: =IFERROR((VLOOKUP($B9,INDIRECT("'"&TEXT(LB$5,"dd-mm-yy")&"'!$B$8:$AI$1000"),14,0)=$N$6)*1,"") | LK9: =IFERROR((VLOOKUP($B9,INDIRECT("'"&TEXT(LB$5,"dd-mm-yy")&"'!$B$8:$AI$1000"),14,0)=$O$6)*1,"") | LL9: =IFERROR((VLOOKUP($B9,INDIRECT("'"&TEXT(LB$5,"dd-mm-yy")&"'!$B$8:$AI$1000"),16,0)=$P$6)*1,"") | LM9: =IFERROR((VLOOKUP($B9,INDIRECT("'"&TEXT(LB$5,"dd-mm-yy")&"'!$B$8:$AI$1000"),16,0)=$Q$6)*1,"") | LN9: =IFERROR((VLOOKUP($B9,INDIRECT("'"&TEXT(LB$5,"dd-mm-yy")&"'!$B$8:$AI$1000"),17,0)=$R$6)*1,"") | LO9: =IFERROR((VLOOKUP($B9,INDIRECT("'"&TEXT(LB$5,"dd-mm-yy")&"'!$B$8:$AI$1000"),17,0)=$S$6)*1,"") | LP9: =IFERROR((VLOOKUP($B9,INDIRECT("'"&TEXT(LP$5,"dd-mm-yy")&"'!$B$8:$AI$1000"),13,0)=$F$6)*1,"") | LQ9: =IFERROR((VLOOKUP($B9,INDIRECT("'"&TEXT(LP$5,"dd-mm-yy")&"'!$B$8:$AI$1000"),13,0)=$G$6)*1,"") | LR9: =IFERROR((VLOOKUP($B9,INDIRECT("'"&TEXT(LP$5,"dd-mm-yy")&"'!$B$8:$AI$1000"),14,0)=$H$6)*1,"") | LS9: =IFERROR((VLOOKUP($B9,INDIRECT("'"&TEXT(LP$5,"dd-mm-yy")&"'!$B$8:$AI$1000"),14,0)=$I$6)*1,"") | LT9: =IFERROR((VLOOKUP($B9,INDIRECT("'"&TEXT(LP$5,"dd-mm-yy")&"'!$B$8:$AI$1000"),14,0)=$J$6)*1,"") | LU9: =IFERROR((VLOOKUP($B9,INDIRECT("'"&TEXT(LP$5,"dd-mm-yy")&"'!$B$8:$AI$1000"),14,0)=$K$6)*1,"") | LV9: =IFERROR((VLOOKUP($B9,INDIRECT("'"&TEXT(LP$5,"dd-mm-yy")&"'!$B$8:$AI$1000"),14,0)=$L$6)*1,"") | LW9: =IFERROR((VLOOKUP($B9,INDIRECT("'"&TEXT(LP$5,"dd-mm-yy")&"'!$B$8:$AI$1000"),14,0)=$M$6)*1,"") | LX9: =IFERROR((VLOOKUP($B9,INDIRECT("'"&TEXT(LP$5,"dd-mm-yy")&"'!$B$8:$AI$1000"),14,0)=$N$6)*1,"") | LY9: =IFERROR((VLOOKUP($B9,INDIRECT("'"&TEXT(LP$5,"dd-mm-yy")&"'!$B$8:$AI$1000"),14,0)=$O$6)*1,"") | LZ9: =IFERROR((VLOOKUP($B9,INDIRECT("'"&TEXT(LP$5,"dd-mm-yy")&"'!$B$8:$AI$1000"),16,0)=$P$6)*1,"") | MA9: =IFERROR((VLOOKUP($B9,INDIRECT("'"&TEXT(LP$5,"dd-mm-yy")&"'!$B$8:$AI$1000"),16,0)=$Q$6)*1,"") | MB9: =IFERROR((VLOOKUP($B9,INDIRECT("'"&TEXT(LP$5,"dd-mm-yy")&"'!$B$8:$AI$1000"),17,0)=$R$6)*1,"") | MC9: =IFERROR((VLOOKUP($B9,INDIRECT("'"&TEXT(LP$5,"dd-mm-yy")&"'!$B$8:$AI$1000"),17,0)=$S$6)*1,"") | MD9: =IFERROR((VLOOKUP($B9,INDIRECT("'"&TEXT(MD$5,"dd-mm-yy")&"'!$B$8:$AI$1000"),13,0)=$F$6)*1,"") | ME9: =IFERROR((VLOOKUP($B9,INDIRECT("'"&TEXT(MD$5,"dd-mm-yy")&"'!$B$8:$AI$1000"),13,0)=$G$6)*1,"") | MF9: =IFERROR((VLOOKUP($B9,INDIRECT("'"&TEXT(MD$5,"dd-mm-yy")&"'!$B$8:$AI$1000"),14,0)=$H$6)*1,"") | MG9: =IFERROR((VLOOKUP($B9,INDIRECT("'"&TEXT(MD$5,"dd-mm-yy")&"'!$B$8:$AI$1000"),14,0)=$I$6)*1,"") | MH9: =IFERROR((VLOOKUP($B9,INDIRECT("'"&TEXT(MD$5,"dd-mm-yy")&"'!$B$8:$AI$1000"),14,0)=$J$6)*1,"") | MI9: =IFERROR((VLOOKUP($B9,INDIRECT("'"&TEXT(MD$5,"dd-mm-yy")&"'!$B$8:$AI$1000"),14,0)=$K$6)*1,"") | MJ9: =IFERROR((VLOOKUP($B9,INDIRECT("'"&TEXT(MD$5,"dd-mm-yy")&"'!$B$8:$AI$1000"),14,0)=$L$6)*1,"") | MK9: =IFERROR((VLOOKUP($B9,INDIRECT("'"&TEXT(MD$5,"dd-mm-yy")&"'!$B$8:$AI$1000"),14,0)=$M$6)*1,"") | ML9: =IFERROR((VLOOKUP($B9,INDIRECT("'"&TEXT(MD$5,"dd-mm-yy")&"'!$B$8:$AI$1000"),14,0)=$N$6)*1,"") | MM9: =IFERROR((VLOOKUP($B9,INDIRECT("'"&TEXT(MD$5,"dd-mm-yy")&"'!$B$8:$AI$1000"),14,0)=$O$6)*1,"") | MN9: =IFERROR((VLOOKUP($B9,INDIRECT("'"&TEXT(MD$5,"dd-mm-yy")&"'!$B$8:$AI$1000"),16,0)=$P$6)*1,"") | MO9: =IFERROR((VLOOKUP($B9,INDIRECT("'"&TEXT(MD$5,"dd-mm-yy")&"'!$B$8:$AI$1000"),16,0)=$Q$6)*1,"") | MP9: =IFERROR((VLOOKUP($B9,INDIRECT("'"&TEXT(MD$5,"dd-mm-yy")&"'!$B$8:$AI$1000"),17,0)=$R$6)*1,"") | MQ9: =IFERROR((VLOOKUP($B9,INDIRECT("'"&TEXT(MD$5,"dd-mm-yy")&"'!$B$8:$AI$1000"),17,0)=$S$6)*1,"") | MR9: =IFERROR((VLOOKUP($B9,INDIRECT("'"&TEXT(MR$5,"dd-mm-yy")&"'!$B$8:$AI$1000"),13,0)=$F$6)*1,"") | MS9: =IFERROR((VLOOKUP($B9,INDIRECT("'"&TEXT(MR$5,"dd-mm-yy")&"'!$B$8:$AI$1000"),13,0)=$G$6)*1,"") | MT9: =IFERROR((VLOOKUP($B9,INDIRECT("'"&TEXT(MR$5,"dd-mm-yy")&"'!$B$8:$AI$1000"),14,0)=$H$6)*1,"") | MU9: =IFERROR((VLOOKUP($B9,INDIRECT("'"&TEXT(MR$5,"dd-mm-yy")&"'!$B$8:$AI$1000"),14,0)=$I$6)*1,"") | MV9: =IFERROR((VLOOKUP($B9,INDIRECT("'"&TEXT(MR$5,"dd-mm-yy")&"'!$B$8:$AI$1000"),14,0)=$J$6)*1,"") | MW9: =IFERROR((VLOOKUP($B9,INDIRECT("'"&TEXT(MR$5,"dd-mm-yy")&"'!$B$8:$AI$1000"),14,0)=$K$6)*1,"") | MX9: =IFERROR((VLOOKUP($B9,INDIRECT("'"&TEXT(MR$5,"dd-mm-yy")&"'!$B$8:$AI$1000"),14,0)=$L$6)*1,"") | MY9: =IFERROR((VLOOKUP($B9,INDIRECT("'"&TEXT(MR$5,"dd-mm-yy")&"'!$B$8:$AI$1000"),14,0)=$M$6)*1,"") | MZ9: =IFERROR((VLOOKUP($B9,INDIRECT("'"&TEXT(MR$5,"dd-mm-yy")&"'!$B$8:$AI$1000"),14,0)=$N$6)*1,"") | NA9: =IFERROR((VLOOKUP($B9,INDIRECT("'"&TEXT(MR$5,"dd-mm-yy")&"'!$B$8:$AI$1000"),14,0)=$O$6)*1,"") | NB9: =IFERROR((VLOOKUP($B9,INDIRECT("'"&TEXT(MR$5,"dd-mm-yy")&"'!$B$8:$AI$1000"),16,0)=$P$6)*1,"") | NC9: =IFERROR((VLOOKUP($B9,INDIRECT("'"&TEXT(MR$5,"dd-mm-yy")&"'!$B$8:$AI$1000"),16,0)=$Q$6)*1,"") | ND9: =IFERROR((VLOOKUP($B9,INDIRECT("'"&TEXT(MR$5,"dd-mm-yy")&"'!$B$8:$AI$1000"),17,0)=$R$6)*1,"") | NE9: =IFERROR((VLOOKUP($B9,INDIRECT("'"&TEXT(MR$5,"dd-mm-yy")&"'!$B$8:$AI$1000"),17,0)=$S$6)*1,"") | NF9: =IFERROR((VLOOKUP($B9,INDIRECT("'"&TEXT(NF$5,"dd-mm-yy")&"'!$B$8:$AI$1000"),13,0)=$F$6)*1,"") | NG9: =IFERROR((VLOOKUP($B9,INDIRECT("'"&TEXT(NF$5,"dd-mm-yy")&"'!$B$8:$AI$1000"),13,0)=$G$6)*1,"") | NH9: =IFERROR((VLOOKUP($B9,INDIRECT("'"&TEXT(NF$5,"dd-mm-yy")&"'!$B$8:$AI$1000"),14,0)=$H$6)*1,"") | NI9: =IFERROR((VLOOKUP($B9,INDIRECT("'"&TEXT(NF$5,"dd-mm-yy")&"'!$B$8:$AI$1000"),14,0)=$I$6)*1,"") | NJ9: =IFERROR((VLOOKUP($B9,INDIRECT("'"&TEXT(NF$5,"dd-mm-yy")&"'!$B$8:$AI$1000"),14,0)=$J$6)*1,"") | NK9: =IFERROR((VLOOKUP($B9,INDIRECT("'"&TEXT(NF$5,"dd-mm-yy")&"'!$B$8:$AI$1000"),14,0)=$K$6)*1,"") | NL9: =IFERROR((VLOOKUP($B9,INDIRECT("'"&TEXT(NF$5,"dd-mm-yy")&"'!$B$8:$AI$1000"),14,0)=$L$6)*1,"") | NM9: =IFERROR((VLOOKUP($B9,INDIRECT("'"&TEXT(NF$5,"dd-mm-yy")&"'!$B$8:$AI$1000"),14,0)=$M$6)*1,"") | NN9: =IFERROR((VLOOKUP($B9,INDIRECT("'"&TEXT(NF$5,"dd-mm-yy")&"'!$B$8:$AI$1000"),14,0)=$N$6)*1,"") | NO9: =IFERROR((VLOOKUP($B9,INDIRECT("'"&TEXT(NF$5,"dd-mm-yy")&"'!$B$8:$AI$1000"),14,0)=$O$6)*1,"") | NP9: =IFERROR((VLOOKUP($B9,INDIRECT("'"&TEXT(NF$5,"dd-mm-yy")&"'!$B$8:$AI$1000"),16,0)=$P$6)*1,"") | NQ9: =IFERROR((VLOOKUP($B9,INDIRECT("'"&TEXT(NF$5,"dd-mm-yy")&"'!$B$8:$AI$1000"),16,0)=$Q$6)*1,"") | NR9: =IFERROR((VLOOKUP($B9,INDIRECT("'"&TEXT(NF$5,"dd-mm-yy")&"'!$B$8:$AI$1000"),17,0)=$R$6)*1,"") | NS9: =IFERROR((VLOOKUP($B9,INDIRECT("'"&TEXT(NF$5,"dd-mm-yy")&"'!$B$8:$AI$1000"),17,0)=$S$6)*1,"") | NT9: =IFERROR((VLOOKUP($B9,INDIRECT("'"&TEXT(NT$5,"dd-mm-yy")&"'!$B$8:$AI$1000"),13,0)=$F$6)*1,"") | NU9: =IFERROR((VLOOKUP($B9,INDIRECT("'"&TEXT(NT$5,"dd-mm-yy")&"'!$B$8:$AI$1000"),13,0)=$G$6)*1,"") | NV9: =IFERROR((VLOOKUP($B9,INDIRECT("'"&TEXT(NT$5,"dd-mm-yy")&"'!$B$8:$AI$1000"),14,0)=$H$6)*1,"") | NW9: =IFERROR((VLOOKUP($B9,INDIRECT("'"&TEXT(NT$5,"dd-mm-yy")&"'!$B$8:$AI$1000"),14,0)=$I$6)*1,"") | NX9: =IFERROR((VLOOKUP($B9,INDIRECT("'"&TEXT(NT$5,"dd-mm-yy")&"'!$B$8:$AI$1000"),14,0)=$J$6)*1,"") | NY9: =IFERROR((VLOOKUP($B9,INDIRECT("'"&TEXT(NT$5,"dd-mm-yy")&"'!$B$8:$AI$1000"),14,0)=$K$6)*1,"") | NZ9: =IFERROR((VLOOKUP($B9,INDIRECT("'"&TEXT(NT$5,"dd-mm-yy")&"'!$B$8:$AI$1000"),14,0)=$L$6)*1,"") | OA9: =IFERROR((VLOOKUP($B9,INDIRECT("'"&TEXT(NT$5,"dd-mm-yy")&"'!$B$8:$AI$1000"),14,0)=$M$6)*1,"") | OB9: =IFERROR((VLOOKUP($B9,INDIRECT("'"&TEXT(NT$5,"dd-mm-yy")&"'!$B$8:$AI$1000"),14,0)=$N$6)*1,"") | OC9: =IFERROR((VLOOKUP($B9,INDIRECT("'"&TEXT(NT$5,"dd-mm-yy")&"'!$B$8:$AI$1000"),14,0)=$O$6)*1,"") | OD9: =IFERROR((VLOOKUP($B9,INDIRECT("'"&TEXT(NT$5,"dd-mm-yy")&"'!$B$8:$AI$1000"),16,0)=$P$6)*1,"") | OE9: =IFERROR((VLOOKUP($B9,INDIRECT("'"&TEXT(NT$5,"dd-mm-yy")&"'!$B$8:$AI$1000"),16,0)=$Q$6)*1,"") | OF9: =IFERROR((VLOOKUP($B9,INDIRECT("'"&TEXT(NT$5,"dd-mm-yy")&"'!$B$8:$AI$1000"),17,0)=$R$6)*1,"") | OG9: =IFERROR((VLOOKUP($B9,INDIRECT("'"&TEXT(NT$5,"dd-mm-yy")&"'!$B$8:$AI$1000"),17,0)=$S$6)*1,"") | OH9: =IFERROR((VLOOKUP($B9,INDIRECT("'"&TEXT(OH$5,"dd-mm-yy")&"'!$B$8:$AI$1000"),13,0)=$F$6)*1,"") | OI9: =IFERROR((VLOOKUP($B9,INDIRECT("'"&TEXT(OH$5,"dd-mm-yy")&"'!$B$8:$AI$1000"),13,0)=$G$6)*1,"") | OJ9: =IFERROR((VLOOKUP($B9,INDIRECT("'"&TEXT(OH$5,"dd-mm-yy")&"'!$B$8:$AI$1000"),14,0)=$H$6)*1,"") | OK9: =IFERROR((VLOOKUP($B9,INDIRECT("'"&TEXT(OH$5,"dd-mm-yy")&"'!$B$8:$AI$1000"),14,0)=$I$6)*1,"") | OL9: =IFERROR((VLOOKUP($B9,INDIRECT("'"&TEXT(OH$5,"dd-mm-yy")&"'!$B$8:$AI$1000"),14,0)=$J$6)*1,"") | OM9: =IFERROR((VLOOKUP($B9,INDIRECT("'"&TEXT(OH$5,"dd-mm-yy")&"'!$B$8:$AI$1000"),14,0)=$K$6)*1,"") | ON9: =IFERROR((VLOOKUP($B9,INDIRECT("'"&TEXT(OH$5,"dd-mm-yy")&"'!$B$8:$AI$1000"),14,0)=$L$6)*1,"") | OO9: =IFERROR((VLOOKUP($B9,INDIRECT("'"&TEXT(OH$5,"dd-mm-yy")&"'!$B$8:$AI$1000"),14,0)=$M$6)*1,"") | OP9: =IFERROR((VLOOKUP($B9,INDIRECT("'"&TEXT(OH$5,"dd-mm-yy")&"'!$B$8:$AI$1000"),14,0)=$N$6)*1,"") | OQ9: =IFERROR((VLOOKUP($B9,INDIRECT("'"&TEXT(OH$5,"dd-mm-yy")&"'!$B$8:$AI$1000"),14,0)=$O$6)*1,"") | OR9: =IFERROR((VLOOKUP($B9,INDIRECT("'"&TEXT(OH$5,"dd-mm-yy")&"'!$B$8:$AI$1000"),16,0)=$P$6)*1,"") | OS9: =IFERROR((VLOOKUP($B9,INDIRECT("'"&TEXT(OH$5,"dd-mm-yy")&"'!$B$8:$AI$1000"),16,0)=$Q$6)*1,"") | OT9: =IFERROR((VLOOKUP($B9,INDIRECT("'"&TEXT(OH$5,"dd-mm-yy")&"'!$B$8:$AI$1000"),17,0)=$R$6)*1,"") | OU9: =IFERROR((VLOOKUP($B9,INDIRECT("'"&TEXT(OH$5,"dd-mm-yy")&"'!$B$8:$AI$1000"),17,0)=$S$6)*1,"") | OV9: =IFERROR((VLOOKUP($B9,INDIRECT("'"&TEXT(OV$5,"dd-mm-yy")&"'!$B$8:$AI$1000"),13,0)=$F$6)*1,"") | OW9: =IFERROR((VLOOKUP($B9,INDIRECT("'"&TEXT(OV$5,"dd-mm-yy")&"'!$B$8:$AI$1000"),13,0)=$G$6)*1,"") | OX9: =IFERROR((VLOOKUP($B9,INDIRECT("'"&TEXT(OV$5,"dd-mm-yy")&"'!$B$8:$AI$1000"),14,0)=$H$6)*1,"") | OY9: =IFERROR((VLOOKUP($B9,INDIRECT("'"&TEXT(OV$5,"dd-mm-yy")&"'!$B$8:$AI$1000"),14,0)=$I$6)*1,"") | OZ9: =IFERROR((VLOOKUP($B9,INDIRECT("'"&TEXT(OV$5,"dd-mm-yy")&"'!$B$8:$AI$1000"),14,0)=$J$6)*1,"") | PA9: =IFERROR((VLOOKUP($B9,INDIRECT("'"&TEXT(OV$5,"dd-mm-yy")&"'!$B$8:$AI$1000"),14,0)=$K$6)*1,"") | PB9: =IFERROR((VLOOKUP($B9,INDIRECT("'"&TEXT(OV$5,"dd-mm-yy")&"'!$B$8:$AI$1000"),14,0)=$L$6)*1,"") | PC9: =IFERROR((VLOOKUP($B9,INDIRECT("'"&TEXT(OV$5,"dd-mm-yy")&"'!$B$8:$AI$1000"),14,0)=$M$6)*1,"") | PD9: =IFERROR((VLOOKUP($B9,INDIRECT("'"&TEXT(OV$5,"dd-mm-yy")&"'!$B$8:$AI$1000"),14,0)=$N$6)*1,"") | PE9: =IFERROR((VLOOKUP($B9,INDIRECT("'"&TEXT(OV$5,"dd-mm-yy")&"'!$B$8:$AI$1000"),14,0)=$O$6)*1,"") | PF9: =IFERROR((VLOOKUP($B9,INDIRECT("'"&TEXT(OV$5,"dd-mm-yy")&"'!$B$8:$AI$1000"),16,0)=$P$6)*1,"") | PG9: =IFERROR((VLOOKUP($B9,INDIRECT("'"&TEXT(OV$5,"dd-mm-yy")&"'!$B$8:$AI$1000"),16,0)=$Q$6)*1,"") | PH9: =IFERROR((VLOOKUP($B9,INDIRECT("'"&TEXT(OV$5,"dd-mm-yy")&"'!$B$8:$AI$1000"),17,0)=$R$6)*1,"") | PI9: =IFERROR((VLOOKUP($B9,INDIRECT("'"&TEXT(OV$5,"dd-mm-yy")&"'!$B$8:$AI$1000"),17,0)=$S$6)*1,"") | PJ9: =IFERROR((VLOOKUP($B9,INDIRECT("'"&TEXT(PJ$5,"dd-mm-yy")&"'!$B$8:$AI$1000"),13,0)=$F$6)*1,"") | PK9: =IFERROR((VLOOKUP($B9,INDIRECT("'"&TEXT(PJ$5,"dd-mm-yy")&"'!$B$8:$AI$1000"),13,0)=$G$6)*1,"") | PL9: =IFERROR((VLOOKUP($B9,INDIRECT("'"&TEXT(PJ$5,"dd-mm-yy")&"'!$B$8:$AI$1000"),14,0)=$H$6)*1,"") | PM9: =IFERROR((VLOOKUP($B9,INDIRECT("'"&TEXT(PJ$5,"dd-mm-yy")&"'!$B$8:$AI$1000"),14,0)=$I$6)*1,"") | PN9: =IFERROR((VLOOKUP($B9,INDIRECT("'"&TEXT(PJ$5,"dd-mm-yy")&"'!$B$8:$AI$1000"),14,0)=$J$6)*1,"") | PO9: =IFERROR((VLOOKUP($B9,INDIRECT("'"&TEXT(PJ$5,"dd-mm-yy")&"'!$B$8:$AI$1000"),14,0)=$K$6)*1,"") | PP9: =IFERROR((VLOOKUP($B9,INDIRECT("'"&TEXT(PJ$5,"dd-mm-yy")&"'!$B$8:$AI$1000"),14,0)=$L$6)*1,"") | PQ9: =IFERROR((VLOOKUP($B9,INDIRECT("'"&TEXT(PJ$5,"dd-mm-yy")&"'!$B$8:$AI$1000"),14,0)=$M$6)*1,"") | PR9: =IFERROR((VLOOKUP($B9,INDIRECT("'"&TEXT(PJ$5,"dd-mm-yy")&"'!$B$8:$AI$1000"),14,0)=$N$6)*1,"") | PS9: =IFERROR((VLOOKUP($B9,INDIRECT("'"&TEXT(PJ$5,"dd-mm-yy")&"'!$B$8:$AI$1000"),14,0)=$O$6)*1,"") | PT9: =IFERROR((VLOOKUP($B9,INDIRECT("'"&TEXT(PJ$5,"dd-mm-yy")&"'!$B$8:$AI$1000"),16,0)=$P$6)*1,"") | PU9: =IFERROR((VLOOKUP($B9,INDIRECT("'"&TEXT(PJ$5,"dd-mm-yy")&"'!$B$8:$AI$1000"),16,0)=$Q$6)*1,"") | PV9: =IFERROR((VLOOKUP($B9,INDIRECT("'"&TEXT(PJ$5,"dd-mm-yy")&"'!$B$8:$AI$1000"),17,0)=$R$6)*1,"") | PW9: =IFERROR((VLOOKUP($B9,INDIRECT("'"&TEXT(PJ$5,"dd-mm-yy")&"'!$B$8:$AI$1000"),17,0)=$S$6)*1,"") | PX9: =IFERROR((VLOOKUP($B9,INDIRECT("'"&TEXT(PX$5,"dd-mm-yy")&"'!$B$8:$AI$1000"),13,0)=$F$6)*1,"") | PY9: =IFERROR((VLOOKUP($B9,INDIRECT("'"&TEXT(PX$5,"dd-mm-yy")&"'!$B$8:$AI$1000"),13,0)=$G$6)*1,"") | PZ9: =IFERROR((VLOOKUP($B9,INDIRECT("'"&TEXT(PX$5,"dd-mm-yy")&"'!$B$8:$AI$1000"),14,0)=$H$6)*1,"") | QA9: =IFERROR((VLOOKUP($B9,INDIRECT("'"&TEXT(PX$5,"dd-mm-yy")&"'!$B$8:$AI$1000"),14,0)=$I$6)*1,"") | QB9: =IFERROR((VLOOKUP($B9,INDIRECT("'"&TEXT(PX$5,"dd-mm-yy")&"'!$B$8:$AI$1000"),14,0)=$J$6)*1,"") | QC9: =IFERROR((VLOOKUP($B9,INDIRECT("'"&TEXT(PX$5,"dd-mm-yy")&"'!$B$8:$AI$1000"),14,0)=$K$6)*1,"") | QD9: =IFERROR((VLOOKUP($B9,INDIRECT("'"&TEXT(PX$5,"dd-mm-yy")&"'!$B$8:$AI$1000"),14,0)=$L$6)*1,"") | QE9: =IFERROR((VLOOKUP($B9,INDIRECT("'"&TEXT(PX$5,"dd-mm-yy")&"'!$B$8:$AI$1000"),14,0)=$M$6)*1,"") | QF9: =IFERROR((VLOOKUP($B9,INDIRECT("'"&TEXT(PX$5,"dd-mm-yy")&"'!$B$8:$AI$1000"),14,0)=$N$6)*1,"") | QG9: =IFERROR((VLOOKUP($B9,INDIRECT("'"&TEXT(PX$5,"dd-mm-yy")&"'!$B$8:$AI$1000"),14,0)=$O$6)*1,"") | QH9: =IFERROR((VLOOKUP($B9,INDIRECT("'"&TEXT(PX$5,"dd-mm-yy")&"'!$B$8:$AI$1000"),16,0)=$P$6)*1,"") | QI9: =IFERROR((VLOOKUP($B9,INDIRECT("'"&TEXT(PX$5,"dd-mm-yy")&"'!$B$8:$AI$1000"),16,0)=$Q$6)*1,"") | QJ9: =IFERROR((VLOOKUP($B9,INDIRECT("'"&TEXT(PX$5,"dd-mm-yy")&"'!$B$8:$AI$1000"),17,0)=$R$6)*1,"") | QK9: =IFERROR((VLOOKUP($B9,INDIRECT("'"&TEXT(PX$5,"dd-mm-yy")&"'!$B$8:$AI$1000"),17,0)=$S$6)*1,"")
